Workbook

Sheet Смета 12 гр. по ФЕР
A1: =Source!B1 -> Smeta.RU (495) 974-1589 | I1: Приложение 1 к форме 6
B4: СМЕТА
B5: =IF(Source!G20<>"Новая локальная смета", Source!G20, "")
B7: =IF(Source!G12<>"Новый объект", Source!G12, "") -> на изготовление и монтаж сборборно-разборных конструкций детектора ТРЕК НИЯУ МИФИ по адресу:г.Москва,Каширское шоссе,д.31,стр.37А | AD7: =IF(Source!G12<>"Новый объект", Source!G12, "") -> на изготовление и монтаж сборборно-разборных конструкций детектора ТРЕК НИЯУ МИФИ по адресу:г.Москва,Каширское шоссе,д.31,стр.37А
G10: базовая цена | I10: текущая цена
C11: Сметная стоимость | G11: =SUM(O22:O1373)/1000 -> 1539.9157 | I11: =(Source!F830/1000) -> 11920.178 | K11: тыс. руб.
C12: Строительные работы | G12: =SUM(W22:W1373)/1000 -> 1527.7967 | I12: =(Source!F817)/1000 -> 10022.346 | K12: тыс. руб.
C13: Монтажные работы | G13: =SUM(X22:X1373)/1000 -> 12.11895 | I13: =(Source!F818)/1000 -> 79.50027 | K13: тыс. руб.
C14: Оборудование | G14: =SUM(Y22:Y1373)/1000 -> 0 | I14: =(Source!F809)/1000 -> 0 | K14: тыс. руб.
C15: Прочие работы | G15: =SUM(Z22:Z1373)/1000 -> 0 | I15: =(Source!F819+Source!F820)/1000 -> 0 | K15: тыс. руб.
C16: Нормативная трудоемкость | G16: =I16 -> 7831.6194 | I16: =(Source!F822+Source!F823) -> 7831.6194 | K16: чел. -ч.
C17: Средства на оплату труда | G17: =SUM(R22:R1373)/1000 -> 73.42984 | I17: =(Source!F815+ Source!F814)/1000 -> 481.69946 | K17: тыс. руб.
A19: Составлена в ценах II квартал 2018 года
A20: № п/п | B20: Шифр расценки и коды ресурсов | C20: Наименование работ и затрат | D20: Ед. изм. | E20: Кол-во единиц | F20: Цена на ед. изм. | G20: Попра-вочные коэфф. | H20: Стоимость в ценах 2001г. | I20: Пункт коэфф. пересчета | J20: Коэфф. пересчета | K20: Стоимость в текущих ценах | L20: ЗТР всего чел.-час
A21: 1 | B21: 2 | C21: 3 | D21: 4 | E21: 5 | F21: 6 | G21: 7 | H21: 8 | I21: 9 | J21: 10 | K21: 11 | L21: 12
A22: =CONCATENATE("Раздел: ",IF(Source!G24<>"Новый раздел", Source!G24, "")) -> Раздел: 1 Конструктивные решения ниже отметки 0,00
A23: =Source!E28 -> 1 | B23: =Source!F28 -> 01-02-056-02 | C23: =Source!G28 -> Разработка грунта вручную в траншеях шириной более 2 м и котлованах площадью сечения до 5 м2 с креплениями, глубина траншей и котлованов до 2 м, группа грунтов 2 | D23: =Source!H28 -> 100 м3 | E23: =Source!I28 -> 1.2611 | F23: =Source!AL28+Source!AM28+Source!AO28 -> 1952.54 | I23: =Source!BO28 | S23: =ROUND((Source!FX28/100)*((ROUND(Source!AF28*Source!I28, 2)+ROUND(Source!AE28*Source!I28, 2))), 2) -> 2265.36 | T23: =Source!X28 -> 14860.76 | U23: =ROUND((Source!FY28/100)*((ROUND(Source!AF28*Source!I28, 2)+ROUND(Source!AE28*Source!I28, 2))), 2) -> 1274.27 | V23: =Source!Y28 -> 8359.18
C24: ="Объем: "&Source!I28&"=126,11/"&"100" -> Объем: 1,2611=126,11/100
C25: Зарплата | F25: =Source!AO28 -> 1952.54 | G25: =Source!DG28 -> )*1,15 | H25: =ROUND(Source!AF28*Source!I28, 2) -> 2831.7 | J25: =IF(Source!BA28<> 0, Source!BA28, 1) -> 6.56 | K25: =Source!S28 -> 18575.95 | R25: =H25 -> 2831.7
C26: НР от ФОТ | D26: % | E26: =Source!BZ28 -> 80 | H26: =SUM(S23:S28) -> 2265.36 | J26: =Source!AT28 -> 80 | K26: =SUM(T23:T28) -> 14860.76
C27: СП от ФОТ | D27: % | E27: =Source!CA28 -> 45 | H27: =SUM(U23:U28) -> 1274.27 | J27: =Source!AU28 -> 45 | K27: =SUM(V23:V28) -> 8359.18
C28: Затраты труда | D28: чел-ч | E28: =Source!AQ28 -> 233 | G28: =Source!DI28 -> )*1,15 | L28: =Source!U28 -> 337.91174
G29: =H25+H26+H27 -> 6371.33 | J29: =K25+K26+K27 -> 41795.89 | L29: =Source!U28 -> 337.91174 | O29: =G29 -> 6371.33 | P29: =J29 -> 41795.89 | Q29: =L29 -> 337.91174 | W29: =IF(Source!BI28<=1,H25+H26+H27, 0) -> 6371.33 | X29: =IF(Source!BI28=2,H25+H26+H27, 0) -> 0 | Y29: =IF(Source!BI28=3,H25+H26+H27, 0) -> 0 | Z29: =IF(Source!BI28=4,H25+H26+H27, 0) -> 0
A30: =Source!E29 -> 2 | B30: =Source!F29 -> 04-01-041-02 | C30: =Source!G29 -> Шнековое бурение скважин станками типа СО-2 глубиной бурения до 12 м в грунтах группы 2 | D30: =Source!H29 -> 100 м | E30: =Source!I29 -> 2.1658 | F30: =Source!AL29+Source!AM29+Source!AO29 -> 2795.67 | I30: =Source!BO29 | S30: =ROUND((Source!FX29/100)*((ROUND(Source!AF29*Source!I29, 2)+ROUND(Source!AE29*Source!I29, 2))), 2) -> 1193.56 | T30: =Source!X29 -> 7829.77 | U30: =ROUND((Source!FY29/100)*((ROUND(Source!AF29*Source!I29, 2)+ROUND(Source!AE29*Source!I29, 2))), 2) -> 543.5 | V30: =Source!Y29 -> 3565.34
C31: ="Объем: "&Source!I29&"=216,58/"&"100" -> Объем: 2,1658=216,58/100
C32: Зарплата | F32: =Source!AO29 -> 243.48 | G32: =Source!DG29 -> )*1,15 | H32: =ROUND(Source!AF29*Source!I29, 2) -> 606.42 | J32: =IF(Source!BA29<> 0, Source!BA29, 1) -> 6.56 | K32: =Source!S29 -> 3978.14 | R32: =H32 -> 606.42
C33: Эксплуатация машин | F33: =Source!AM29 -> 2552.19 | G33: =Source!DE29 -> )*1,25 | H33: =ROUND(Source!AD29*Source!I29, 2) -> 6909.42 | J33: =IF(Source!BB29<> 0, Source!BB29, 1) -> 6.56 | K33: =Source!Q29 -> 45325.81
C34: в т.ч. зарплата машинистов | F34: =Source!AN29 -> 169.64 | G34: =Source!DF29 -> )*1,25 | H34: =ROUND(Source!AE29*Source!I29, 2) -> 459.26 | J34: =IF(Source!BS29<> 0, Source!BS29, 1) -> 6.56 | K34: =Source!R29 -> 3012.73 | R34: =H34 -> 459.26
C35: НР от ФОТ | D35: % | E35: =Source!BZ29 -> 112 | H35: =SUM(S30:S40) -> 1193.56 | J35: =Source!AT29 -> 112 | K35: =SUM(T30:T40) -> 7829.77
C36: СП от ФОТ | D36: % | E36: =Source!CA29 -> 51 | H36: =SUM(U30:U40) -> 543.5 | J36: =Source!AU29 -> 51 | K36: =SUM(V30:V40) -> 3565.34
C37: Затраты труда | D37: чел-ч | E37: =Source!AQ29 -> 25.31 | G37: =Source!DI29 -> )*1,15 | L37: =Source!U29 -> 63.038858
A38: =Source!E30 -> 2,1 | B38: =Source!F30 -> 01.4.01.03 | C38: =Source!G30 -> Долота шнековые | D38: =Source!H30 -> шт. | E38: =Source!I30 -> 0.103958 | F38: =Source!AL30+Source!AM30+Source!AO30 -> 0 | H38: =ROUND(Source!AC30*Source!I30, 2)+ROUND(Source!AD30*Source!I30, 2)+ROUND(Source!AF30*Source!I30, 2) -> 0 | J38: =IF(Source!BC30<> 0, Source!BC30, 1) -> 6.56 | K38: =Source!O30 -> 0 | S38: =ROUND((Source!FX30/100)*((ROUND(Source!AF30*Source!I30, 2)+ROUND(Source!AE30*Source!I30, 2))), 2) -> 0 | T38: =Source!X30 -> 0 | U38: =ROUND((Source!FY30/100)*((ROUND(Source!AF30*Source!I30, 2)+ROUND(Source!AE30*Source!I30, 2))), 2) -> 0 | V38: =Source!Y30 -> 0 | W38: =IF(Source!BI30<=1,H38, 0) -> 0 | X38: =IF(Source!BI30=2,H38, 0) -> 0 | Y38: =IF(Source!BI30=3,H38, 0) -> 0 | Z38: =IF(Source!BI30=4,H38, 0) -> 0
A39: =Source!E31 -> 2,2 | B39: =Source!F31 -> 01.4.01.03-0153 | C39: =Source!G31 -> Долота шнековые диаметром 250 мм | D39: =Source!H31 -> шт. | E39: =Source!I31 -> 1 | F39: =Source!AL31+Source!AM31+Source!AO31 -> 699.6 | H39: =ROUND(Source!AC31*Source!I31, 2)+ROUND(Source!AD31*Source!I31, 2)+ROUND(Source!AF31*Source!I31, 2) -> 699.6 | J39: =IF(Source!BC31<> 0, Source!BC31, 1) -> 6.56 | K39: =Source!O31 -> 4589.38 | S39: =ROUND((Source!FX31/100)*((ROUND(Source!AF31*Source!I31, 2)+ROUND(Source!AE31*Source!I31, 2))), 2) -> 0 | T39: =Source!X31 -> 0 | U39: =ROUND((Source!FY31/100)*((ROUND(Source!AF31*Source!I31, 2)+ROUND(Source!AE31*Source!I31, 2))), 2) -> 0 | V39: =Source!Y31 -> 0 | W39: =IF(Source!BI31<=1,H39, 0) -> 699.6 | X39: =IF(Source!BI31=2,H39, 0) -> 0 | Y39: =IF(Source!BI31=3,H39, 0) -> 0 | Z39: =IF(Source!BI31=4,H39, 0) -> 0
A40: =Source!E32 -> 2,3 | B40: =Source!F32 -> 01.4.01.10-0016 | C40: =Source!G32 -> Шнек диаметром 135 мм | D40: =Source!H32 -> шт. | E40: =Source!I32 -> 17 | F40: =Source!AL32+Source!AM32+Source!AO32 -> 597 | H40: =ROUND(Source!AC32*Source!I32, 2)+ROUND(Source!AD32*Source!I32, 2)+ROUND(Source!AF32*Source!I32, 2) -> 10149 | J40: =IF(Source!BC32<> 0, Source!BC32, 1) -> 6.56 | K40: =Source!O32 -> 66577.44 | S40: =ROUND((Source!FX32/100)*((ROUND(Source!AF32*Source!I32, 2)+ROUND(Source!AE32*Source!I32, 2))), 2) -> 0 | T40: =Source!X32 -> 0 | U40: =ROUND((Source!FY32/100)*((ROUND(Source!AF32*Source!I32, 2)+ROUND(Source!AE32*Source!I32, 2))), 2) -> 0 | V40: =Source!Y32 -> 0 | W40: =IF(Source!BI32<=1,H40, 0) -> 10149 | X40: =IF(Source!BI32=2,H40, 0) -> 0 | Y40: =IF(Source!BI32=3,H40, 0) -> 0 | Z40: =IF(Source!BI32=4,H40, 0) -> 0
G41: =H32+H33+H35+H36+SUM(H38:H40) -> 20101.5 | J41: =K32+K33+K35+K36+SUM(K38:K40) -> 131865.88 | L41: =Source!U29 -> 63.038858 | O41: =G41 -> 20101.5 | P41: =J41 -> 131865.88 | Q41: =L41 -> 63.038858 | W41: =IF(Source!BI29<=1,H32+H33+H35+H36, 0) -> 9252.9 | X41: =IF(Source!BI29=2,H32+H33+H35+H36, 0) -> 0 | Y41: =IF(Source!BI29=3,H32+H33+H35+H36, 0) -> 0 | Z41: =IF(Source!BI29=4,H32+H33+H35+H36, 0) -> 0
A42: =Source!E33 -> 3 | B42: =Source!F33 -> 04-02-010-02 | C42: =Source!G33 -> Крепление скважины глубиной до 50 м при шнековом бурении трубами с муфтовым соединением, группа грунтов по устойчивости 2 | D42: =Source!H33 -> 10 м | E42: =Source!I33 -> 21.658 | F42: =Source!AL33+Source!AM33+Source!AO33 -> 297.56 | I42: =Source!BO33 | S42: =ROUND((Source!FX33/100)*((ROUND(Source!AF33*Source!I33, 2)+ROUND(Source!AE33*Source!I33, 2))), 2) -> 1926 | T42: =Source!X33 -> 12634.57 | U42: =ROUND((Source!FY33/100)*((ROUND(Source!AF33*Source!I33, 2)+ROUND(Source!AE33*Source!I33, 2))), 2) -> 877.02 | V42: =Source!Y33 -> 5753.24
C43: ="Объем: "&Source!I33&"=216,58/"&"10" -> Объем: 21,658=216,58/10
C44: Зарплата | F44: =Source!AO33 -> 25.01 | G44: =Source!DG33 -> )*1,15 | H44: =ROUND(Source!AF33*Source!I33, 2) -> 622.88 | J44: =IF(Source!BA33<> 0, Source!BA33, 1) -> 6.56 | K44: =Source!S33 -> 4086.12 | R44: =H44 -> 622.88
C45: Эксплуатация машин | F45: =Source!AM33 -> 267.89 | G45: =Source!DE33 -> )*1,25 | H45: =ROUND(Source!AD33*Source!I33, 2) -> 7252.61 | J45: =IF(Source!BB33<> 0, Source!BB33, 1) -> 6.56 | K45: =Source!Q33 -> 47577.15
C46: в т.ч. зарплата машинистов | F46: =Source!AN33 -> 40.51 | G46: =Source!DF33 -> )*1,25 | H46: =ROUND(Source!AE33*Source!I33, 2) -> 1096.76 | J46: =IF(Source!BS33<> 0, Source!BS33, 1) -> 6.56 | K46: =Source!R33 -> 7194.75 | R46: =H46 -> 1096.76
C47: Материальные ресурсы | F47: =Source!AL33 -> 4.66 | G47: =Source!DD33 | H47: =ROUND(Source!AC33*Source!I33, 2) -> 100.93 | J47: =IF(Source!BC33<> 0, Source!BC33, 1) -> 6.56 | K47: =Source!P33 -> 662.08
C48: НР от ФОТ | D48: % | E48: =Source!BZ33 -> 112 | H48: =SUM(S42:S51) -> 1926 | J48: =Source!AT33 -> 112 | K48: =SUM(T42:T51) -> 12634.57
C49: СП от ФОТ | D49: % | E49: =Source!CA33 -> 51 | H49: =SUM(U42:U51) -> 877.02 | J49: =Source!AU33 -> 51 | K49: =SUM(V42:V51) -> 5753.24
C50: Затраты труда | D50: чел-ч | E50: =Source!AQ33 -> 2.6 | G50: =Source!DI33 -> )*1,15 | L50: =Source!U33 -> 64.75742
A51: =Source!E34 -> 3,1 | B51: =Source!F34 -> 23.3.01.04-0047 | C51: =Source!G34 -> Трубы бесшовные обсадные из стали группы Д и Б с короткой треугольной резьбой, наружным диаметром 273 мм, толщина стенки 8,9 мм | D51: =Source!H34 -> м | E51: =Source!I34 -> 43.316 | F51: =Source!AL34+Source!AM34+Source!AO34 -> 610.61 | H51: =ROUND(Source!AC34*Source!I34, 2)+ROUND(Source!AD34*Source!I34, 2)+ROUND(Source!AF34*Source!I34, 2) -> 26449.18 | J51: =IF(Source!BC34<> 0, Source!BC34, 1) -> 6.56 | K51: =Source!O34 -> 173506.64 | S51: =ROUND((Source!FX34/100)*((ROUND(Source!AF34*Source!I34, 2)+ROUND(Source!AE34*Source!I34, 2))), 2) -> 0 | T51: =Source!X34 -> 0 | U51: =ROUND((Source!FY34/100)*((ROUND(Source!AF34*Source!I34, 2)+ROUND(Source!AE34*Source!I34, 2))), 2) -> 0 | V51: =Source!Y34 -> 0 | W51: =IF(Source!BI34<=1,H51, 0) -> 26449.18 | X51: =IF(Source!BI34=2,H51, 0) -> 0 | Y51: =IF(Source!BI34=3,H51, 0) -> 0 | Z51: =IF(Source!BI34=4,H51, 0) -> 0
G52: =H44+H45+H47+H48+H49+SUM(H51:H51) -> 37228.62 | J52: =K44+K45+K47+K48+K49+SUM(K51:K51) -> 244219.8 | L52: =Source!U33 -> 64.75742 | O52: =G52 -> 37228.62 | P52: =J52 -> 244219.8 | Q52: =L52 -> 64.75742 | W52: =IF(Source!BI33<=1,H44+H45+H47+H48+H49, 0) -> 10779.44 | X52: =IF(Source!BI33=2,H44+H45+H47+H48+H49, 0) -> 0 | Y52: =IF(Source!BI33=3,H44+H45+H47+H48+H49, 0) -> 0 | Z52: =IF(Source!BI33=4,H44+H45+H47+H48+H49, 0) -> 0
A53: =Source!E35 -> 4 | B53: =Source!F35 -> 05-01-061-01 | C53: =Source!G35 -> Установка в скважину арматурного каркаса | D53: =Source!H35 -> ШТ | E53: =Source!I35 -> 34 | F53: =Source!AL35+Source!AM35+Source!AO35 -> 431.96 | I53: =Source!BO35 | S53: =ROUND((Source!FX35/100)*((ROUND(Source!AF35*Source!I35, 2)+ROUND(Source!AE35*Source!I35, 2))), 2) -> 4427.07 | T53: =Source!X35 -> 29041.6 | U53: =ROUND((Source!FY35/100)*((ROUND(Source!AF35*Source!I35, 2)+ROUND(Source!AE35*Source!I35, 2))), 2) -> 2724.35 | V53: =Source!Y35 -> 17871.75
C54: Зарплата | F54: =Source!AO35 -> 33.37 | G54: =Source!DG35 -> )*1,15 | H54: =ROUND(Source!AF35*Source!I35, 2) -> 1304.92 | J54: =IF(Source!BA35<> 0, Source!BA35, 1) -> 6.56 | K54: =Source!S35 -> 8560.28 | R54: =H54 -> 1304.92
C55: Эксплуатация машин | F55: =Source!AM35 -> 386.21 | G55: =Source!DE35 -> )*1,25 | H55: =ROUND(Source!AD35*Source!I35, 2) -> 16414.18 | J55: =IF(Source!BB35<> 0, Source!BB35, 1) -> 6.56 | K55: =Source!Q35 -> 107677.02
C56: в т.ч. зарплата машинистов | F56: =Source!AN35 -> 49.42 | G56: =Source!DF35 -> )*1,25 | H56: =ROUND(Source!AE35*Source!I35, 2) -> 2100.52 | J56: =IF(Source!BS35<> 0, Source!BS35, 1) -> 6.56 | K56: =Source!R35 -> 13779.41 | R56: =H56 -> 2100.52
C57: Материальные ресурсы | F57: =Source!AL35 -> 12.38 | G57: =Source!DD35 | H57: =ROUND(Source!AC35*Source!I35, 2) -> 420.92 | J57: =IF(Source!BC35<> 0, Source!BC35, 1) -> 6.56 | K57: =Source!P35 -> 2761.24
C58: НР от ФОТ | D58: % | E58: =Source!BZ35 -> 130 | H58: =SUM(S53:S62) -> 4427.07 | J58: =Source!AT35 -> 130 | K58: =SUM(T53:T62) -> 29041.6
C59: СП от ФОТ | D59: % | E59: =Source!CA35 -> 80 | H59: =SUM(U53:U62) -> 2724.35 | J59: =Source!AU35 -> 80 | K59: =SUM(V53:V62) -> 17871.75
C60: Затраты труда | D60: чел-ч | E60: =Source!AQ35 -> 3.55 | G60: =Source!DI35 -> )*1,15 | L60: =Source!U35 -> 138.805
A61: =Source!E36 -> 4,1 | B61: =Source!F36 -> 08.4.03.03-0032 | C61: =Source!G36 -> Горячекатаная арматурная сталь периодического профиля класса А-III, диаметром 12 мм | D61: =Source!H36 -> т | E61: =Source!I36 -> 1.64254 | F61: =Source!AL36+Source!AM36+Source!AO36 -> 7997.23 | H61: =ROUND(Source!AC36*Source!I36, 2)+ROUND(Source!AD36*Source!I36, 2)+ROUND(Source!AF36*Source!I36, 2) -> 13135.77 | J61: =IF(Source!BC36<> 0, Source!BC36, 1) -> 6.56 | K61: =Source!O36 -> 86170.65 | S61: =ROUND((Source!FX36/100)*((ROUND(Source!AF36*Source!I36, 2)+ROUND(Source!AE36*Source!I36, 2))), 2) -> 0 | T61: =Source!X36 -> 0 | U61: =ROUND((Source!FY36/100)*((ROUND(Source!AF36*Source!I36, 2)+ROUND(Source!AE36*Source!I36, 2))), 2) -> 0 | V61: =Source!Y36 -> 0 | W61: =IF(Source!BI36<=1,H61, 0) -> 13135.77 | X61: =IF(Source!BI36=2,H61, 0) -> 0 | Y61: =IF(Source!BI36=3,H61, 0) -> 0 | Z61: =IF(Source!BI36=4,H61, 0) -> 0
A62: =Source!E37 -> 4,2 | B62: =Source!F37 -> 08.4.02.03-0001 | C62: =Source!G37 -> Каркасы арматурные класса А-I диаметром 8 мм | D62: =Source!H37 -> т | E62: =Source!I37 -> 0.14484 | F62: =Source!AL37+Source!AM37+Source!AO37 -> 7325.47 | H62: =ROUND(Source!AC37*Source!I37, 2)+ROUND(Source!AD37*Source!I37, 2)+ROUND(Source!AF37*Source!I37, 2) -> 1061.02 | J62: =IF(Source!BC37<> 0, Source!BC37, 1) -> 6.56 | K62: =Source!O37 -> 6960.3 | S62: =ROUND((Source!FX37/100)*((ROUND(Source!AF37*Source!I37, 2)+ROUND(Source!AE37*Source!I37, 2))), 2) -> 0 | T62: =Source!X37 -> 0 | U62: =ROUND((Source!FY37/100)*((ROUND(Source!AF37*Source!I37, 2)+ROUND(Source!AE37*Source!I37, 2))), 2) -> 0 | V62: =Source!Y37 -> 0 | W62: =IF(Source!BI37<=1,H62, 0) -> 1061.02 | X62: =IF(Source!BI37=2,H62, 0) -> 0 | Y62: =IF(Source!BI37=3,H62, 0) -> 0 | Z62: =IF(Source!BI37=4,H62, 0) -> 0
G63: =H54+H55+H57+H58+H59+SUM(H61:H62) -> 39488.23 | J63: =K54+K55+K57+K58+K59+SUM(K61:K62) -> 259042.84 | L63: =Source!U35 -> 138.805 | O63: =G63 -> 39488.23 | P63: =J63 -> 259042.84 | Q63: =L63 -> 138.805 | W63: =IF(Source!BI35<=1,H54+H55+H57+H58+H59, 0) -> 25291.44 | X63: =IF(Source!BI35=2,H54+H55+H57+H58+H59, 0) -> 0 | Y63: =IF(Source!BI35=3,H54+H55+H57+H58+H59, 0) -> 0 | Z63: =IF(Source!BI35=4,H54+H55+H57+H58+H59, 0) -> 0
A64: =Source!E38 -> 5 | B64: =Source!F38 -> 05-01-009-01 | C64: =Source!G38 -> Заполнение бетоном полых свай и свай-оболочек диаметром до 80 см | D64: =Source!H38 -> м3 | E64: =Source!I38 -> 10.88 | F64: =Source!AL38+Source!AM38+Source!AO38 -> 971.23 | I64: =Source!BO38 | S64: =ROUND((Source!FX38/100)*((ROUND(Source!AF38*Source!I38, 2)+ROUND(Source!AE38*Source!I38, 2))), 2) -> 1100.97 | T64: =Source!X38 -> 7222.36 | U64: =ROUND((Source!FY38/100)*((ROUND(Source!AF38*Source!I38, 2)+ROUND(Source!AE38*Source!I38, 2))), 2) -> 677.52 | V64: =Source!Y38 -> 4444.53
C65: Зарплата | F65: =Source!AO38 -> 49.35 | G65: =Source!DG38 | H65: =ROUND(Source!AF38*Source!I38, 2) -> 536.93 | J65: =IF(Source!BA38<> 0, Source!BA38, 1) -> 6.56 | K65: =Source!S38 -> 3522.25 | R65: =H65 -> 536.93
C66: Эксплуатация машин | F66: =Source!AM38 -> 205.11 | G66: =Source!DE38 | H66: =ROUND(Source!AD38*Source!I38, 2) -> 2231.6 | J66: =IF(Source!BB38<> 0, Source!BB38, 1) -> 6.56 | K66: =Source!Q38 -> 14639.28
C67: в т.ч. зарплата машинистов | F67: =Source!AN38 -> 28.49 | G67: =Source!DF38 | H67: =ROUND(Source!AE38*Source!I38, 2) -> 309.97 | J67: =IF(Source!BS38<> 0, Source!BS38, 1) -> 6.56 | K67: =Source!R38 -> 2033.41 | R67: =H67 -> 309.97
C68: Материальные ресурсы | F68: =Source!AL38 -> 716.77 | G68: =Source!DD38 | H68: =ROUND(Source!AC38*Source!I38, 2) -> 7798.46 | J68: =IF(Source!BC38<> 0, Source!BC38, 1) -> 6.56 | K68: =Source!P38 -> 51157.88
C69: НР от ФОТ | D69: % | E69: =Source!BZ38 -> 130 | H69: =SUM(S64:S73) -> 1100.97 | J69: =Source!AT38 -> 130 | K69: =SUM(T64:T73) -> 7222.36
C70: СП от ФОТ | D70: % | E70: =Source!CA38 -> 80 | H70: =SUM(U64:U73) -> 677.52 | J70: =Source!AU38 -> 80 | K70: =SUM(V64:V73) -> 4444.53
C71: Затраты труда | D71: чел-ч | E71: =Source!AQ38 -> 5.57 | G71: =Source!DI38 | L71: =Source!U38 -> 60.6016
A72: =Source!E39 -> 5,1 | B72: =Source!F39 -> 04.1.02.05-0006 | C72: =Source!G39 -> Бетон тяжелый, класс В15 (М200) | D72: =Source!H39 -> м3 | E72: =Source!I39 -> -11.0976 | F72: =Source!AL39+Source!AM39+Source!AO39 -> 592.76 | H72: =ROUND(Source!AC39*Source!I39, 2)+ROUND(Source!AD39*Source!I39, 2)+ROUND(Source!AF39*Source!I39, 2) -> -6578.21 | J72: =IF(Source!BC39<> 0, Source!BC39, 1) -> 6.56 | K72: =Source!O39 -> -43153.08 | S72: =ROUND((Source!FX39/100)*((ROUND(Source!AF39*Source!I39, 2)+ROUND(Source!AE39*Source!I39, 2))), 2) -> 0 | T72: =Source!X39 -> 0 | U72: =ROUND((Source!FY39/100)*((ROUND(Source!AF39*Source!I39, 2)+ROUND(Source!AE39*Source!I39, 2))), 2) -> 0 | V72: =Source!Y39 -> 0 | W72: =IF(Source!BI39<=1,H72, 0) -> -6578.21 | X72: =IF(Source!BI39=2,H72, 0) -> 0 | Y72: =IF(Source!BI39=3,H72, 0) -> 0 | Z72: =IF(Source!BI39=4,H72, 0) -> 0
A73: =Source!E40 -> 5,2 | B73: =Source!F40 -> 04.3.02.04-0154 | C73: =Source!G40 -> Смеси бетонные, БСГ, тяжелого бетона на гранитном щебне, фракция 5-20 мм, класс В25 (М350), П3, F150, W6 | D73: =Source!H40 -> м3 | E73: =Source!I40 -> 11.0976 | F73: =Source!AL40+Source!AM40+Source!AO40 -> 745.24 | H73: =ROUND(Source!AC40*Source!I40, 2)+ROUND(Source!AD40*Source!I40, 2)+ROUND(Source!AF40*Source!I40, 2) -> 8270.38 | J73: =IF(Source!BC40<> 0, Source!BC40, 1) -> 6.56 | K73: =Source!O40 -> 54253.66 | S73: =ROUND((Source!FX40/100)*((ROUND(Source!AF40*Source!I40, 2)+ROUND(Source!AE40*Source!I40, 2))), 2) -> 0 | T73: =Source!X40 -> 0 | U73: =ROUND((Source!FY40/100)*((ROUND(Source!AF40*Source!I40, 2)+ROUND(Source!AE40*Source!I40, 2))), 2) -> 0 | V73: =Source!Y40 -> 0 | W73: =IF(Source!BI40<=1,H73, 0) -> 8270.38 | X73: =IF(Source!BI40=2,H73, 0) -> 0 | Y73: =IF(Source!BI40=3,H73, 0) -> 0 | Z73: =IF(Source!BI40=4,H73, 0) -> 0
G74: =H65+H66+H68+H69+H70+SUM(H72:H73) -> 14037.65 | J74: =K65+K66+K68+K69+K70+SUM(K72:K73) -> 92086.88 | L74: =Source!U38 -> 60.6016 | O74: =G74 -> 14037.65 | P74: =J74 -> 92086.88 | Q74: =L74 -> 60.6016 | W74: =IF(Source!BI38<=1,H65+H66+H68+H69+H70, 0) -> 12345.48 | X74: =IF(Source!BI38=2,H65+H66+H68+H69+H70, 0) -> 0 | Y74: =IF(Source!BI38=3,H65+H66+H68+H69+H70, 0) -> 0 | Z74: =IF(Source!BI38=4,H65+H66+H68+H69+H70, 0) -> 0
A75: =Source!E41 -> 6 | B75: =Source!F41 -> 04-02-011-01 | C75: =Source!G41 -> Свободный спуск или подъем обсадных труб (надфильтровых труб) в трубах большего диаметра при шнековом бурении с соединением муфтовым | D75: =Source!H41 -> 10 м | E75: =Source!I41 -> 21.658 | F75: =Source!AL41+Source!AM41+Source!AO41 -> 46.67 | I75: =Source!BO41 | S75: =ROUND((Source!FX41/100)*((ROUND(Source!AF41*Source!I41, 2)+ROUND(Source!AE41*Source!I41, 2))), 2) -> 356.09 | T75: =Source!X41 -> 2335.96 | U75: =ROUND((Source!FY41/100)*((ROUND(Source!AF41*Source!I41, 2)+ROUND(Source!AE41*Source!I41, 2))), 2) -> 162.15 | V75: =Source!Y41 -> 1063.7
C76: ="Объем: "&Source!I41&"=216,58/"&"10" -> Объем: 21,658=216,58/10
C77: Зарплата | F77: =Source!AO41 -> 10.97 | G77: =Source!DG41 | H77: =ROUND(Source!AF41*Source!I41, 2) -> 237.59 | J77: =IF(Source!BA41<> 0, Source!BA41, 1) -> 6.56 | K77: =Source!S41 -> 1558.58 | R77: =H77 -> 237.59
C78: Эксплуатация машин | F78: =Source!AM41 -> 29.29 | G78: =Source!DE41 | H78: =ROUND(Source!AD41*Source!I41, 2) -> 634.36 | J78: =IF(Source!BB41<> 0, Source!BB41, 1) -> 6.56 | K78: =Source!Q41 -> 4161.42
C79: в т.ч. зарплата машинистов | F79: =Source!AN41 -> 3.71 | G79: =Source!DF41 | H79: =ROUND(Source!AE41*Source!I41, 2) -> 80.35 | J79: =IF(Source!BS41<> 0, Source!BS41, 1) -> 6.56 | K79: =Source!R41 -> 527.1 | R79: =H79 -> 80.35
C80: Материальные ресурсы | F80: =Source!AL41 -> 6.41 | G80: =Source!DD41 | H80: =ROUND(Source!AC41*Source!I41, 2) -> 138.83 | J80: =IF(Source!BC41<> 0, Source!BC41, 1) -> 6.56 | K80: =Source!P41 -> 910.71
C81: НР от ФОТ | D81: % | E81: =Source!BZ41 -> 112 | H81: =SUM(S75:S84) -> 356.09 | J81: =Source!AT41 -> 112 | K81: =SUM(T75:T84) -> 2335.96
C82: СП от ФОТ | D82: % | E82: =Source!CA41 -> 51 | H82: =SUM(U75:U84) -> 162.15 | J82: =Source!AU41 -> 51 | K82: =SUM(V75:V84) -> 1063.7
C83: Затраты труда | D83: чел-ч | E83: =Source!AQ41 -> 1.14 | G83: =Source!DI41 | L83: =Source!U41 -> 24.69012
A84: =Source!E42 -> 6,1 | B84: =Source!F42 -> 23.3.01.04-0047 | C84: =Source!G42 -> Трубы бесшовные обсадные из стали группы Д и Б с короткой треугольной резьбой, наружным диаметром 273 мм, толщина стенки 8,9 мм | D84: =Source!H42 -> м | E84: =Source!I42 -> 21.658 | F84: =Source!AL42+Source!AM42+Source!AO42 -> 610.61 | H84: =ROUND(Source!AC42*Source!I42, 2)+ROUND(Source!AD42*Source!I42, 2)+ROUND(Source!AF42*Source!I42, 2) -> 13224.59 | J84: =IF(Source!BC42<> 0, Source!BC42, 1) -> 6.56 | K84: =Source!O42 -> 86753.32 | S84: =ROUND((Source!FX42/100)*((ROUND(Source!AF42*Source!I42, 2)+ROUND(Source!AE42*Source!I42, 2))), 2) -> 0 | T84: =Source!X42 -> 0 | U84: =ROUND((Source!FY42/100)*((ROUND(Source!AF42*Source!I42, 2)+ROUND(Source!AE42*Source!I42, 2))), 2) -> 0 | V84: =Source!Y42 -> 0 | W84: =IF(Source!BI42<=1,H84, 0) -> 13224.59 | X84: =IF(Source!BI42=2,H84, 0) -> 0 | Y84: =IF(Source!BI42=3,H84, 0) -> 0 | Z84: =IF(Source!BI42=4,H84, 0) -> 0
G85: =H77+H78+H80+H81+H82+SUM(H84:H84) -> 14753.61 | J85: =K77+K78+K80+K81+K82+SUM(K84:K84) -> 96783.69 | L85: =Source!U41 -> 24.69012 | O85: =G85 -> 14753.61 | P85: =J85 -> 96783.69 | Q85: =L85 -> 24.69012 | W85: =IF(Source!BI41<=1,H77+H78+H80+H81+H82, 0) -> 1529.02 | X85: =IF(Source!BI41=2,H77+H78+H80+H81+H82, 0) -> 0 | Y85: =IF(Source!BI41=3,H77+H78+H80+H81+H82, 0) -> 0 | Z85: =IF(Source!BI41=4,H77+H78+H80+H81+H82, 0) -> 0
A86: =Source!E43 -> 7 | B86: =Source!F43 -> 06-01-001-01 | C86: =Source!G43 -> Устройство бетонной подготовки | D86: =Source!H43 -> 100 м3 | E86: =Source!I43 -> 0.0195 | F86: =Source!AL43+Source!AM43+Source!AO43 -> 3897.23 | I86: =Source!BO43 | S86: =ROUND((Source!FX43/100)*((ROUND(Source!AF43*Source!I43, 2)+ROUND(Source!AE43*Source!I43, 2))), 2) -> 33.76 | T86: =Source!X43 -> 221.42 | U86: =ROUND((Source!FY43/100)*((ROUND(Source!AF43*Source!I43, 2)+ROUND(Source!AE43*Source!I43, 2))), 2) -> 20.9 | V86: =Source!Y43 -> 137.07
C87: ="Объем: "&Source!I43&"=1,95/"&"100" -> Объем: 0,0195=1,95/100
C88: Зарплата | F88: =Source!AO43 -> 1404 | G88: =Source!DG43 | H88: =ROUND(Source!AF43*Source!I43, 2) -> 27.38 | J88: =IF(Source!BA43<> 0, Source!BA43, 1) -> 6.56 | K88: =Source!S43 -> 179.6 | R88: =H88 -> 27.38
C89: Эксплуатация машин | F89: =Source!AM43 -> 1587.74 | G89: =Source!DE43 | H89: =ROUND(Source!AD43*Source!I43, 2) -> 30.96 | J89: =IF(Source!BB43<> 0, Source!BB43, 1) -> 6.56 | K89: =Source!Q43 -> 203.1
C90: в т.ч. зарплата машинистов | F90: =Source!AN43 -> 244.51 | G90: =Source!DF43 | H90: =ROUND(Source!AE43*Source!I43, 2) -> 4.77 | J90: =IF(Source!BS43<> 0, Source!BS43, 1) -> 6.56 | K90: =Source!R43 -> 31.28 | R90: =H90 -> 4.77
C91: Материальные ресурсы | F91: =Source!AL43 -> 905.49 | G91: =Source!DD43 | H91: =ROUND(Source!AC43*Source!I43, 2) -> 17.66 | J91: =IF(Source!BC43<> 0, Source!BC43, 1) -> 6.56 | K91: =Source!P43 -> 115.83
C92: НР от ФОТ | D92: % | E92: =Source!BZ43 -> 105 | H92: =SUM(S86:S96) -> 33.76 | J92: =Source!AT43 -> 105 | K92: =SUM(T86:T96) -> 221.42
C93: СП от ФОТ | D93: % | E93: =Source!CA43 -> 65 | H93: =SUM(U86:U96) -> 20.9 | J93: =Source!AU43 -> 65 | K93: =SUM(V86:V96) -> 137.07
C94: Затраты труда | D94: чел-ч | E94: =Source!AQ43 -> 180 | G94: =Source!DI43 | L94: =Source!U43 -> 3.51
A95: =Source!E44 -> 7,1 | B95: =Source!F44 -> 04.1.02.06 | C95: =Source!G44 -> Бетон | D95: =Source!H44 -> м3 | E95: =Source!I44 -> 1.989 | F95: =Source!AL44+Source!AM44+Source!AO44 -> 0 | H95: =ROUND(Source!AC44*Source!I44, 2)+ROUND(Source!AD44*Source!I44, 2)+ROUND(Source!AF44*Source!I44, 2) -> 0 | J95: =IF(Source!BC44<> 0, Source!BC44, 1) -> 6.56 | K95: =Source!O44 -> 0 | S95: =ROUND((Source!FX44/100)*((ROUND(Source!AF44*Source!I44, 2)+ROUND(Source!AE44*Source!I44, 2))), 2) -> 0 | T95: =Source!X44 -> 0 | U95: =ROUND((Source!FY44/100)*((ROUND(Source!AF44*Source!I44, 2)+ROUND(Source!AE44*Source!I44, 2))), 2) -> 0 | V95: =Source!Y44 -> 0 | W95: =IF(Source!BI44<=1,H95, 0) -> 0 | X95: =IF(Source!BI44=2,H95, 0) -> 0 | Y95: =IF(Source!BI44=3,H95, 0) -> 0 | Z95: =IF(Source!BI44=4,H95, 0) -> 0
A96: =Source!E45 -> 7,2 | B96: =Source!F45 -> 04.3.02.04-0121 | C96: =Source!G45 -> Смеси бетонные, БСГ, тяжелого бетона на гравийном щебне, фракция 5-20 мм, класс В15 (М200), П3, F100, W2 | D96: =Source!H45 -> м3 | E96: =Source!I45 -> 1.989 | F96: =Source!AL45+Source!AM45+Source!AO45 -> 715.73 | H96: =ROUND(Source!AC45*Source!I45, 2)+ROUND(Source!AD45*Source!I45, 2)+ROUND(Source!AF45*Source!I45, 2) -> 1423.59 | J96: =IF(Source!BC45<> 0, Source!BC45, 1) -> 6.56 | K96: =Source!O45 -> 9338.73 | S96: =ROUND((Source!FX45/100)*((ROUND(Source!AF45*Source!I45, 2)+ROUND(Source!AE45*Source!I45, 2))), 2) -> 0 | T96: =Source!X45 -> 0 | U96: =ROUND((Source!FY45/100)*((ROUND(Source!AF45*Source!I45, 2)+ROUND(Source!AE45*Source!I45, 2))), 2) -> 0 | V96: =Source!Y45 -> 0 | W96: =IF(Source!BI45<=1,H96, 0) -> 1423.59 | X96: =IF(Source!BI45=2,H96, 0) -> 0 | Y96: =IF(Source!BI45=3,H96, 0) -> 0 | Z96: =IF(Source!BI45=4,H96, 0) -> 0
G97: =H88+H89+H91+H92+H93+SUM(H95:H96) -> 1554.25 | J97: =K88+K89+K91+K92+K93+SUM(K95:K96) -> 10195.75 | L97: =Source!U43 -> 3.51 | O97: =G97 -> 1554.25 | P97: =J97 -> 10195.75 | Q97: =L97 -> 3.51 | W97: =IF(Source!BI43<=1,H88+H89+H91+H92+H93, 0) -> 130.66 | X97: =IF(Source!BI43=2,H88+H89+H91+H92+H93, 0) -> 0 | Y97: =IF(Source!BI43=3,H88+H89+H91+H92+H93, 0) -> 0 | Z97: =IF(Source!BI43=4,H88+H89+H91+H92+H93, 0) -> 0
A98: =Source!E46 -> 8 | B98: =Source!F46 -> 06-01-001-06 | C98: =Source!G46 -> Устройство железобетонных фундаментов общего назначения под колонны объемом до 5 м3 | D98: =Source!H46 -> 100 м3 | E98: =Source!I46 -> 0.08619 | F98: =Source!AL46+Source!AM46+Source!AO46 -> 11038.62 | I98: =Source!BO46 | S98: =ROUND((Source!FX46/100)*((ROUND(Source!AF46*Source!I46, 2)+ROUND(Source!AE46*Source!I46, 2))), 2) -> 582.27 | T98: =Source!X46 -> 3819.67 | U98: =ROUND((Source!FY46/100)*((ROUND(Source!AF46*Source!I46, 2)+ROUND(Source!AE46*Source!I46, 2))), 2) -> 360.45 | V98: =Source!Y46 -> 2364.56
C99: ="Объем: "&Source!I46&"=8,619/"&"100" -> Объем: 0,08619=8,619/100
C100: Зарплата | F100: =Source!AO46 -> 5203.81 | G100: =Source!DG46 -> )*1,15 | H100: =ROUND(Source!AF46*Source!I46, 2) -> 515.79 | J100: =IF(Source!BA46<> 0, Source!BA46, 1) -> 6.56 | K100: =Source!S46 -> 3383.61 | R100: =H100 -> 515.79
C101: Эксплуатация машин | F101: =Source!AM46 -> 2369.43 | G101: =Source!DE46 -> )*1,25 | H101: =ROUND(Source!AD46*Source!I46, 2) -> 255.28 | J101: =IF(Source!BB46<> 0, Source!BB46, 1) -> 6.56 | K101: =Source!Q46 -> 1674.62
C102: в т.ч. зарплата машинистов | F102: =Source!AN46 -> 359.63 | G102: =Source!DF46 -> )*1,25 | H102: =ROUND(Source!AE46*Source!I46, 2) -> 38.75 | J102: =IF(Source!BS46<> 0, Source!BS46, 1) -> 6.56 | K102: =Source!R46 -> 254.17 | R102: =H102 -> 38.75
C103: Материальные ресурсы | F103: =Source!AL46 -> 3465.38 | G103: =Source!DD46 | H103: =ROUND(Source!AC46*Source!I46, 2) -> 298.68 | J103: =IF(Source!BC46<> 0, Source!BC46, 1) -> 6.56 | K103: =Source!P46 -> 1959.35
C104: НР от ФОТ | D104: % | E104: =Source!BZ46 -> 105 | H104: =SUM(S98:S109) -> 582.27 | J104: =Source!AT46 -> 105 | K104: =SUM(T98:T109) -> 3819.67
C105: СП от ФОТ | D105: % | E105: =Source!CA46 -> 65 | H105: =SUM(U98:U109) -> 360.45 | J105: =Source!AU46 -> 65 | K105: =SUM(V98:V109) -> 2364.56
C106: Затраты труда | D106: чел-ч | E106: =Source!AQ46 -> 610.06 | G106: =Source!DI46 -> )*1,15 | L106: =Source!U46 -> 60.468232
...

Sheet Source
A1: 0 | B1: Smeta.RU (495) 974-1589 | D1: _PS_ | F1: 0 | G1: 0 | H1: 0 | I1: Smeta.RU | K1: 0 | L1: 13277 | M1: 10
A12: 1 | B12: 890 | C12: 0 | D12: =ROW(A832) -> 832 | E12: 0 | F12: Новый объект | G12: на изготовление и монтаж сборборно-разборных конструкций детектора ТРЕК НИЯУ МИФИ по адресу:г.Москва,Каширское шоссе,д.31,стр.37А | I12: 0 | K12: 0 | O12: 0 | P12: 0 | Q12: 0 | R12: 0 | V12: 0 | BH12: Сметные нормы списания | BI12: Коды ценников | BJ12: 1 | BK12: 1 | BL12: 0 | BM12: 0 | BN12: 1 | BO12: 0 | BP12: 2 | BQ12: 2 | BR12: 1 | BS12: 1 | BT12: 0 | BU12: 0 | BV12: 0 | BW12: 0 | BX12: 0 | BY12: ФЕР-2017 | BZ12: ТР для Версии 10: Центральные регионы (с учетом п-ма 2536-ИП/12/ГС от 22.03.2017 г | CA12: ФЕР-2017 | CB12: ФЕР-2017 | CC12: ФЕР-2017 | CD12: ФЕР-2017 | CE12: Поправки для ГСН 2017 от 31.03.2017 г | CF12: 0 | CG12: 0 | CH12: 524296 | CK12: 4 | EC12: 0
A15: 15 | B15: 1
A18: 52 | B18: =B832 -> 890 | C18: =C832 -> 1 | D18: =D832 -> 12 | E18: =E832 -> 0 | F18: =F832 -> Новый объект | G18: =G832 -> на изготовление и монтаж сборборно-разборных конструкций детектора ТРЕК НИЯУ МИФИ по адресу:г.Москва,Каширское шоссе,д.31,стр.37А | O18: =O832 -> 9240427.7 | P18: =P832 -> 8296017.6 | Q18: =Q832 -> 524106.72 | R18: =R832 -> 61396.07 | S18: =S832 -> 420303.39 | T18: =T832 -> 0 | U18: =U832 -> 7128.1538 | V18: =V832 -> 703.46568 | ... GX18: =GX832 -> 0
A20: 3 | B20: 1 | D20: =ROW(A800) -> 800 | F20: Новая локальная смета | G20: Новая локальная смета | I20: 0 | K20: 0 | V20: 0 | BX20: 0 | CF20: 0 | CG20: 0
A22: 52 | B22: =B800 -> 1 | C22: =C800 -> 3 | D22: =D800 -> 20 | E22: =E800 -> 0 | F22: =F800 -> Новая локальная смета | G22: =G800 -> Новая локальная смета | O22: =O800 -> 9240427.7 | P22: =P800 -> 8296017.6 | Q22: =Q800 -> 524106.72 | R22: =R800 -> 61396.07 | S22: =S800 -> 420303.39 | T22: =T800 -> 0 | U22: =U800 -> 7128.1538 | V22: =V800 -> 703.46568 | ... GX22: =GX800 -> 0
A24: 4 | B24: 1 | D24: =ROW(A150) -> 150 | F24: Новый раздел | G24: 1 Конструктивные решения ниже отметки 0,00 | I24: 0 | K24: -1 | V24: 0 | BX24: 0 | CJ24: 0
A26: 52 | B26: =B150 -> 1 | C26: =C150 -> 4 | D26: =D150 -> 24 | E26: =E150 -> 0 | F26: =F150 -> Новый раздел | G26: =G150 -> 1 Конструктивные решения ниже отметки 0,00 | O26: =O150 -> 2323028.4 | P26: =P150 -> 1925011.6 | Q26: =Q150 -> 264156.19 | R26: =R150 -> 32665.35 | S26: =S150 -> 133860.53 | T26: =T150 -> 0 | U26: =U150 -> 2302.8385 | V26: =V150 -> 378.61293 | ... GX26: =GX150 -> 0
A28: 17 | B28: 1 | C28: =ROW(SmtRes!A1) -> 1 | D28: =ROW(EtalonRes!A1) -> 1 | E28: 1 | F28: 01-02-056-02 | G28: Разработка грунта вручную в траншеях шириной более 2 м и котлованах площадью сечения до 5 м2 с креплениями, глубина траншей и котлованов до 2 м, группа грунтов 2 | H28: 100 м3 | I28: =ROUND(126.11/100,9) -> 1.2611 | J28: 0 | O28: =ROUND(CP28,2) -> 18575.95 | P28: =ROUND(CQ28*I28,2) -> 0 | Q28: =ROUND(CR28*I28,2) -> 0 | R28: =ROUND(CS28*I28,2) -> 0 | S28: =ROUND(CT28*I28,2) -> 18575.95 | T28: =ROUND(CU28*I28,2) -> 0 | U28: =CV28*I28 -> 337.91174 | V28: =CW28*I28 -> 0 | W28: =ROUND(CX28*I28,2) -> 0 | X28: =ROUND(CY28,2) -> 14860.76 | Y28: =ROUND(CZ28,2) -> 8359.18 | AA28: 39570879 | AB28: =ROUND((AC28+AD28+AF28),2) -> 2245.42 | AC28: =ROUND((ES28),2) -> 0 | AD28: =ROUND(((((ET28*1.25))-((EU28*1.25)))+AE28),2) -> 0 | AE28: =ROUND(((EU28*1.25)),2) -> 0 | AF28: =ROUND(((EV28*1.15)),2) -> 2245.42 | AG28: =ROUND((AP28),2) -> 0 | AH28: =((EW28*1.15)) -> 267.95 | AI28: =((EX28*1.25)) -> 0 | AJ28: =ROUND((AS28),2) -> 0 | AK28: 1952.54 | AL28: 0 | AM28: 0 | AN28: 0 | AO28: 1952.54 | AP28: 0 | AQ28: 233 | AR28: 0 | AS28: 0 | AT28: 80 | AU28: 45 | AV28: 1 | AW28: 1 | AZ28: 6.56 | BA28: 6.56 | BB28: 6.56 | BC28: 6.56 | BH28: 0 | BI28: 1 | BJ28: ФЕР-2001, 01-02-056-02, приказ Минстроя России №1039/пр от 30.12.2016г. | BM28: 1003 | BN28: 0 | BP28: 0 | BQ28: 2 | BR28: 0 | BS28: 6.56 | BT28: 1 | BU28: 1 | BV28: 1 | BW28: 1 | BX28: 1 | BZ28: 80 | CA28: 45 | CF28: 0 | CG28: 0 | CM28: 0 | CN28: Поправка: МДС 81-35.2004, п.4.7 Наименование: Работы, выполняемые при реконструкции зданий и сооружений работы, аналогичные технологическим процессам в новом строительстве (в том числе возведение новых конструктивных элементов) стоимость которых определена по соответствующим сборникам ФЕР, кроме сборника № 46 «Работы при реконструкции зданий и сооружений» | CO28: 0 | CP28: =(P28+Q28+S28) -> 18575.95 | CQ28: =AC28*BC28 -> 0 | CR28: =AD28*BB28 -> 0 | CS28: =AE28*BS28 -> 0 | CT28: =AF28*BA28 -> 14729.955 | CU28: =AG28 -> 0 | CV28: =AH28 -> 267.95 | CW28: =AI28 -> 0 | CX28: =AJ28 -> 0 | CY28: =(((S28+R28)*AT28)/100) -> 14860.76 | CZ28: =(((S28+R28)*AU28)/100) -> 8359.1775 | DE28: )*1,25 | DF28: )*1,25 | DG28: )*1,15 | DI28: )*1,15 | DJ28: )*1,25 | DN28: 0 | DO28: 0 | DP28: 1 | DQ28: 1 | DU28: 1007 | DV28: 100 м3 | DW28: 100 м3 | DX28: 100 | EE28: 39174479 | EF28: 2 | EG28: Общестроительные работы | EH28: 0 | EJ28: 1 | EK28: 1003 | EL28: Земляные работы, выполняемые ручным способом | EM28: ФЕР-01 | EO28: Поправка: МДС 81-35.2004, п.4.7 | EQ28: 0 | ER28: 1952.54 | ES28: 0 | ET28: 0 | EU28: 0 | EV28: 1952.54 | EW28: 233 | EX28: 0 | EY28: 0 | FQ28: 0 | FR28: =ROUND(IF(AND(BH28=3,BI28=3),P28,0),2) -> 0 | FS28: 0 | FX28: 80 | FY28: 45 | GD28: 0 | GF28: 583111073 | GG28: 1 | GH28: 1 | GI28: 4 | GJ28: 0 | GK28: =ROUND(R28*(R12)/100,2) -> 0 | GL28: =ROUND(IF(AND(BH28=3,BI28=3,FS28<>0),P28,0),2) -> 0 | GM28: =ROUND(O28+X28+Y28+GK28,2)+GX28 -> 41795.89 | GN28: =IF(OR(BI28=0,BI28=1),ROUND(O28+X28+Y28+GK28,2),0) -> 41795.89 | GO28: =IF(BI28=2,ROUND(O28+X28+Y28+GK28,2),0) -> 0 | GP28: =IF(BI28=4,ROUND(O28+X28+Y28+GK28,2)+GX28,0) -> 0 | GR28: 0 | GS28: 3 | GT28: 0 | GV28: =ROUND(GT28,2) -> 0 | GW28: 1 | GX28: =ROUND(GV28*GW28*I28,2) -> 0 | HA28: 0 | HB28: 0 | IK28: 0
A29: 17 | B29: 1 | C29: =ROW(SmtRes!A10) -> 10 | D29: =ROW(EtalonRes!A9) -> 9 | E29: 2 | F29: 04-01-041-02 | G29: Шнековое бурение скважин станками типа СО-2 глубиной бурения до 12 м в грунтах группы 2 | H29: 100 м | I29: =ROUND(216.58/100,9) -> 2.1658 | J29: 0 | O29: =ROUND(CP29,2) -> 49303.95 | P29: =ROUND(CQ29*I29,2) -> 0 | Q29: =ROUND(CR29*I29,2) -> 45325.81 | R29: =ROUND(CS29*I29,2) -> 3012.73 | S29: =ROUND(CT29*I29,2) -> 3978.14 | T29: =ROUND(CU29*I29,2) -> 0 | U29: =CV29*I29 -> 63.038858 | V29: =CW29*I29 -> 34.246713 | W29: =ROUND(CX29*I29,2) -> 0 | X29: =ROUND(CY29,2) -> 7829.77 | Y29: =ROUND(CZ29,2) -> 3565.34 | AA29: 39570879 | AB29: =ROUND((AC29+AD29+AF29),2) -> 3470.24 | AC29: =ROUND((ES29),2) -> 0 | AD29: =ROUND(((((ET29*1.25))-((EU29*1.25)))+AE29),2) -> 3190.24 | AE29: =ROUND(((EU29*1.25)),2) -> 212.05 | AF29: =ROUND(((EV29*1.15)),2) -> 280 | AG29: =ROUND((AP29),2) -> 0 | AH29: =((EW29*1.15)) -> 29.1065 | AI29: =((EX29*1.25)) -> 15.8125 | AJ29: =ROUND((AS29),2) -> 0 | AK29: 2795.67 | AL29: 0 | AM29: 2552.19 | AN29: 169.64 | AO29: 243.48 | AP29: 0 | AQ29: 25.31 | AR29: 12.65 | AS29: 0 | AT29: 112 | AU29: 51 | AV29: 1 | AW29: 1 | AZ29: 6.56 | BA29: 6.56 | BB29: 6.56 | BC29: 6.56 | BH29: 0 | BI29: 1 | BJ29: ФЕР-2001, 04-01-041-02, приказ Минстроя России №1039/пр от 30.12.2016г. | BM29: 4001 | BN29: 0 | BP29: 0 | BQ29: 2 | BR29: 0 | BS29: 6.56 | BT29: 1 | BU29: 1 | BV29: 1 | BW29: 1 | BX29: 1 | BZ29: 112 | CA29: 51 | CF29: 0 | CG29: 0 | CM29: 0 | CN29: Поправка: МДС 81-35.2004, п.4.7 Наименование: Работы, выполняемые при реконструкции зданий и сооружений работы, аналогичные технологическим процессам в новом строительстве (в том числе возведение новых конструктивных элементов) стоимость которых определена по соответствующим сборникам ФЕР, кроме сборника № 46 «Работы при реконструкции зданий и сооружений» | CO29: 0 | CP29: =(P29+Q29+S29) -> 49303.95 | CQ29: =AC29*BC29 -> 0 | CR29: =AD29*BB29 -> 20927.974 | CS29: =AE29*BS29 -> 1391.048 | CT29: =AF29*BA29 -> 1836.8 | CU29: =AG29 -> 0 | CV29: =AH29 -> 29.1065 | CW29: =AI29 -> 15.8125 | CX29: =AJ29 -> 0 | CY29: =(((S29+R29)*AT29)/100) -> 7829.7744 | CZ29: =(((S29+R29)*AU29)/100) -> 3565.3437 | DE29: )*1,25 | DF29: )*1,25 | DG29: )*1,15 | DI29: )*1,15 | DJ29: )*1,25 | DN29: 0 | DO29: 0 | DP29: 1 | DQ29: 1 | DU29: 1003 | DV29: 100 м | DW29: 100 м | DX29: 100 | EE29: 39174486 | EF29: 2 | EG29: Общестроительные работы | EH29: 0 | EJ29: 1 | EK29: 4001 | EL29: Скважины | EM29: ФЕР-04 | EO29: Поправка: МДС 81-35.2004, п.4.7 | EQ29: 0 | ER29: 2795.67 | ES29: 0 | ET29: 2552.19 | EU29: 169.64 | EV29: 243.48 | EW29: 25.31 | EX29: 12.65 | EY29: 0 | FQ29: 0 | FR29: =ROUND(IF(AND(BH29=3,BI29=3),P29,0),2) -> 0 | FS29: 0 | FX29: 112 | FY29: 51 | GD29: 0 | GF29: -1302234925 | GG29: 1 | GH29: 1 | GI29: 4 | GJ29: 0 | GK29: =ROUND(R29*(R12)/100,2) -> 0 | GL29: =ROUND(IF(AND(BH29=3,BI29=3,FS29<>0),P29,0),2) -> 0 | GM29: =ROUND(O29+X29+Y29+GK29,2)+GX29 -> 60699.06 | GN29: =IF(OR(BI29=0,BI29=1),ROUND(O29+X29+Y29+GK29,2),0) -> 60699.06 | GO29: =IF(BI29=2,ROUND(O29+X29+Y29+GK29,2),0) -> 0 | GP29: =IF(BI29=4,ROUND(O29+X29+Y29+GK29,2)+GX29,0) -> 0 | GR29: 0 | GS29: 3 | GT29: 0 | GV29: =ROUND(GT29,2) -> 0 | GW29: 1 | GX29: =ROUND(GV29*GW29*I29,2) -> 0 | HA29: 0 | HB29: 0 | IK29: 0
A30: 18 | B30: 1 | C30: 8 | E30: 2,1 | F30: 01.4.01.03 | G30: Долота шнековые | H30: шт. | I30: =I29*J30 -> 0.103958 | J30: 0.047999815 | O30: =ROUND(CP30,2) -> 0 | P30: =ROUND(CQ30*I30,2) -> 0 | Q30: =ROUND(CR30*I30,2) -> 0 | R30: =ROUND(CS30*I30,2) -> 0 | S30: =ROUND(CT30*I30,2) -> 0 | T30: =ROUND(CU30*I30,2) -> 0 | U30: =CV30*I30 -> 0 | V30: =CW30*I30 -> 0 | W30: =ROUND(CX30*I30,2) -> 0 | X30: =ROUND(CY30,2) -> 0 | Y30: =ROUND(CZ30,2) -> 0 | AA30: 39570879 | AB30: =ROUND((AC30+AD30+AF30),2) -> 0 | AC30: =ROUND((ES30),2) -> 0 | AD30: =ROUND((((ET30)-(EU30))+AE30),2) -> 0 | AE30: =ROUND((EU30),2) -> 0 | AF30: =ROUND((EV30),2) -> 0 | AG30: =ROUND((AP30),2) -> 0 | AH30: =(EW30) -> 0 | AI30: =(EX30) -> 0 | AJ30: =ROUND((AS30),2) -> 0 | AK30: 0 | AL30: 0 | AM30: 0 | AN30: 0 | AO30: 0 | AP30: 0 | AQ30: 0 | AR30: 0 | AS30: 0 | AT30: 112 | AU30: 51 | AV30: 1 | AW30: 1 | AZ30: 6.56 | BA30: 1 | BB30: 1 | BC30: 6.56 | BH30: 3 | BI30: 1 | BM30: 4001 | BN30: 0 | BP30: 0 | BQ30: 2 | BR30: 0 | BS30: 1 | BT30: 1 | BU30: 1 | BV30: 1 | BW30: 1 | BX30: 1 | BZ30: 112 | CA30: 51 | CF30: 0 | CG30: 0 | CM30: 0 | CO30: 0 | CP30: =(P30+Q30+S30) -> 0 | CQ30: =AC30*BC30 -> 0 | CR30: =AD30*BB30 -> 0 | CS30: =AE30*BS30 -> 0 | CT30: =AF30*BA30 -> 0 | CU30: =AG30 -> 0 | CV30: =AH30 -> 0 | CW30: =AI30 -> 0 | CX30: =AJ30 -> 0 | CY30: =(((S30+R30)*AT30)/100) -> 0 | CZ30: =(((S30+R30)*AU30)/100) -> 0 | DN30: 0 | DO30: 0 | DP30: 1 | DQ30: 1 | DU30: 1010 | DV30: шт. | DW30: шт. | DX30: 1 | EE30: 39174486 | EF30: 2 | EG30: Общестроительные работы | EH30: 0 | EJ30: 1 | EK30: 4001 | EL30: Скважины | EM30: ФЕР-04 | EQ30: 0 | ER30: 0 | ES30: 0 | ET30: 0 | EU30: 0 | EV30: 0 | EW30: 0 | EX30: 0 | FQ30: 0 | FR30: =ROUND(IF(AND(BH30=3,BI30=3),P30,0),2) -> 0 | FS30: 0 | FX30: 112 | FY30: 51 | GD30: 0 | GF30: 349964797 | GG30: 1 | GH30: 1 | GI30: 4 | GJ30: 0 | GK30: =ROUND(R30*(R12)/100,2) -> 0 | GL30: =ROUND(IF(AND(BH30=3,BI30=3,FS30<>0),P30,0),2) -> 0 | GM30: =ROUND(O30+X30+Y30+GK30,2)+GX30 -> 0 | GN30: =IF(OR(BI30=0,BI30=1),ROUND(O30+X30+Y30+GK30,2),0) -> 0 | GO30: =IF(BI30=2,ROUND(O30+X30+Y30+GK30,2),0) -> 0 | GP30: =IF(BI30=4,ROUND(O30+X30+Y30+GK30,2)+GX30,0) -> 0 | GR30: 0 | GS30: 3 | GT30: 0 | GV30: =ROUND(GT30,2) -> 0 | GW30: 1 | GX30: =ROUND(GV30*GW30*I30,2) -> 0 | HA30: 0 | HB30: 0 | IK30: 0
A31: 18 | B31: 1 | C31: 9 | E31: 2,2 | F31: 01.4.01.03-0153 | G31: Долота шнековые диаметром 250 мм | H31: шт. | I31: =I29*J31 -> 1 | J31: 0.46172315 | O31: =ROUND(CP31,2) -> 4589.38 | P31: =ROUND(CQ31*I31,2) -> 4589.38 | Q31: =ROUND(CR31*I31,2) -> 0 | R31: =ROUND(CS31*I31,2) -> 0 | S31: =ROUND(CT31*I31,2) -> 0 | T31: =ROUND(CU31*I31,2) -> 0 | U31: =CV31*I31 -> 0 | V31: =CW31*I31 -> 0 | W31: =ROUND(CX31*I31,2) -> 0 | X31: =ROUND(CY31,2) -> 0 | Y31: =ROUND(CZ31,2) -> 0 | AA31: 39570879 | AB31: =ROUND((AC31+AD31+AF31),2) -> 699.6 | AC31: =ROUND((ES31),2) -> 699.6 | AD31: =ROUND((((ET31)-(EU31))+AE31),2) -> 0 | AE31: =ROUND((EU31),2) -> 0 | AF31: =ROUND((EV31),2) -> 0 | AG31: =ROUND((AP31),2) -> 0 | AH31: =(EW31) -> 0 | AI31: =(EX31) -> 0 | AJ31: =ROUND((AS31),2) -> 0 | AK31: 699.6 | AL31: 699.6 | AM31: 0 | AN31: 0 | AO31: 0 | AP31: 0 | AQ31: 0 | AR31: 0 | AS31: 0 | AT31: 112 | AU31: 51 | AV31: 1 | AW31: 1 | AZ31: 6.56 | BA31: 1 | BB31: 1 | BC31: 6.56 | BH31: 3 | BI31: 1 | BJ31: ФССЦ-2001, 01.4.01.03-0153, приказ Минстроя России №1039/пр от 30.12.2016г. | BM31: 4001 | BN31: 0 | BP31: 0 | BQ31: 2 | BR31: 0 | BS31: 1 | BT31: 1 | BU31: 1 | BV31: 1 | BW31: 1 | BX31: 1 | BZ31: 112 | CA31: 51 | CF31: 0 | CG31: 0 | CM31: 0 | CO31: 0 | CP31: =(P31+Q31+S31) -> 4589.38 | CQ31: =AC31*BC31 -> 4589.376 | CR31: =AD31*BB31 -> 0 | CS31: =AE31*BS31 -> 0 | CT31: =AF31*BA31 -> 0 | CU31: =AG31 -> 0 | CV31: =AH31 -> 0 | CW31: =AI31 -> 0 | CX31: =AJ31 -> 0 | CY31: =(((S31+R31)*AT31)/100) -> 0 | CZ31: =(((S31+R31)*AU31)/100) -> 0 | DN31: 0 | DO31: 0 | DP31: 1 | DQ31: 1 | DU31: 1010 | DV31: шт. | DW31: шт. | DX31: 1 | EE31: 39174486 | EF31: 2 | EG31: Общестроительные работы | EH31: 0 | EJ31: 1 | EK31: 4001 | EL31: Скважины | EM31: ФЕР-04 | EQ31: 0 | ER31: 699.6 | ES31: 699.6 | ET31: 0 | EU31: 0 | EV31: 0 | EW31: 0 | EX31: 0 | FQ31: 0 | FR31: =ROUND(IF(AND(BH31=3,BI31=3),P31,0),2) -> 0 | FS31: 0 | FX31: 112 | FY31: 51 | GD31: 0 | GF31: 1378243415 | GG31: 1 | GH31: 1 | GI31: 4 | GJ31: 0 | GK31: =ROUND(R31*(R12)/100,2) -> 0 | GL31: =ROUND(IF(AND(BH31=3,BI31=3,FS31<>0),P31,0),2) -> 0 | GM31: =ROUND(O31+X31+Y31+GK31,2)+GX31 -> 4589.38 | GN31: =IF(OR(BI31=0,BI31=1),ROUND(O31+X31+Y31+GK31,2),0) -> 4589.38 | GO31: =IF(BI31=2,ROUND(O31+X31+Y31+GK31,2),0) -> 0 | GP31: =IF(BI31=4,ROUND(O31+X31+Y31+GK31,2)+GX31,0) -> 0 | GR31: 0 | GS31: 3 | GT31: 0 | GV31: =ROUND(GT31,2) -> 0 | GW31: 1 | GX31: =ROUND(GV31*GW31*I31,2) -> 0 | HA31: 0 | HB31: 0 | IK31: 0
A32: 18 | B32: 1 | C32: 10 | E32: 2,3 | F32: 01.4.01.10-0016 | G32: Шнек диаметром 135 мм | H32: шт. | I32: =I29*J32 -> 17 | J32: 7.8492936 | O32: =ROUND(CP32,2) -> 66577.44 | P32: =ROUND(CQ32*I32,2) -> 66577.44 | Q32: =ROUND(CR32*I32,2) -> 0 | R32: =ROUND(CS32*I32,2) -> 0 | S32: =ROUND(CT32*I32,2) -> 0 | T32: =ROUND(CU32*I32,2) -> 0 | U32: =CV32*I32 -> 0 | V32: =CW32*I32 -> 0 | W32: =ROUND(CX32*I32,2) -> 0 | X32: =ROUND(CY32,2) -> 0 | Y32: =ROUND(CZ32,2) -> 0 | AA32: 39570879 | AB32: =ROUND((AC32+AD32+AF32),2) -> 597 | AC32: =ROUND((ES32),2) -> 597 | AD32: =ROUND((((ET32)-(EU32))+AE32),2) -> 0 | AE32: =ROUND((EU32),2) -> 0 | AF32: =ROUND((EV32),2) -> 0 | AG32: =ROUND((AP32),2) -> 0 | AH32: =(EW32) -> 0 | AI32: =(EX32) -> 0 | AJ32: =ROUND((AS32),2) -> 0 | AK32: 597 | AL32: 597 | AM32: 0 | AN32: 0 | AO32: 0 | AP32: 0 | AQ32: 0 | AR32: 0 | AS32: 0 | AT32: 112 | AU32: 51 | AV32: 1 | AW32: 1 | AZ32: 6.56 | BA32: 1 | BB32: 1 | BC32: 6.56 | BH32: 3 | BI32: 1 | BJ32: ФССЦ-2001, 01.4.01.10-0016, приказ Минстроя России №1039/пр от 30.12.2016г. | BM32: 4001 | BN32: 0 | BP32: 0 | BQ32: 2 | BR32: 0 | BS32: 1 | BT32: 1 | BU32: 1 | BV32: 1 | BW32: 1 | BX32: 1 | BZ32: 112 | CA32: 51 | CF32: 0 | CG32: 0 | CM32: 0 | CO32: 0 | CP32: =(P32+Q32+S32) -> 66577.44 | CQ32: =AC32*BC32 -> 3916.32 | CR32: =AD32*BB32 -> 0 | CS32: =AE32*BS32 -> 0 | CT32: =AF32*BA32 -> 0 | CU32: =AG32 -> 0 | CV32: =AH32 -> 0 | CW32: =AI32 -> 0 | CX32: =AJ32 -> 0 | CY32: =(((S32+R32)*AT32)/100) -> 0 | CZ32: =(((S32+R32)*AU32)/100) -> 0 | DN32: 0 | DO32: 0 | DP32: 1 | DQ32: 1 | DU32: 1010 | DV32: шт. | DW32: шт. | DX32: 1 | EE32: 39174486 | EF32: 2 | EG32: Общестроительные работы | EH32: 0 | EJ32: 1 | EK32: 4001 | EL32: Скважины | EM32: ФЕР-04 | EQ32: 0 | ER32: 597 | ES32: 597 | ET32: 0 | EU32: 0 | EV32: 0 | EW32: 0 | EX32: 0 | FQ32: 0 | FR32: =ROUND(IF(AND(BH32=3,BI32=3),P32,0),2) -> 0 | FS32: 0 | FX32: 112 | FY32: 51 | GD32: 0 | GF32: -641029936 | GG32: 1 | GH32: 1 | GI32: 4 | GJ32: 0 | GK32: =ROUND(R32*(R12)/100,2) -> 0 | GL32: =ROUND(IF(AND(BH32=3,BI32=3,FS32<>0),P32,0),2) -> 0 | GM32: =ROUND(O32+X32+Y32+GK32,2)+GX32 -> 66577.44 | GN32: =IF(OR(BI32=0,BI32=1),ROUND(O32+X32+Y32+GK32,2),0) -> 66577.44 | GO32: =IF(BI32=2,ROUND(O32+X32+Y32+GK32,2),0) -> 0 | GP32: =IF(BI32=4,ROUND(O32+X32+Y32+GK32,2)+GX32,0) -> 0 | GR32: 0 | GS32: 3 | GT32: 0 | GV32: =ROUND(GT32,2) -> 0 | GW32: 1 | GX32: =ROUND(GV32*GW32*I32,2) -> 0 | HA32: 0 | HB32: 0 | IK32: 0
A33: 17 | B33: 1 | C33: =ROW(SmtRes!A19) -> 19 | D33: =ROW(EtalonRes!A20) -> 20 | E33: 3 | F33: 04-02-010-02 | G33: Крепление скважины глубиной до 50 м при шнековом бурении трубами с муфтовым соединением, группа грунтов по устойчивости 2 | H33: 10 м | I33: =ROUND(216.58/10,9) -> 21.658 | J33: 0 | O33: =ROUND(CP33,2) -> 52325.35 | P33: =ROUND(CQ33*I33,2) -> 662.08 | Q33: =ROUND(CR33*I33,2) -> 47577.15 | R33: =ROUND(CS33*I33,2) -> 7194.75 | S33: =ROUND(CT33*I33,2) -> 4086.12 | T33: =ROUND(CU33*I33,2) -> 0 | U33: =CV33*I33 -> 64.75742 | V33: =CW33*I33 -> 82.029675 | W33: =ROUND(CX33*I33,2) -> 0 | X33: =ROUND(CY33,2) -> 12634.57 | Y33: =ROUND(CZ33,2) -> 5753.24 | AA33: 39570879 | AB33: =ROUND((AC33+AD33+AF33),2) -> 368.29 | AC33: =ROUND((ES33),2) -> 4.66 | AD33: =ROUND(((((ET33*1.25))-((EU33*1.25)))+AE33),2) -> 334.87 | AE33: =ROUND(((EU33*1.25)),2) -> 50.64 | AF33: =ROUND(((EV33*1.15)),2) -> 28.76 | AG33: =ROUND((AP33),2) -> 0 | AH33: =((EW33*1.15)) -> 2.99 | AI33: =((EX33*1.25)) -> 3.7875 | AJ33: =ROUND((AS33),2) -> 0 | AK33: 297.56 | AL33: 4.66 | AM33: 267.89 | AN33: 40.51 | AO33: 25.01 | AP33: 0 | AQ33: 2.6 | AR33: 3.03 | AS33: 0 | AT33: 112 | AU33: 51 | AV33: 1 | AW33: 1 | AZ33: 6.56 | BA33: 6.56 | BB33: 6.56 | BC33: 6.56 | BH33: 0 | BI33: 1 | BJ33: ФЕР-2001, 04-02-010-02, приказ Минстроя России №1039/пр от 30.12.2016г. | BM33: 4001 | BN33: 0 | BP33: 0 | BQ33: 2 | BR33: 0 | BS33: 6.56 | BT33: 1 | BU33: 1 | BV33: 1 | BW33: 1 | BX33: 1 | BZ33: 112 | CA33: 51 | CF33: 0 | CG33: 0 | CM33: 0 | CN33: Поправка: МДС 81-35.2004, п.4.7 Наименование: Работы, выполняемые при реконструкции зданий и сооружений работы, аналогичные технологическим процессам в новом строительстве (в том числе возведение новых конструктивных элементов) стоимость которых определена по соответствующим сборникам ФЕР, кроме сборника № 46 «Работы при реконструкции зданий и сооружений» | CO33: 0 | CP33: =(P33+Q33+S33) -> 52325.35 | CQ33: =AC33*BC33 -> 30.5696 | CR33: =AD33*BB33 -> 2196.7472 | CS33: =AE33*BS33 -> 332.1984 | CT33: =AF33*BA33 -> 188.6656 | CU33: =AG33 -> 0 | CV33: =AH33 -> 2.99 | CW33: =AI33 -> 3.7875 | CX33: =AJ33 -> 0 | CY33: =(((S33+R33)*AT33)/100) -> 12634.574 | CZ33: =(((S33+R33)*AU33)/100) -> 5753.2437 | DE33: )*1,25 | DF33: )*1,25 | DG33: )*1,15 | DI33: )*1,15 | DJ33: )*1,25 | DN33: 0 | DO33: 0 | DP33: 1 | DQ33: 1 | DU33: 1003 | DV33: 10 м | DW33: 10 м | DX33: 10 | EE33: 39174486 | EF33: 2 | EG33: Общестроительные работы | EH33: 0 | EJ33: 1 | EK33: 4001 | EL33: Скважины | EM33: ФЕР-04 | EO33: Поправка: МДС 81-35.2004, п.4.7 | EQ33: 0 | ER33: 297.56 | ES33: 4.66 | ET33: 267.89 | EU33: 40.51 | EV33: 25.01 | EW33: 2.6 | EX33: 3.03 | EY33: 0 | FQ33: 0 | FR33: =ROUND(IF(AND(BH33=3,BI33=3),P33,0),2) -> 0 | FS33: 0 | FX33: 112 | FY33: 51 | GD33: 0 | GF33: 110621490 | GG33: 1 | GH33: 1 | GI33: 4 | GJ33: 0 | GK33: =ROUND(R33*(R12)/100,2) -> 0 | GL33: =ROUND(IF(AND(BH33=3,BI33=3,FS33<>0),P33,0),2) -> 0 | GM33: =ROUND(O33+X33+Y33+GK33,2)+GX33 -> 70713.16 | GN33: =IF(OR(BI33=0,BI33=1),ROUND(O33+X33+Y33+GK33,2),0) -> 70713.16 | GO33: =IF(BI33=2,ROUND(O33+X33+Y33+GK33,2),0) -> 0 | GP33: =IF(BI33=4,ROUND(O33+X33+Y33+GK33,2)+GX33,0) -> 0 | GR33: 0 | GS33: 3 | GT33: 0 | GV33: =ROUND(GT33,2) -> 0 | GW33: 1 | GX33: =ROUND(GV33*GW33*I33,2) -> 0 | HA33: 0 | HB33: 0 | IK33: 0
A34: 18 | B34: 1 | C34: 19 | E34: 3,1 | F34: 23.3.01.04-0047 | G34: Трубы бесшовные обсадные из стали группы Д и Б с короткой треугольной резьбой, наружным диаметром 273 мм, толщина стенки 8,9 мм | H34: м | I34: =I33*J34 -> 43.316 | J34: 2 | O34: =ROUND(CP34,2) -> 173506.64 | P34: =ROUND(CQ34*I34,2) -> 173506.64 | Q34: =ROUND(CR34*I34,2) -> 0 | R34: =ROUND(CS34*I34,2) -> 0 | S34: =ROUND(CT34*I34,2) -> 0 | T34: =ROUND(CU34*I34,2) -> 0 | U34: =CV34*I34 -> 0 | V34: =CW34*I34 -> 0 | W34: =ROUND(CX34*I34,2) -> 0 | X34: =ROUND(CY34,2) -> 0 | Y34: =ROUND(CZ34,2) -> 0 | AA34: 39570879 | AB34: =ROUND((AC34+AD34+AF34),2) -> 610.61 | AC34: =ROUND((ES34),2) -> 610.61 | AD34: =ROUND((((ET34)-(EU34))+AE34),2) -> 0 | AE34: =ROUND((EU34),2) -> 0 | AF34: =ROUND((EV34),2) -> 0 | AG34: =ROUND((AP34),2) -> 0 | AH34: =(EW34) -> 0 | AI34: =(EX34) -> 0 | AJ34: =ROUND((AS34),2) -> 0 | AK34: 610.61 | AL34: 610.61 | AM34: 0 | AN34: 0 | AO34: 0 | AP34: 0 | AQ34: 0 | AR34: 0 | AS34: 0 | AT34: 112 | AU34: 51 | AV34: 1 | AW34: 1 | AZ34: 6.56 | BA34: 1 | BB34: 1 | BC34: 6.56 | BH34: 3 | BI34: 1 | BJ34: ФССЦ-2001, 23.3.01.04-0047, приказ Минстроя России №1039/пр от 30.12.2016г. | BM34: 4001 | BN34: 0 | BP34: 0 | BQ34: 2 | BR34: 0 | BS34: 1 | BT34: 1 | BU34: 1 | BV34: 1 | BW34: 1 | BX34: 1 | BZ34: 112 | CA34: 51 | CF34: 0 | CG34: 0 | CM34: 0 | CO34: 0 | CP34: =(P34+Q34+S34) -> 173506.64 | CQ34: =AC34*BC34 -> 4005.6016 | CR34: =AD34*BB34 -> 0 | CS34: =AE34*BS34 -> 0 | CT34: =AF34*BA34 -> 0 | CU34: =AG34 -> 0 | CV34: =AH34 -> 0 | CW34: =AI34 -> 0 | CX34: =AJ34 -> 0 | CY34: =(((S34+R34)*AT34)/100) -> 0 | CZ34: =(((S34+R34)*AU34)/100) -> 0 | DN34: 0 | DO34: 0 | DP34: 1 | DQ34: 1 | DU34: 1003 | DV34: м | DW34: м | DX34: 1 | EE34: 39174486 | EF34: 2 | EG34: Общестроительные работы | EH34: 0 | EJ34: 1 | EK34: 4001 | EL34: Скважины | EM34: ФЕР-04 | EQ34: 0 | ER34: 610.61 | ES34: 610.61 | ET34: 0 | EU34: 0 | EV34: 0 | EW34: 0 | EX34: 0 | FQ34: 0 | FR34: =ROUND(IF(AND(BH34=3,BI34=3),P34,0),2) -> 0 | FS34: 0 | FX34: 112 | FY34: 51 | GD34: 0 | GF34: 1345311707 | GG34: 1 | GH34: 1 | GI34: 4 | GJ34: 0 | GK34: =ROUND(R34*(R12)/100,2) -> 0 | GL34: =ROUND(IF(AND(BH34=3,BI34=3,FS34<>0),P34,0),2) -> 0 | GM34: =ROUND(O34+X34+Y34+GK34,2)+GX34 -> 173506.64 | GN34: =IF(OR(BI34=0,BI34=1),ROUND(O34+X34+Y34+GK34,2),0) -> 173506.64 | GO34: =IF(BI34=2,ROUND(O34+X34+Y34+GK34,2),0) -> 0 | GP34: =IF(BI34=4,ROUND(O34+X34+Y34+GK34,2)+GX34,0) -> 0 | GR34: 0 | GS34: 3 | GT34: 0 | GV34: =ROUND(GT34,2) -> 0 | GW34: 1 | GX34: =ROUND(GV34*GW34*I34,2) -> 0 | HA34: 0 | HB34: 0 | IK34: 0
A35: 17 | B35: 1 | C35: =ROW(SmtRes!A27) -> 27 | D35: =ROW(EtalonRes!A27) -> 27 | E35: 4 | F35: 05-01-061-01 | G35: Установка в скважину арматурного каркаса | H35: ШТ | I35: 34 | J35: 0 | O35: =ROUND(CP35,2) -> 118998.54 | P35: =ROUND(CQ35*I35,2) -> 2761.24 | Q35: =ROUND(CR35*I35,2) -> 107677.02 | R35: =ROUND(CS35*I35,2) -> 13779.41 | S35: =ROUND(CT35*I35,2) -> 8560.28 | T35: =ROUND(CU35*I35,2) -> 0 | U35: =CV35*I35 -> 138.805 | V35: =CW35*I35 -> 157.675 | W35: =ROUND(CX35*I35,2) -> 0 | X35: =ROUND(CY35,2) -> 29041.6 | Y35: =ROUND(CZ35,2) -> 17871.75 | AA35: 39570879 | AB35: =ROUND((AC35+AD35+AF35),2) -> 533.53 | AC35: =ROUND((ES35),2) -> 12.38 | AD35: =ROUND(((((ET35*1.25))-((EU35*1.25)))+AE35),2) -> 482.77 | AE35: =ROUND(((EU35*1.25)),2) -> 61.78 | AF35: =ROUND(((EV35*1.15)),2) -> 38.38 | AG35: =ROUND((AP35),2) -> 0 | AH35: =((EW35*1.15)) -> 4.0825 | AI35: =((EX35*1.25)) -> 4.6375 | AJ35: =ROUND((AS35),2) -> 0 | AK35: 431.96 | AL35: 12.38 | AM35: 386.21 | AN35: 49.42 | AO35: 33.37 | AP35: 0 | AQ35: 3.55 | AR35: 3.71 | AS35: 0 | AT35: 130 | AU35: 80 | AV35: 1 | AW35: 1 | AZ35: 6.56 | BA35: 6.56 | BB35: 6.56 | BC35: 6.56 | BH35: 0 | BI35: 1 | BJ35: ФЕР-2001, 05-01-061-01, приказ Минстроя России №1039/пр от 30.12.2016г. | BM35: 5001 | BN35: 0 | BP35: 0 | BQ35: 2 | BR35: 0 | BS35: 6.56 | BT35: 1 | BU35: 1 | BV35: 1 | BW35: 1 | BX35: 1 | BZ35: 130 | CA35: 80 | CF35: 0 | CG35: 0 | CM35: 0 | CN35: Поправка: МДС 81-35.2004, п.4.7 Наименование: Работы, выполняемые при реконструкции зданий и сооружений работы, аналогичные технологическим процессам в новом строительстве (в том числе возведение новых конструктивных элементов) стоимость которых определена по соответствующим сборникам ФЕР, кроме сборника № 46 «Работы при реконструкции зданий и сооружений» | CO35: 0 | CP35: =(P35+Q35+S35) -> 118998.54 | CQ35: =AC35*BC35 -> 81.2128 | CR35: =AD35*BB35 -> 3166.9712 | CS35: =AE35*BS35 -> 405.2768 | CT35: =AF35*BA35 -> 251.7728 | CU35: =AG35 -> 0 | CV35: =AH35 -> 4.0825 | CW35: =AI35 -> 4.6375 | CX35: =AJ35 -> 0 | CY35: =(((S35+R35)*AT35)/100) -> 29041.597 | CZ35: =(((S35+R35)*AU35)/100) -> 17871.752 | DE35: )*1,25 | DF35: )*1,25 | DG35: )*1,15 | DI35: )*1,15 | DJ35: )*1,25 | DN35: 0 | DO35: 0 | DP35: 1 | DQ35: 1 | DU35: 1013 | DV35: ШТ | DW35: ШТ | DX35: 1 | EE35: 39174487 | EF35: 2 | EG35: Общестроительные работы | EH35: 0 | EJ35: 1 | EK35: 5001 | EL35: Свайные работы | EM35: ФЕР-05 | EO35: Поправка: МДС 81-35.2004, п.4.7 | EQ35: 0 | ER35: 431.96 | ES35: 12.38 | ET35: 386.21 | EU35: 49.42 | EV35: 33.37 | EW35: 3.55 | EX35: 3.71 | EY35: 0 | FQ35: 0 | FR35: =ROUND(IF(AND(BH35=3,BI35=3),P35,0),2) -> 0 | FS35: 0 | FX35: 130 | FY35: 80 | GD35: 0 | GF35: -1396990206 | GG35: 1 | GH35: 1 | GI35: 4 | GJ35: 0 | GK35: =ROUND(R35*(R12)/100,2) -> 0 | GL35: =ROUND(IF(AND(BH35=3,BI35=3,FS35<>0),P35,0),2) -> 0 | GM35: =ROUND(O35+X35+Y35+GK35,2)+GX35 -> 165911.89 | GN35: =IF(OR(BI35=0,BI35=1),ROUND(O35+X35+Y35+GK35,2),0) -> 165911.89 | GO35: =IF(BI35=2,ROUND(O35+X35+Y35+GK35,2),0) -> 0 | GP35: =IF(BI35=4,ROUND(O35+X35+Y35+GK35,2)+GX35,0) -> 0 | GR35: 0 | GS35: 3 | GT35: 0 | GV35: =ROUND(GT35,2) -> 0 | GW35: 1 | GX35: =ROUND(GV35*GW35*I35,2) -> 0 | HA35: 0 | HB35: 0 | IK35: 0
A36: 18 | B36: 1 | C36: 27 | E36: 4,1 | F36: 08.4.03.03-0032 | G36: Горячекатаная арматурная сталь периодического профиля класса А-III, диаметром 12 мм | H36: т | I36: =I35*J36 -> 1.64254 | J36: 0.04831 | O36: =ROUND(CP36,2) -> 86170.65 | P36: =ROUND(CQ36*I36,2) -> 86170.65 | Q36: =ROUND(CR36*I36,2) -> 0 | R36: =ROUND(CS36*I36,2) -> 0 | S36: =ROUND(CT36*I36,2) -> 0 | T36: =ROUND(CU36*I36,2) -> 0 | U36: =CV36*I36 -> 0 | V36: =CW36*I36 -> 0 | W36: =ROUND(CX36*I36,2) -> 0 | X36: =ROUND(CY36,2) -> 0 | Y36: =ROUND(CZ36,2) -> 0 | AA36: 39570879 | AB36: =ROUND((AC36+AD36+AF36),2) -> 7997.23 | AC36: =ROUND((ES36),2) -> 7997.23 | AD36: =ROUND((((ET36)-(EU36))+AE36),2) -> 0 | AE36: =ROUND((EU36),2) -> 0 | AF36: =ROUND((EV36),2) -> 0 | AG36: =ROUND((AP36),2) -> 0 | AH36: =(EW36) -> 0 | AI36: =(EX36) -> 0 | AJ36: =ROUND((AS36),2) -> 0 | AK36: 7997.23 | AL36: 7997.23 | AM36: 0 | AN36: 0 | AO36: 0 | AP36: 0 | AQ36: 0 | AR36: 0 | AS36: 0 | AT36: 130 | AU36: 80 | AV36: 1 | AW36: 1 | AZ36: 6.56 | BA36: 1 | BB36: 1 | BC36: 6.56 | BH36: 3 | BI36: 1 | BJ36: ФССЦ-2001, 08.4.03.03-0032, приказ Минстроя России №1039/пр от 30.12.2016г. | BM36: 5001 | BN36: 0 | BP36: 0 | BQ36: 2 | BR36: 0 | BS36: 1 | BT36: 1 | BU36: 1 | BV36: 1 | BW36: 1 | BX36: 1 | BZ36: 130 | CA36: 80 | CF36: 0 | CG36: 0 | CM36: 0 | CO36: 0 | CP36: =(P36+Q36+S36) -> 86170.65 | CQ36: =AC36*BC36 -> 52461.829 | CR36: =AD36*BB36 -> 0 | CS36: =AE36*BS36 -> 0 | CT36: =AF36*BA36 -> 0 | CU36: =AG36 -> 0 | CV36: =AH36 -> 0 | CW36: =AI36 -> 0 | CX36: =AJ36 -> 0 | CY36: =(((S36+R36)*AT36)/100) -> 0 | CZ36: =(((S36+R36)*AU36)/100) -> 0 | DN36: 0 | DO36: 0 | DP36: 1 | DQ36: 1 | DU36: 1009 | DV36: т | DW36: т | DX36: 1000 | EE36: 39174487 | EF36: 2 | EG36: Общестроительные работы | EH36: 0 | EJ36: 1 | EK36: 5001 | EL36: Свайные работы | EM36: ФЕР-05 | EQ36: 0 | ER36: 7997.23 | ES36: 7997.23 | ET36: 0 | EU36: 0 | EV36: 0 | EW36: 0 | EX36: 0 | FQ36: 0 | FR36: =ROUND(IF(AND(BH36=3,BI36=3),P36,0),2) -> 0 | FS36: 0 | FX36: 130 | FY36: 80 | GD36: 0 | GF36: -1715848456 | GG36: 1 | GH36: 1 | GI36: 4 | GJ36: 0 | GK36: =ROUND(R36*(R12)/100,2) -> 0 | GL36: =ROUND(IF(AND(BH36=3,BI36=3,FS36<>0),P36,0),2) -> 0 | GM36: =ROUND(O36+X36+Y36+GK36,2)+GX36 -> 86170.65 | GN36: =IF(OR(BI36=0,BI36=1),ROUND(O36+X36+Y36+GK36,2),0) -> 86170.65 | GO36: =IF(BI36=2,ROUND(O36+X36+Y36+GK36,2),0) -> 0 | GP36: =IF(BI36=4,ROUND(O36+X36+Y36+GK36,2)+GX36,0) -> 0 | GR36: 0 | GS36: 3 | GT36: 0 | GV36: =ROUND(GT36,2) -> 0 | GW36: 1 | GX36: =ROUND(GV36*GW36*I36,2) -> 0 | HA36: 0 | HB36: 0 | IK36: 0
A37: 18 | B37: 1 | C37: 26 | E37: 4,2 | F37: 08.4.02.03-0001 | G37: Каркасы арматурные класса А-I диаметром 8 мм | H37: т | I37: =I35*J37 -> 0.14484 | J37: 0.00426 | O37: =ROUND(CP37,2) -> 6960.3 | P37: =ROUND(CQ37*I37,2) -> 6960.3 | Q37: =ROUND(CR37*I37,2) -> 0 | R37: =ROUND(CS37*I37,2) -> 0 | S37: =ROUND(CT37*I37,2) -> 0 | T37: =ROUND(CU37*I37,2) -> 0 | U37: =CV37*I37 -> 0 | V37: =CW37*I37 -> 0 | W37: =ROUND(CX37*I37,2) -> 0 | X37: =ROUND(CY37,2) -> 0 | Y37: =ROUND(CZ37,2) -> 0 | AA37: 39570879 | AB37: =ROUND((AC37+AD37+AF37),2) -> 7325.47 | AC37: =ROUND((ES37),2) -> 7325.47 | AD37: =ROUND((((ET37)-(EU37))+AE37),2) -> 0 | AE37: =ROUND((EU37),2) -> 0 | AF37: =ROUND((EV37),2) -> 0 | AG37: =ROUND((AP37),2) -> 0 | AH37: =(EW37) -> 0 | AI37: =(EX37) -> 0 | AJ37: =ROUND((AS37),2) -> 0 | AK37: 7325.47 | AL37: 7325.47 | AM37: 0 | AN37: 0 | AO37: 0 | AP37: 0 | AQ37: 0 | AR37: 0 | AS37: 0 | AT37: 130 | AU37: 80 | AV37: 1 | AW37: 1 | AZ37: 6.56 | BA37: 1 | BB37: 1 | BC37: 6.56 | BH37: 3 | BI37: 1 | BJ37: ФССЦ-2001, 08.4.02.03-0001, приказ Минстроя России №1039/пр от 30.12.2016г. | BM37: 5001 | BN37: 0 | BP37: 0 | BQ37: 2 | BR37: 0 | BS37: 1 | BT37: 1 | BU37: 1 | BV37: 1 | BW37: 1 | BX37: 1 | BZ37: 130 | CA37: 80 | CF37: 0 | CG37: 0 | CM37: 0 | CO37: 0 | CP37: =(P37+Q37+S37) -> 6960.3 | CQ37: =AC37*BC37 -> 48055.083 | CR37: =AD37*BB37 -> 0 | CS37: =AE37*BS37 -> 0 | CT37: =AF37*BA37 -> 0 | CU37: =AG37 -> 0 | CV37: =AH37 -> 0 | CW37: =AI37 -> 0 | CX37: =AJ37 -> 0 | CY37: =(((S37+R37)*AT37)/100) -> 0 | CZ37: =(((S37+R37)*AU37)/100) -> 0 | DN37: 0 | DO37: 0 | DP37: 1 | DQ37: 1 | DU37: 1009 | DV37: т | DW37: т | DX37: 1000 | EE37: 39174487 | EF37: 2 | EG37: Общестроительные работы | EH37: 0 | EJ37: 1 | EK37: 5001 | EL37: Свайные работы | EM37: ФЕР-05 | EQ37: 0 | ER37: 7325.47 | ES37: 7325.47 | ET37: 0 | EU37: 0 | EV37: 0 | EW37: 0 | EX37: 0 | FQ37: 0 | FR37: =ROUND(IF(AND(BH37=3,BI37=3),P37,0),2) -> 0 | FS37: 0 | FX37: 130 | FY37: 80 | GD37: 0 | GF37: -1519238323 | GG37: 1 | GH37: 1 | GI37: 4 | GJ37: 0 | GK37: =ROUND(R37*(R12)/100,2) -> 0 | GL37: =ROUND(IF(AND(BH37=3,BI37=3,FS37<>0),P37,0),2) -> 0 | GM37: =ROUND(O37+X37+Y37+GK37,2)+GX37 -> 6960.3 | GN37: =IF(OR(BI37=0,BI37=1),ROUND(O37+X37+Y37+GK37,2),0) -> 6960.3 | GO37: =IF(BI37=2,ROUND(O37+X37+Y37+GK37,2),0) -> 0 | GP37: =IF(BI37=4,ROUND(O37+X37+Y37+GK37,2)+GX37,0) -> 0 | GR37: 0 | GS37: 3 | GT37: 0 | GV37: =ROUND(GT37,2) -> 0 | GW37: 1 | GX37: =ROUND(GV37*GW37*I37,2) -> 0 | HA37: 0 | HB37: 0 | IK37: 0
A38: 17 | B38: 1 | C38: =ROW(SmtRes!A35) -> 35 | D38: =ROW(EtalonRes!A34) -> 34 | E38: 5 | F38: 05-01-009-01 | G38: Заполнение бетоном полых свай и свай-оболочек диаметром до 80 см | H38: м3 | I38: 10.88 | J38: 0 | O38: =ROUND(CP38,2) -> 69319.41 | P38: =ROUND(CQ38*I38,2) -> 51157.88 | Q38: =ROUND(CR38*I38,2) -> 14639.28 | R38: =ROUND(CS38*I38,2) -> 2033.41 | S38: =ROUND(CT38*I38,2) -> 3522.25 | T38: =ROUND(CU38*I38,2) -> 0 | U38: =CV38*I38 -> 60.6016 | V38: =CW38*I38 -> 22.9568 | W38: =ROUND(CX38*I38,2) -> 0 | X38: =ROUND(CY38,2) -> 7222.36 | Y38: =ROUND(CZ38,2) -> 4444.53 | AA38: 39570879 | AB38: =ROUND((AC38+AD38+AF38),2) -> 971.23 | AC38: =ROUND((ES38),2) -> 716.77 | AD38: =ROUND((((ET38)-(EU38))+AE38),2) -> 205.11 | AE38: =ROUND((EU38),2) -> 28.49 | AF38: =ROUND((EV38),2) -> 49.35 | AG38: =ROUND((AP38),2) -> 0 | AH38: =(EW38) -> 5.57 | AI38: =(EX38) -> 2.11 | AJ38: =ROUND((AS38),2) -> 0 | AK38: 971.23 | AL38: 716.77 | AM38: 205.11 | AN38: 28.49 | AO38: 49.35 | AP38: 0 | AQ38: 5.57 | AR38: 2.11 | AS38: 0 | AT38: 130 | AU38: 80 | AV38: 1 | AW38: 1 | AZ38: 6.56 | BA38: 6.56 | BB38: 6.56 | BC38: 6.56 | BH38: 0 | BI38: 1 | BJ38: ФЕР-2001, 05-01-009-01, приказ Минстроя России №1039/пр от 30.12.2016г. | BM38: 5001 | BN38: 0 | BP38: 0 | BQ38: 2 | BR38: 0 | BS38: 6.56 | BT38: 1 | BU38: 1 | BV38: 1 | BW38: 1 | BX38: 1 | BZ38: 130 | CA38: 80 | CF38: 0 | CG38: 0 | CM38: 0 | CO38: 0 | CP38: =(P38+Q38+S38) -> 69319.41 | CQ38: =AC38*BC38 -> 4702.0112 | CR38: =AD38*BB38 -> 1345.5216 | CS38: =AE38*BS38 -> 186.8944 | CT38: =AF38*BA38 -> 323.736 | CU38: =AG38 -> 0 | CV38: =AH38 -> 5.57 | CW38: =AI38 -> 2.11 | CX38: =AJ38 -> 0 | CY38: =(((S38+R38)*AT38)/100) -> 7222.358 | CZ38: =(((S38+R38)*AU38)/100) -> 4444.528 | DN38: 0 | DO38: 0 | DP38: 1 | DQ38: 1 | DU38: 1007 | DV38: м3 | DW38: м3 | DX38: 1 | EE38: 39174487 | EF38: 2 | EG38: Общестроительные работы | EH38: 0 | EJ38: 1 | EK38: 5001 | EL38: Свайные работы | EM38: ФЕР-05 | EQ38: 0 | ER38: 971.23 | ES38: 716.77 | ET38: 205.11 | EU38: 28.49 | EV38: 49.35 | EW38: 5.57 | EX38: 2.11 | EY38: 0 | FQ38: 0 | FR38: =ROUND(IF(AND(BH38=3,BI38=3),P38,0),2) -> 0 | FS38: 0 | FX38: 130 | FY38: 80 | GD38: 0 | GF38: -1457857121 | GG38: 1 | GH38: 1 | GI38: 4 | GJ38: 0 | GK38: =ROUND(R38*(R12)/100,2) -> 0 | GL38: =ROUND(IF(AND(BH38=3,BI38=3,FS38<>0),P38,0),2) -> 0 | GM38: =ROUND(O38+X38+Y38+GK38,2)+GX38 -> 80986.3 | GN38: =IF(OR(BI38=0,BI38=1),ROUND(O38+X38+Y38+GK38,2),0) -> 80986.3 | GO38: =IF(BI38=2,ROUND(O38+X38+Y38+GK38,2),0) -> 0 | GP38: =IF(BI38=4,ROUND(O38+X38+Y38+GK38,2)+GX38,0) -> 0 | GR38: 0 | GS38: 3 | GT38: 0 | GV38: =ROUND(GT38,2) -> 0 | GW38: 1 | GX38: =ROUND(GV38*GW38*I38,2) -> 0 | HA38: 0 | HB38: 0 | IK38: 0
A39: 18 | B39: 1 | C39: 33 | E39: 5,1 | F39: 04.1.02.05-0006 | G39: Бетон тяжелый, класс В15 (М200) | H39: м3 | I39: =I38*J39 -> -11.0976 | J39: -1.02 | O39: =ROUND(CP39,2) -> -43153.08 | P39: =ROUND(CQ39*I39,2) -> -43153.08 | Q39: =ROUND(CR39*I39,2) -> 0 | R39: =ROUND(CS39*I39,2) -> 0 | S39: =ROUND(CT39*I39,2) -> 0 | T39: =ROUND(CU39*I39,2) -> 0 | U39: =CV39*I39 -> 0 | V39: =CW39*I39 -> 0 | W39: =ROUND(CX39*I39,2) -> 0 | X39: =ROUND(CY39,2) -> 0 | Y39: =ROUND(CZ39,2) -> 0 | AA39: 39570879 | AB39: =ROUND((AC39+AD39+AF39),2) -> 592.76 | AC39: =ROUND((ES39),2) -> 592.76 | AD39: =ROUND((((ET39)-(EU39))+AE39),2) -> 0 | AE39: =ROUND((EU39),2) -> 0 | AF39: =ROUND((EV39),2) -> 0 | AG39: =ROUND((AP39),2) -> 0 | AH39: =(EW39) -> 0 | AI39: =(EX39) -> 0 | AJ39: =ROUND((AS39),2) -> 0 | AK39: 592.76 | AL39: 592.76 | AM39: 0 | AN39: 0 | AO39: 0 | AP39: 0 | AQ39: 0 | AR39: 0 | AS39: 0 | AT39: 130 | AU39: 80 | AV39: 1 | AW39: 1 | AZ39: 6.56 | BA39: 1 | BB39: 1 | BC39: 6.56 | BH39: 3 | BI39: 1 | BJ39: ФССЦ-2001, 04.1.02.05-0006, приказ Минстроя России №1039/пр от 30.12.2016г. | BM39: 5001 | BN39: 0 | BP39: 0 | BQ39: 2 | BR39: 1 | BS39: 1 | BT39: 1 | BU39: 1 | BV39: 1 | BW39: 1 | BX39: 1 | BZ39: 130 | CA39: 80 | CF39: 0 | CG39: 0 | CM39: 0 | CO39: 0 | CP39: =(P39+Q39+S39) -> -43153.08 | CQ39: =AC39*BC39 -> 3888.5056 | CR39: =AD39*BB39 -> 0 | CS39: =AE39*BS39 -> 0 | CT39: =AF39*BA39 -> 0 | CU39: =AG39 -> 0 | CV39: =AH39 -> 0 | CW39: =AI39 -> 0 | CX39: =AJ39 -> 0 | CY39: =(((S39+R39)*AT39)/100) -> 0 | CZ39: =(((S39+R39)*AU39)/100) -> 0 | DN39: 0 | DO39: 0 | DP39: 1 | DQ39: 1 | DU39: 1007 | DV39: м3 | DW39: м3 | DX39: 1 | EE39: 39174487 | EF39: 2 | EG39: Общестроительные работы | EH39: 0 | EJ39: 1 | EK39: 5001 | EL39: Свайные работы | EM39: ФЕР-05 | EQ39: 32768 | ER39: 592.76 | ES39: 592.76 | ET39: 0 | EU39: 0 | EV39: 0 | EW39: 0 | EX39: 0 | FQ39: 0 | FR39: =ROUND(IF(AND(BH39=3,BI39=3),P39,0),2) -> 0 | FS39: 0 | FX39: 130 | FY39: 80 | GD39: 0 | GF39: 184330150 | GG39: 1 | GH39: 1 | GI39: 4 | GJ39: 0 | GK39: =ROUND(R39*(R12)/100,2) -> 0 | GL39: =ROUND(IF(AND(BH39=3,BI39=3,FS39<>0),P39,0),2) -> 0 | GM39: =ROUND(O39+X39+Y39+GK39,2)+GX39 -> -43153.08 | GN39: =IF(OR(BI39=0,BI39=1),ROUND(O39+X39+Y39+GK39,2),0) -> -43153.08 | GO39: =IF(BI39=2,ROUND(O39+X39+Y39+GK39,2),0) -> 0 | GP39: =IF(BI39=4,ROUND(O39+X39+Y39+GK39,2)+GX39,0) -> 0 | GR39: 0 | GS39: 3 | GT39: 0 | GV39: =ROUND(GT39,2) -> 0 | GW39: 1 | GX39: =ROUND(GV39*GW39*I39,2) -> 0 | HA39: 0 | HB39: 0 | IK39: 0
A40: 18 | B40: 1 | C40: 34 | E40: 5,2 | F40: 04.3.02.04-0154 | G40: Смеси бетонные, БСГ, тяжелого бетона на гранитном щебне, фракция 5-20 мм, класс В25 (М350), П3, F150, W6 | H40: м3 | I40: =I38*J40 -> 11.0976 | J40: 1.02 | O40: =ROUND(CP40,2) -> 54253.66 | P40: =ROUND(CQ40*I40,2) -> 54253.66 | Q40: =ROUND(CR40*I40,2) -> 0 | R40: =ROUND(CS40*I40,2) -> 0 | S40: =ROUND(CT40*I40,2) -> 0 | T40: =ROUND(CU40*I40,2) -> 0 | U40: =CV40*I40 -> 0 | V40: =CW40*I40 -> 0 | W40: =ROUND(CX40*I40,2) -> 0 | X40: =ROUND(CY40,2) -> 0 | Y40: =ROUND(CZ40,2) -> 0 | AA40: 39570879 | AB40: =ROUND((AC40+AD40+AF40),2) -> 745.24 | AC40: =ROUND((ES40),2) -> 745.24 | AD40: =ROUND((((ET40)-(EU40))+AE40),2) -> 0 | AE40: =ROUND((EU40),2) -> 0 | AF40: =ROUND((EV40),2) -> 0 | AG40: =ROUND((AP40),2) -> 0 | AH40: =(EW40) -> 0 | AI40: =(EX40) -> 0 | AJ40: =ROUND((AS40),2) -> 0 | AK40: 745.24 | AL40: 745.24 | AM40: 0 | AN40: 0 | AO40: 0 | AP40: 0 | AQ40: 0 | AR40: 0 | AS40: 0 | AT40: 130 | AU40: 80 | AV40: 1 | AW40: 1 | AZ40: 6.56 | BA40: 1 | BB40: 1 | BC40: 6.56 | BH40: 3 | BI40: 1 | BJ40: ФССЦ-2001, 04.3.02.04-0154, приказ Минстроя России №1039/пр от 30.12.2016г. | BM40: 5001 | BN40: 0 | BP40: 0 | BQ40: 2 | BR40: 0 | BS40: 1 | BT40: 1 | BU40: 1 | BV40: 1 | BW40: 1 | BX40: 1 | BZ40: 130 | CA40: 80 | CF40: 0 | CG40: 0 | CM40: 0 | CO40: 0 | CP40: =(P40+Q40+S40) -> 54253.66 | CQ40: =AC40*BC40 -> 4888.7744 | CR40: =AD40*BB40 -> 0 | CS40: =AE40*BS40 -> 0 | CT40: =AF40*BA40 -> 0 | CU40: =AG40 -> 0 | CV40: =AH40 -> 0 | CW40: =AI40 -> 0 | CX40: =AJ40 -> 0 | CY40: =(((S40+R40)*AT40)/100) -> 0 | CZ40: =(((S40+R40)*AU40)/100) -> 0 | DN40: 0 | DO40: 0 | DP40: 1 | DQ40: 1 | DU40: 1007 | DV40: м3 | DW40: м3 | DX40: 1 | EE40: 39174487 | EF40: 2 | EG40: Общестроительные работы | EH40: 0 | EJ40: 1 | EK40: 5001 | EL40: Свайные работы | EM40: ФЕР-05 | EQ40: 0 | ER40: 745.24 | ES40: 745.24 | ET40: 0 | EU40: 0 | EV40: 0 | EW40: 0 | EX40: 0 | FQ40: 0 | FR40: =ROUND(IF(AND(BH40=3,BI40=3),P40,0),2) -> 0 | FS40: 0 | FX40: 130 | FY40: 80 | GD40: 0 | GF40: -1144518642 | GG40: 1 | GH40: 1 | GI40: 4 | GJ40: 0 | GK40: =ROUND(R40*(R12)/100,2) -> 0 | GL40: =ROUND(IF(AND(BH40=3,BI40=3,FS40<>0),P40,0),2) -> 0 | GM40: =ROUND(O40+X40+Y40+GK40,2)+GX40 -> 54253.66 | GN40: =IF(OR(BI40=0,BI40=1),ROUND(O40+X40+Y40+GK40,2),0) -> 54253.66 | GO40: =IF(BI40=2,ROUND(O40+X40+Y40+GK40,2),0) -> 0 | GP40: =IF(BI40=4,ROUND(O40+X40+Y40+GK40,2)+GX40,0) -> 0 | GR40: 0 | GS40: 3 | GT40: 0 | GV40: =ROUND(GT40,2) -> 0 | GW40: 1 | GX40: =ROUND(GV40*GW40*I40,2) -> 0 | HA40: 0 | HB40: 0 | IK40: 0
A41: 17 | B41: 1 | C41: =ROW(SmtRes!A44) -> 44 | D41: =ROW(EtalonRes!A44) -> 44 | E41: 6 | F41: 04-02-011-01 | G41: Свободный спуск или подъем обсадных труб (надфильтровых труб) в трубах большего диаметра при шнековом бурении с соединением муфтовым | H41: 10 м | I41: =ROUND(216.58/10,9) -> 21.658 | J41: 0 | O41: =ROUND(CP41,2) -> 6630.71 | P41: =ROUND(CQ41*I41,2) -> 910.71 | Q41: =ROUND(CR41*I41,2) -> 4161.42 | R41: =ROUND(CS41*I41,2) -> 527.1 | S41: =ROUND(CT41*I41,2) -> 1558.58 | T41: =ROUND(CU41*I41,2) -> 0 | U41: =CV41*I41 -> 24.69012 | V41: =CW41*I41 -> 6.06424 | W41: =ROUND(CX41*I41,2) -> 0 | X41: =ROUND(CY41,2) -> 2335.96 | Y41: =ROUND(CZ41,2) -> 1063.7 | AA41: 39570879 | AB41: =ROUND((AC41+AD41+AF41),2) -> 46.67 | AC41: =ROUND((ES41),2) -> 6.41 | AD41: =ROUND((((ET41)-(EU41))+AE41),2) -> 29.29 | AE41: =ROUND((EU41),2) -> 3.71 | AF41: =ROUND((EV41),2) -> 10.97 | AG41: =ROUND((AP41),2) -> 0 | AH41: =(EW41) -> 1.14 | AI41: =(EX41) -> 0.28 | AJ41: =ROUND((AS41),2) -> 0 | AK41: 46.67 | AL41: 6.41 | AM41: 29.29 | AN41: 3.71 | AO41: 10.97 | AP41: 0 | AQ41: 1.14 | AR41: 0.28 | AS41: 0 | AT41: 112 | AU41: 51 | AV41: 1 | AW41: 1 | AZ41: 6.56 | BA41: 6.56 | BB41: 6.56 | BC41: 6.56 | BH41: 0 | BI41: 1 | BJ41: ФЕР-2001, 04-02-011-01, приказ Минстроя России №1039/пр от 30.12.2016г. | BM41: 4001 | BN41: 0 | BP41: 0 | BQ41: 2 | BR41: 0 | BS41: 6.56 | BT41: 1 | BU41: 1 | BV41: 1 | BW41: 1 | BX41: 1 | BZ41: 112 | CA41: 51 | CF41: 0 | CG41: 0 | CM41: 0 | CO41: 0 | CP41: =(P41+Q41+S41) -> 6630.71 | CQ41: =AC41*BC41 -> 42.0496 | CR41: =AD41*BB41 -> 192.1424 | CS41: =AE41*BS41 -> 24.3376 | CT41: =AF41*BA41 -> 71.9632 | CU41: =AG41 -> 0 | CV41: =AH41 -> 1.14 | CW41: =AI41 -> 0.28 | CX41: =AJ41 -> 0 | CY41: =(((S41+R41)*AT41)/100) -> 2335.9616 | CZ41: =(((S41+R41)*AU41)/100) -> 1063.6968 | DN41: 0 | DO41: 0 | DP41: 1 | DQ41: 1 | DU41: 1003 | DV41: 10 м | DW41: 10 м | DX41: 10 | EE41: 39174486 | EF41: 2 | EG41: Общестроительные работы | EH41: 0 | EJ41: 1 | EK41: 4001 | EL41: Скважины | EM41: ФЕР-04 | EQ41: 0 | ER41: 46.67 | ES41: 6.41 | ET41: 29.29 | EU41: 3.71 | EV41: 10.97 | EW41: 1.14 | EX41: 0.28 | EY41: 0 | FQ41: 0 | FR41: =ROUND(IF(AND(BH41=3,BI41=3),P41,0),2) -> 0 | FS41: 0 | FX41: 112 | FY41: 51 | GD41: 0 | GF41: 498628776 | GG41: 1 | GH41: 1 | GI41: 4 | GJ41: 0 | GK41: =ROUND(R41*(R12)/100,2) -> 0 | GL41: =ROUND(IF(AND(BH41=3,BI41=3,FS41<>0),P41,0),2) -> 0 | GM41: =ROUND(O41+X41+Y41+GK41,2)+GX41 -> 10030.37 | GN41: =IF(OR(BI41=0,BI41=1),ROUND(O41+X41+Y41+GK41,2),0) -> 10030.37 | GO41: =IF(BI41=2,ROUND(O41+X41+Y41+GK41,2),0) -> 0 | GP41: =IF(BI41=4,ROUND(O41+X41+Y41+GK41,2)+GX41,0) -> 0 | GR41: 0 | GS41: 3 | GT41: 0 | GV41: =ROUND(GT41,2) -> 0 | GW41: 1 | GX41: =ROUND(GV41*GW41*I41,2) -> 0 | HA41: 0 | HB41: 0 | IK41: 0
A42: 18 | B42: 1 | C42: 44 | E42: 6,1 | F42: 23.3.01.04-0047 | G42: Трубы бесшовные обсадные из стали группы Д и Б с короткой треугольной резьбой, наружным диаметром 273 мм, толщина стенки 8,9 мм | H42: м | I42: =I41*J42 -> 21.658 | J42: 1 | O42: =ROUND(CP42,2) -> 86753.32 | P42: =ROUND(CQ42*I42,2) -> 86753.32 | Q42: =ROUND(CR42*I42,2) -> 0 | R42: =ROUND(CS42*I42,2) -> 0 | S42: =ROUND(CT42*I42,2) -> 0 | T42: =ROUND(CU42*I42,2) -> 0 | U42: =CV42*I42 -> 0 | V42: =CW42*I42 -> 0 | W42: =ROUND(CX42*I42,2) -> 0 | X42: =ROUND(CY42,2) -> 0 | Y42: =ROUND(CZ42,2) -> 0 | AA42: 39570879 | AB42: =ROUND((AC42+AD42+AF42),2) -> 610.61 | AC42: =ROUND((ES42),2) -> 610.61 | AD42: =ROUND((((ET42)-(EU42))+AE42),2) -> 0 | AE42: =ROUND((EU42),2) -> 0 | AF42: =ROUND((EV42),2) -> 0 | AG42: =ROUND((AP42),2) -> 0 | AH42: =(EW42) -> 0 | AI42: =(EX42) -> 0 | AJ42: =ROUND((AS42),2) -> 0 | AK42: 610.61 | AL42: 610.61 | AM42: 0 | AN42: 0 | AO42: 0 | AP42: 0 | AQ42: 0 | AR42: 0 | AS42: 0 | AT42: 112 | AU42: 51 | AV42: 1 | AW42: 1 | AZ42: 6.56 | BA42: 1 | BB42: 1 | BC42: 6.56 | BH42: 3 | BI42: 1 | BJ42: ФССЦ-2001, 23.3.01.04-0047, приказ Минстроя России №1039/пр от 30.12.2016г. | BM42: 4001 | BN42: 0 | BP42: 0 | BQ42: 2 | BR42: 0 | BS42: 1 | BT42: 1 | BU42: 1 | BV42: 1 | BW42: 1 | BX42: 1 | BZ42: 112 | CA42: 51 | CF42: 0 | CG42: 0 | CM42: 0 | CO42: 0 | CP42: =(P42+Q42+S42) -> 86753.32 | CQ42: =AC42*BC42 -> 4005.6016 | CR42: =AD42*BB42 -> 0 | CS42: =AE42*BS42 -> 0 | CT42: =AF42*BA42 -> 0 | CU42: =AG42 -> 0 | CV42: =AH42 -> 0 | CW42: =AI42 -> 0 | CX42: =AJ42 -> 0 | CY42: =(((S42+R42)*AT42)/100) -> 0 | CZ42: =(((S42+R42)*AU42)/100) -> 0 | DN42: 0 | DO42: 0 | DP42: 1 | DQ42: 1 | DU42: 1003 | DV42: м | DW42: м | DX42: 1 | EE42: 39174486 | EF42: 2 | EG42: Общестроительные работы | EH42: 0 | EJ42: 1 | EK42: 4001 | EL42: Скважины | EM42: ФЕР-04 | EQ42: 0 | ER42: 610.61 | ES42: 610.61 | ET42: 0 | EU42: 0 | EV42: 0 | EW42: 0 | EX42: 0 | FQ42: 0 | FR42: =ROUND(IF(AND(BH42=3,BI42=3),P42,0),2) -> 0 | FS42: 0 | FX42: 112 | FY42: 51 | GD42: 0 | GF42: 1345311707 | GG42: 1 | GH42: 1 | GI42: 4 | GJ42: 0 | GK42: =ROUND(R42*(R12)/100,2) -> 0 | GL42: =ROUND(IF(AND(BH42=3,BI42=3,FS42<>0),P42,0),2) -> 0 | GM42: =ROUND(O42+X42+Y42+GK42,2)+GX42 -> 86753.32 | GN42: =IF(OR(BI42=0,BI42=1),ROUND(O42+X42+Y42+GK42,2),0) -> 86753.32 | GO42: =IF(BI42=2,ROUND(O42+X42+Y42+GK42,2),0) -> 0 | GP42: =IF(BI42=4,ROUND(O42+X42+Y42+GK42,2)+GX42,0) -> 0 | GR42: 0 | GS42: 3 | GT42: 0 | GV42: =ROUND(GT42,2) -> 0 | GW42: 1 | GX42: =ROUND(GV42*GW42*I42,2) -> 0 | HA42: 0 | HB42: 0 | IK42: 0
A43: 17 | B43: 1 | C43: =ROW(SmtRes!A53) -> 53 | D43: =ROW(EtalonRes!A52) -> 52 | E43: 7 | F43: 06-01-001-01 | G43: Устройство бетонной подготовки | H43: 100 м3 | I43: =ROUND(1.95/100,9) -> 0.0195 | J43: 0 | O43: =ROUND(CP43,2) -> 498.53 | P43: =ROUND(CQ43*I43,2) -> 115.83 | Q43: =ROUND(CR43*I43,2) -> 203.1 | R43: =ROUND(CS43*I43,2) -> 31.28 | S43: =ROUND(CT43*I43,2) -> 179.6 | T43: =ROUND(CU43*I43,2) -> 0 | U43: =CV43*I43 -> 3.51 | V43: =CW43*I43 -> 0.353535 | W43: =ROUND(CX43*I43,2) -> 0 | X43: =ROUND(CY43,2) -> 221.42 | Y43: =ROUND(CZ43,2) -> 137.07 | AA43: 39570879 | AB43: =ROUND((AC43+AD43+AF43),2) -> 3897.23 | AC43: =ROUND((ES43),2) -> 905.49 | AD43: =ROUND((((ET43)-(EU43))+AE43),2) -> 1587.74 | AE43: =ROUND((EU43),2) -> 244.51 | AF43: =ROUND((EV43),2) -> 1404 | AG43: =ROUND((AP43),2) -> 0 | AH43: =(EW43) -> 180 | AI43: =(EX43) -> 18.13 | AJ43: =ROUND((AS43),2) -> 0 | AK43: 3897.23 | AL43: 905.49 | AM43: 1587.74 | AN43: 244.51 | AO43: 1404 | AP43: 0 | AQ43: 180 | AR43: 18.13 | AS43: 0 | AT43: 105 | AU43: 65 | AV43: 1 | AW43: 1 | AZ43: 6.56 | BA43: 6.56 | BB43: 6.56 | BC43: 6.56 | BH43: 0 | BI43: 1 | BJ43: ФЕР-2001, 06-01-001-01, приказ Минстроя России №1039/пр от 30.12.2016г. | BM43: 6001 | BN43: 0 | BP43: 0 | BQ43: 2 | BR43: 0 | BS43: 6.56 | BT43: 1 | BU43: 1 | BV43: 1 | BW43: 1 | BX43: 1 | BZ43: 105 | CA43: 65 | CF43: 0 | CG43: 0 | CM43: 0 | CO43: 0 | CP43: =(P43+Q43+S43) -> 498.53 | CQ43: =AC43*BC43 -> 5940.0144 | CR43: =AD43*BB43 -> 10415.574 | CS43: =AE43*BS43 -> 1603.9856 | CT43: =AF43*BA43 -> 9210.24 | CU43: =AG43 -> 0 | CV43: =AH43 -> 180 | CW43: =AI43 -> 18.13 | CX43: =AJ43 -> 0 | CY43: =(((S43+R43)*AT43)/100) -> 221.424 | CZ43: =(((S43+R43)*AU43)/100) -> 137.072 | DN43: 0 | DO43: 0 | DP43: 1 | DQ43: 1 | DU43: 1007 | DV43: 100 м3 | DW43: 100 м3 | DX43: 100 | EE43: 39174490 | EF43: 2 | EG43: Общестроительные работы | EH43: 0 | EJ43: 1 | EK43: 6001 | EL43: Монолитные бетонные и железобетонные конструкции в промышленном строительстве | EM43: ФЕР-06 | EQ43: 0 | ER43: 3897.23 | ES43: 905.49 | ET43: 1587.74 | EU43: 244.51 | EV43: 1404 | EW43: 180 | EX43: 18.13 | EY43: 0 | FQ43: 0 | FR43: =ROUND(IF(AND(BH43=3,BI43=3),P43,0),2) -> 0 | FS43: 0 | FX43: 105 | FY43: 65 | GD43: 0 | GF43: 1120797142 | GG43: 1 | GH43: 1 | GI43: 4 | GJ43: 0 | GK43: =ROUND(R43*(R12)/100,2) -> 0 | GL43: =ROUND(IF(AND(BH43=3,BI43=3,FS43<>0),P43,0),2) -> 0 | GM43: =ROUND(O43+X43+Y43+GK43,2)+GX43 -> 857.02 | GN43: =IF(OR(BI43=0,BI43=1),ROUND(O43+X43+Y43+GK43,2),0) -> 857.02 | GO43: =IF(BI43=2,ROUND(O43+X43+Y43+GK43,2),0) -> 0 | GP43: =IF(BI43=4,ROUND(O43+X43+Y43+GK43,2)+GX43,0) -> 0 | GR43: 0 | GS43: 3 | GT43: 0 | GV43: =ROUND(GT43,2) -> 0 | GW43: 1 | GX43: =ROUND(GV43*GW43*I43,2) -> 0 | HA43: 0 | HB43: 0 | IK43: 0
A44: 18 | B44: 1 | C44: 52 | E44: 7,1 | F44: 04.1.02.06 | G44: Бетон | H44: м3 | I44: =I43*J44 -> 1.989 | J44: 102 | O44: =ROUND(CP44,2) -> 0 | P44: =ROUND(CQ44*I44,2) -> 0 | Q44: =ROUND(CR44*I44,2) -> 0 | R44: =ROUND(CS44*I44,2) -> 0 | S44: =ROUND(CT44*I44,2) -> 0 | T44: =ROUND(CU44*I44,2) -> 0 | U44: =CV44*I44 -> 0 | V44: =CW44*I44 -> 0 | W44: =ROUND(CX44*I44,2) -> 0 | X44: =ROUND(CY44,2) -> 0 | Y44: =ROUND(CZ44,2) -> 0 | AA44: 39570879 | AB44: =ROUND((AC44+AD44+AF44),2) -> 0 | AC44: =ROUND((ES44),2) -> 0 | AD44: =ROUND((((ET44)-(EU44))+AE44),2) -> 0 | AE44: =ROUND((EU44),2) -> 0 | AF44: =ROUND((EV44),2) -> 0 | AG44: =ROUND((AP44),2) -> 0 | AH44: =(EW44) -> 0 | AI44: =(EX44) -> 0 | AJ44: =ROUND((AS44),2) -> 0 | AK44: 0 | AL44: 0 | AM44: 0 | AN44: 0 | AO44: 0 | AP44: 0 | AQ44: 0 | AR44: 0 | AS44: 0 | AT44: 105 | AU44: 65 | AV44: 1 | AW44: 1 | AZ44: 6.56 | BA44: 1 | BB44: 1 | BC44: 6.56 | BH44: 3 | BI44: 1 | BM44: 6001 | BN44: 0 | BP44: 0 | BQ44: 2 | BR44: 0 | BS44: 1 | BT44: 1 | BU44: 1 | BV44: 1 | BW44: 1 | BX44: 1 | BZ44: 105 | CA44: 65 | CF44: 0 | CG44: 0 | CM44: 0 | CO44: 0 | CP44: =(P44+Q44+S44) -> 0 | CQ44: =AC44*BC44 -> 0 | CR44: =AD44*BB44 -> 0 | CS44: =AE44*BS44 -> 0 | CT44: =AF44*BA44 -> 0 | CU44: =AG44 -> 0 | CV44: =AH44 -> 0 | CW44: =AI44 -> 0 | CX44: =AJ44 -> 0 | CY44: =(((S44+R44)*AT44)/100) -> 0 | CZ44: =(((S44+R44)*AU44)/100) -> 0 | DN44: 0 | DO44: 0 | DP44: 1 | DQ44: 1 | DU44: 1007 | DV44: м3 | DW44: м3 | DX44: 1 | EE44: 39174490 | EF44: 2 | EG44: Общестроительные работы | EH44: 0 | EJ44: 1 | EK44: 6001 | EL44: Монолитные бетонные и железобетонные конструкции в промышленном строительстве | EM44: ФЕР-06 | EQ44: 0 | ER44: 0 | ES44: 0 | ET44: 0 | EU44: 0 | EV44: 0 | EW44: 0 | EX44: 0 | FQ44: 0 | FR44: =ROUND(IF(AND(BH44=3,BI44=3),P44,0),2) -> 0 | FS44: 0 | FX44: 105 | FY44: 65 | GD44: 0 | GF44: -1646172050 | GG44: 1 | GH44: 1 | GI44: 4 | GJ44: 0 | GK44: =ROUND(R44*(R12)/100,2) -> 0 | GL44: =ROUND(IF(AND(BH44=3,BI44=3,FS44<>0),P44,0),2) -> 0 | GM44: =ROUND(O44+X44+Y44+GK44,2)+GX44 -> 0 | GN44: =IF(OR(BI44=0,BI44=1),ROUND(O44+X44+Y44+GK44,2),0) -> 0 | GO44: =IF(BI44=2,ROUND(O44+X44+Y44+GK44,2),0) -> 0 | GP44: =IF(BI44=4,ROUND(O44+X44+Y44+GK44,2)+GX44,0) -> 0 | GR44: 0 | GS44: 3 | GT44: 0 | GV44: =ROUND(GT44,2) -> 0 | GW44: 1 | GX44: =ROUND(GV44*GW44*I44,2) -> 0 | HA44: 0 | HB44: 0 | IK44: 0
A45: 18 | B45: 1 | C45: 53 | E45: 7,2 | F45: 04.3.02.04-0121 | G45: Смеси бетонные, БСГ, тяжелого бетона на гравийном щебне, фракция 5-20 мм, класс В15 (М200), П3, F100, W2 | H45: м3 | I45: =I43*J45 -> 1.989 | J45: 102 | O45: =ROUND(CP45,2) -> 9338.73 | P45: =ROUND(CQ45*I45,2) -> 9338.73 | Q45: =ROUND(CR45*I45,2) -> 0 | R45: =ROUND(CS45*I45,2) -> 0 | S45: =ROUND(CT45*I45,2) -> 0 | T45: =ROUND(CU45*I45,2) -> 0 | U45: =CV45*I45 -> 0 | V45: =CW45*I45 -> 0 | W45: =ROUND(CX45*I45,2) -> 0 | X45: =ROUND(CY45,2) -> 0 | Y45: =ROUND(CZ45,2) -> 0 | AA45: 39570879 | AB45: =ROUND((AC45+AD45+AF45),2) -> 715.73 | AC45: =ROUND((ES45),2) -> 715.73 | AD45: =ROUND((((ET45)-(EU45))+AE45),2) -> 0 | AE45: =ROUND((EU45),2) -> 0 | AF45: =ROUND((EV45),2) -> 0 | AG45: =ROUND((AP45),2) -> 0 | AH45: =(EW45) -> 0 | AI45: =(EX45) -> 0 | AJ45: =ROUND((AS45),2) -> 0 | AK45: 715.73 | AL45: 715.73 | AM45: 0 | AN45: 0 | AO45: 0 | AP45: 0 | AQ45: 0 | AR45: 0 | AS45: 0 | AT45: 105 | AU45: 65 | AV45: 1 | AW45: 1 | AZ45: 6.56 | BA45: 1 | BB45: 1 | BC45: 6.56 | BH45: 3 | BI45: 1 | BJ45: ФССЦ-2001, 04.3.02.04-0121, приказ Минстроя России №1039/пр от 30.12.2016г. | BM45: 6001 | BN45: 0 | BP45: 0 | BQ45: 2 | BR45: 0 | BS45: 1 | BT45: 1 | BU45: 1 | BV45: 1 | BW45: 1 | BX45: 1 | BZ45: 105 | CA45: 65 | CF45: 0 | CG45: 0 | CM45: 0 | CO45: 0 | CP45: =(P45+Q45+S45) -> 9338.73 | CQ45: =AC45*BC45 -> 4695.1888 | CR45: =AD45*BB45 -> 0 | CS45: =AE45*BS45 -> 0 | CT45: =AF45*BA45 -> 0 | CU45: =AG45 -> 0 | CV45: =AH45 -> 0 | CW45: =AI45 -> 0 | CX45: =AJ45 -> 0 | CY45: =(((S45+R45)*AT45)/100) -> 0 | CZ45: =(((S45+R45)*AU45)/100) -> 0 | DN45: 0 | DO45: 0 | DP45: 1 | DQ45: 1 | DU45: 1007 | DV45: м3 | DW45: м3 | DX45: 1 | EE45: 39174490 | EF45: 2 | EG45: Общестроительные работы | EH45: 0 | EJ45: 1 | EK45: 6001 | EL45: Монолитные бетонные и железобетонные конструкции в промышленном строительстве | EM45: ФЕР-06 | EQ45: 0 | ER45: 715.73 | ES45: 715.73 | ET45: 0 | EU45: 0 | EV45: 0 | EW45: 0 | EX45: 0 | FQ45: 0 | FR45: =ROUND(IF(AND(BH45=3,BI45=3),P45,0),2) -> 0 | FS45: 0 | FX45: 105 | FY45: 65 | GD45: 0 | GF45: -1613979074 | GG45: 1 | GH45: 1 | GI45: 4 | GJ45: 0 | GK45: =ROUND(R45*(R12)/100,2) -> 0 | GL45: =ROUND(IF(AND(BH45=3,BI45=3,FS45<>0),P45,0),2) -> 0 | GM45: =ROUND(O45+X45+Y45+GK45,2)+GX45 -> 9338.73 | GN45: =IF(OR(BI45=0,BI45=1),ROUND(O45+X45+Y45+GK45,2),0) -> 9338.73 | GO45: =IF(BI45=2,ROUND(O45+X45+Y45+GK45,2),0) -> 0 | GP45: =IF(BI45=4,ROUND(O45+X45+Y45+GK45,2)+GX45,0) -> 0 | GR45: 0 | GS45: 3 | GT45: 0 | GV45: =ROUND(GT45,2) -> 0 | GW45: 1 | GX45: =ROUND(GV45*GW45*I45,2) -> 0 | HA45: 0 | HB45: 0 | IK45: 0
A46: 17 | B46: 1 | C46: =ROW(SmtRes!A71) -> 71 | D46: =ROW(EtalonRes!A69) -> 69 | E46: 8 | F46: 06-01-001-06 | G46: Устройство железобетонных фундаментов общего назначения под колонны объемом до 5 м3 | H46: 100 м3 | I46: =ROUND(8.619/100,9) -> 0.08619 | J46: 0 | O46: =ROUND(CP46,2) -> 7017.58 | P46: =ROUND(CQ46*I46,2) -> 1959.35 | Q46: =ROUND(CR46*I46,2) -> 1674.62 | R46: =ROUND(CS46*I46,2) -> 254.17 | S46: =ROUND(CT46*I46,2) -> 3383.61 | T46: =ROUND(CU46*I46,2) -> 0 | U46: =CV46*I46 -> 60.468232 | V46: =CW46*I46 -> 2.8895197 | W46: =ROUND(CX46*I46,2) -> 0 | X46: =ROUND(CY46,2) -> 3819.67 | Y46: =ROUND(CZ46,2) -> 2364.56 | AA46: 39570879 | AB46: =ROUND((AC46+AD46+AF46),2) -> 12411.55 | AC46: =ROUND((ES46),2) -> 3465.38 | AD46: =ROUND(((((ET46*1.25))-((EU46*1.25)))+AE46),2) -> 2961.79 | AE46: =ROUND(((EU46*1.25)),2) -> 449.54 | AF46: =ROUND(((EV46*1.15)),2) -> 5984.38 | AG46: =ROUND((AP46),2) -> 0 | AH46: =((EW46*1.15)) -> 701.569 | AI46: =((EX46*1.25)) -> 33.525 | AJ46: =ROUND((AS46),2) -> 0 | AK46: 11038.62 | AL46: 3465.38 | AM46: 2369.43 | AN46: 359.63 | AO46: 5203.81 | AP46: 0 | AQ46: 610.06 | AR46: 26.82 | AS46: 0 | AT46: 105 | AU46: 65 | AV46: 1 | AW46: 1 | AZ46: 6.56 | BA46: 6.56 | BB46: 6.56 | BC46: 6.56 | BH46: 0 | BI46: 1 | BJ46: ФЕР-2001, 06-01-001-06, приказ Минстроя России №1039/пр от 30.12.2016г. | BM46: 6001 | BN46: 0 | BP46: 0 | BQ46: 2 | BR46: 0 | BS46: 6.56 | BT46: 1 | BU46: 1 | BV46: 1 | BW46: 1 | BX46: 1 | BZ46: 105 | CA46: 65 | CF46: 0 | CG46: 0 | CM46: 0 | CN46: Поправка: МДС 81-35.2004, п.4.7 Наименование: Работы, выполняемые при реконструкции зданий и сооружений работы, аналогичные технологическим процессам в новом строительстве (в том числе возведение новых конструктивных элементов) стоимость которых определена по соответствующим сборникам ФЕР, кроме сборника № 46 «Работы при реконструкции зданий и сооружений» | CO46: 0 | CP46: =(P46+Q46+S46) -> 7017.58 | CQ46: =AC46*BC46 -> 22732.893 | CR46: =AD46*BB46 -> 19429.342 | CS46: =AE46*BS46 -> 2948.9824 | CT46: =AF46*BA46 -> 39257.533 | CU46: =AG46 -> 0 | CV46: =AH46 -> 701.569 | CW46: =AI46 -> 33.525 | CX46: =AJ46 -> 0 | CY46: =(((S46+R46)*AT46)/100) -> 3819.669 | CZ46: =(((S46+R46)*AU46)/100) -> 2364.557 | DE46: )*1,25 | DF46: )*1,25 | DG46: )*1,15 | DI46: )*1,15 | DJ46: )*1,25 | DN46: 0 | DO46: 0 | DP46: 1 | DQ46: 1 | DU46: 1007 | DV46: 100 м3 | DW46: 100 м3 | DX46: 100 | EE46: 39174490 | EF46: 2 | EG46: Общестроительные работы | EH46: 0 | EJ46: 1 | EK46: 6001 | EL46: Монолитные бетонные и железобетонные конструкции в промышленном строительстве | EM46: ФЕР-06 | EO46: Поправка: МДС 81-35.2004, п.4.7 | EQ46: 0 | ER46: 11038.62 | ES46: 3465.38 | ET46: 2369.43 | EU46: 359.63 | EV46: 5203.81 | EW46: 610.06 | EX46: 26.82 | EY46: 0 | FQ46: 0 | FR46: =ROUND(IF(AND(BH46=3,BI46=3),P46,0),2) -> 0 | FS46: 0 | FX46: 105 | FY46: 65 | GD46: 0 | GF46: -1413555049 | GG46: 1 | GH46: 1 | GI46: 4 | GJ46: 0 | GK46: =ROUND(R46*(R12)/100,2) -> 0 | GL46: =ROUND(IF(AND(BH46=3,BI46=3,FS46<>0),P46,0),2) -> 0 | GM46: =ROUND(O46+X46+Y46+GK46,2)+GX46 -> 13201.81 | GN46: =IF(OR(BI46=0,BI46=1),ROUND(O46+X46+Y46+GK46,2),0) -> 13201.81 | GO46: =IF(BI46=2,ROUND(O46+X46+Y46+GK46,2),0) -> 0 | GP46: =IF(BI46=4,ROUND(O46+X46+Y46+GK46,2)+GX46,0) -> 0 | GR46: 0 | GS46: 3 | GT46: 0 | GV46: =ROUND(GT46,2) -> 0 | GW46: 1 | GX46: =ROUND(GV46*GW46*I46,2) -> 0 | HA46: 0 | HB46: 0 | IK46: 0
A47: 18 | B47: 1 | C47: 65 | E47: 8,1 | F47: 04.1.02.06 | G47: Бетон | H47: м3 | I47: =I46*J47 -> 8.748285 | J47: 101.5 | O47: =ROUND(CP47,2) -> 0 | P47: =ROUND(CQ47*I47,2) -> 0 | Q47: =ROUND(CR47*I47,2) -> 0 | R47: =ROUND(CS47*I47,2) -> 0 | S47: =ROUND(CT47*I47,2) -> 0 | T47: =ROUND(CU47*I47,2) -> 0 | U47: =CV47*I47 -> 0 | V47: =CW47*I47 -> 0 | W47: =ROUND(CX47*I47,2) -> 0 | X47: =ROUND(CY47,2) -> 0 | Y47: =ROUND(CZ47,2) -> 0 | AA47: 39570879 | AB47: =ROUND((AC47+AD47+AF47),2) -> 0 | AC47: =ROUND((ES47),2) -> 0 | AD47: =ROUND((((ET47)-(EU47))+AE47),2) -> 0 | AE47: =ROUND((EU47),2) -> 0 | AF47: =ROUND((EV47),2) -> 0 | AG47: =ROUND((AP47),2) -> 0 | AH47: =(EW47) -> 0 | AI47: =(EX47) -> 0 | AJ47: =ROUND((AS47),2) -> 0 | AK47: 0 | AL47: 0 | AM47: 0 | AN47: 0 | AO47: 0 | AP47: 0 | AQ47: 0 | AR47: 0 | AS47: 0 | AT47: 105 | AU47: 65 | AV47: 1 | AW47: 1 | AZ47: 6.56 | BA47: 1 | BB47: 1 | BC47: 6.56 | BH47: 3 | BI47: 1 | BM47: 6001 | BN47: 0 | BP47: 0 | BQ47: 2 | BR47: 0 | BS47: 1 | BT47: 1 | BU47: 1 | BV47: 1 | BW47: 1 | BX47: 1 | BZ47: 105 | CA47: 65 | CF47: 0 | CG47: 0 | CM47: 0 | CO47: 0 | CP47: =(P47+Q47+S47) -> 0 | CQ47: =AC47*BC47 -> 0 | CR47: =AD47*BB47 -> 0 | CS47: =AE47*BS47 -> 0 | CT47: =AF47*BA47 -> 0 | CU47: =AG47 -> 0 | CV47: =AH47 -> 0 | CW47: =AI47 -> 0 | CX47: =AJ47 -> 0 | CY47: =(((S47+R47)*AT47)/100) -> 0 | CZ47: =(((S47+R47)*AU47)/100) -> 0 | DN47: 0 | DO47: 0 | DP47: 1 | DQ47: 1 | DU47: 1007 | DV47: м3 | DW47: м3 | DX47: 1 | EE47: 39174490 | EF47: 2 | EG47: Общестроительные работы | EH47: 0 | EJ47: 1 | EK47: 6001 | EL47: Монолитные бетонные и железобетонные конструкции в промышленном строительстве | EM47: ФЕР-06 | EQ47: 0 | ER47: 0 | ES47: 0 | ET47: 0 | EU47: 0 | EV47: 0 | EW47: 0 | EX47: 0 | FQ47: 0 | FR47: =ROUND(IF(AND(BH47=3,BI47=3),P47,0),2) -> 0 | FS47: 0 | FX47: 105 | FY47: 65 | GD47: 0 | GF47: -1646172050 | GG47: 1 | GH47: 1 | GI47: 4 | GJ47: 0 | GK47: =ROUND(R47*(R12)/100,2) -> 0 | GL47: =ROUND(IF(AND(BH47=3,BI47=3,FS47<>0),P47,0),2) -> 0 | GM47: =ROUND(O47+X47+Y47+GK47,2)+GX47 -> 0 | GN47: =IF(OR(BI47=0,BI47=1),ROUND(O47+X47+Y47+GK47,2),0) -> 0 | GO47: =IF(BI47=2,ROUND(O47+X47+Y47+GK47,2),0) -> 0 | GP47: =IF(BI47=4,ROUND(O47+X47+Y47+GK47,2)+GX47,0) -> 0 | GR47: 0 | GS47: 3 | GT47: 0 | GV47: =ROUND(GT47,2) -> 0 | GW47: 1 | GX47: =ROUND(GV47*GW47*I47,2) -> 0 | HA47: 0 | HB47: 0 | IK47: 0
A48: 18 | B48: 1 | C48: 66 | E48: 8,2 | F48: 04.3.02.04-0154 | G48: Смеси бетонные, БСГ, тяжелого бетона на гранитном щебне, фракция 5-20 мм, класс В25 (М350), П3, F150, W6 | H48: м3 | I48: =I46*J48 -> 8.748285 | J48: 101.5 | O48: =ROUND(CP48,2) -> 42768.39 | P48: =ROUND(CQ48*I48,2) -> 42768.39 | Q48: =ROUND(CR48*I48,2) -> 0 | R48: =ROUND(CS48*I48,2) -> 0 | S48: =ROUND(CT48*I48,2) -> 0 | T48: =ROUND(CU48*I48,2) -> 0 | U48: =CV48*I48 -> 0 | V48: =CW48*I48 -> 0 | W48: =ROUND(CX48*I48,2) -> 0 | X48: =ROUND(CY48,2) -> 0 | Y48: =ROUND(CZ48,2) -> 0 | AA48: 39570879 | AB48: =ROUND((AC48+AD48+AF48),2) -> 745.24 | AC48: =ROUND((ES48),2) -> 745.24 | AD48: =ROUND((((ET48)-(EU48))+AE48),2) -> 0 | AE48: =ROUND((EU48),2) -> 0 | AF48: =ROUND((EV48),2) -> 0 | AG48: =ROUND((AP48),2) -> 0 | AH48: =(EW48) -> 0 | AI48: =(EX48) -> 0 | AJ48: =ROUND((AS48),2) -> 0 | AK48: 745.24 | AL48: 745.24 | AM48: 0 | AN48: 0 | AO48: 0 | AP48: 0 | AQ48: 0 | AR48: 0 | AS48: 0 | AT48: 105 | AU48: 65 | AV48: 1 | AW48: 1 | AZ48: 6.56 | BA48: 1 | BB48: 1 | BC48: 6.56 | BH48: 3 | BI48: 1 | BJ48: ФССЦ-2001, 04.3.02.04-0154, приказ Минстроя России №1039/пр от 30.12.2016г. | BM48: 6001 | BN48: 0 | BP48: 0 | BQ48: 2 | BR48: 0 | BS48: 1 | BT48: 1 | BU48: 1 | BV48: 1 | BW48: 1 | BX48: 1 | BZ48: 105 | CA48: 65 | CF48: 0 | CG48: 0 | CM48: 0 | CO48: 0 | CP48: =(P48+Q48+S48) -> 42768.39 | CQ48: =AC48*BC48 -> 4888.7744 | CR48: =AD48*BB48 -> 0 | CS48: =AE48*BS48 -> 0 | CT48: =AF48*BA48 -> 0 | CU48: =AG48 -> 0 | CV48: =AH48 -> 0 | CW48: =AI48 -> 0 | CX48: =AJ48 -> 0 | CY48: =(((S48+R48)*AT48)/100) -> 0 | CZ48: =(((S48+R48)*AU48)/100) -> 0 | DN48: 0 | DO48: 0 | DP48: 1 | DQ48: 1 | DU48: 1007 | DV48: м3 | DW48: м3 | DX48: 1 | EE48: 39174490 | EF48: 2 | EG48: Общестроительные работы | EH48: 0 | EJ48: 1 | EK48: 6001 | EL48: Монолитные бетонные и железобетонные конструкции в промышленном строительстве | EM48: ФЕР-06 | EQ48: 0 | ER48: 745.24 | ES48: 745.24 | ET48: 0 | EU48: 0 | EV48: 0 | EW48: 0 | EX48: 0 | FQ48: 0 | FR48: =ROUND(IF(AND(BH48=3,BI48=3),P48,0),2) -> 0 | FS48: 0 | FX48: 105 | FY48: 65 | GD48: 0 | GF48: -1144518642 | GG48: 1 | GH48: 1 | GI48: 4 | GJ48: 0 | GK48: =ROUND(R48*(R12)/100,2) -> 0 | GL48: =ROUND(IF(AND(BH48=3,BI48=3,FS48<>0),P48,0),2) -> 0 | GM48: =ROUND(O48+X48+Y48+GK48,2)+GX48 -> 42768.39 | GN48: =IF(OR(BI48=0,BI48=1),ROUND(O48+X48+Y48+GK48,2),0) -> 42768.39 | GO48: =IF(BI48=2,ROUND(O48+X48+Y48+GK48,2),0) -> 0 | GP48: =IF(BI48=4,ROUND(O48+X48+Y48+GK48,2)+GX48,0) -> 0 | GR48: 0 | GS48: 3 | GT48: 0 | GV48: =ROUND(GT48,2) -> 0 | GW48: 1 | GX48: =ROUND(GV48*GW48*I48,2) -> 0 | HA48: 0 | HB48: 0 | IK48: 0
A49: 18 | B49: 1 | C49: 69 | E49: 8,3 | F49: 08.4.03.03-0032 | G49: Горячекатаная арматурная сталь периодического профиля класса А-III, диаметром 12 мм (по проекту) | H49: т | I49: =I46*J49 -> 0.69652 | J49: 8.0812159 | O49: =ROUND(CP49,2) -> 36540.71 | P49: =ROUND(CQ49*I49,2) -> 36540.71 | Q49: =ROUND(CR49*I49,2) -> 0 | R49: =ROUND(CS49*I49,2) -> 0 | S49: =ROUND(CT49*I49,2) -> 0 | T49: =ROUND(CU49*I49,2) -> 0 | U49: =CV49*I49 -> 0 | V49: =CW49*I49 -> 0 | W49: =ROUND(CX49*I49,2) -> 0 | X49: =ROUND(CY49,2) -> 0 | Y49: =ROUND(CZ49,2) -> 0 | AA49: 39570879 | AB49: =ROUND((AC49+AD49+AF49),2) -> 7997.23 | AC49: =ROUND((ES49),2) -> 7997.23 | AD49: =ROUND((((ET49)-(EU49))+AE49),2) -> 0 | AE49: =ROUND((EU49),2) -> 0 | AF49: =ROUND((EV49),2) -> 0 | AG49: =ROUND((AP49),2) -> 0 | AH49: =(EW49) -> 0 | AI49: =(EX49) -> 0 | AJ49: =ROUND((AS49),2) -> 0 | AK49: 7997.23 | AL49: 7997.23 | AM49: 0 | AN49: 0 | AO49: 0 | AP49: 0 | AQ49: 0 | AR49: 0 | AS49: 0 | AT49: 105 | AU49: 65 | AV49: 1 | AW49: 1 | AZ49: 6.56 | BA49: 1 | BB49: 1 | BC49: 6.56 | BH49: 3 | BI49: 1 | BJ49: ФССЦ-2001, 08.4.03.03-0032, приказ Минстроя России №1039/пр от 30.12.2016г. | BM49: 6001 | BN49: 0 | BP49: 0 | BQ49: 2 | BR49: 0 | BS49: 1 | BT49: 1 | BU49: 1 | BV49: 1 | BW49: 1 | BX49: 1 | BZ49: 105 | CA49: 65 | CF49: 0 | CG49: 0 | CM49: 0 | CO49: 0 | CP49: =(P49+Q49+S49) -> 36540.71 | CQ49: =AC49*BC49 -> 52461.829 | CR49: =AD49*BB49 -> 0 | CS49: =AE49*BS49 -> 0 | CT49: =AF49*BA49 -> 0 | CU49: =AG49 -> 0 | CV49: =AH49 -> 0 | CW49: =AI49 -> 0 | CX49: =AJ49 -> 0 | CY49: =(((S49+R49)*AT49)/100) -> 0 | CZ49: =(((S49+R49)*AU49)/100) -> 0 | DN49: 0 | DO49: 0 | DP49: 1 | DQ49: 1 | DU49: 1009 | DV49: т | DW49: т | DX49: 1000 | EE49: 39174490 | EF49: 2 | EG49: Общестроительные работы | EH49: 0 | EJ49: 1 | EK49: 6001 | EL49: Монолитные бетонные и железобетонные конструкции в промышленном строительстве | EM49: ФЕР-06 | EQ49: 0 | ER49: 7997.23 | ES49: 7997.23 | ET49: 0 | EU49: 0 | EV49: 0 | EW49: 0 | EX49: 0 | FQ49: 0 | FR49: =ROUND(IF(AND(BH49=3,BI49=3),P49,0),2) -> 0 | FS49: 0 | FX49: 105 | FY49: 65 | GD49: 0 | GF49: -996019172 | GG49: 1 | GH49: 1 | GI49: 4 | GJ49: 0 | GK49: =ROUND(R49*(R12)/100,2) -> 0 | GL49: =ROUND(IF(AND(BH49=3,BI49=3,FS49<>0),P49,0),2) -> 0 | GM49: =ROUND(O49+X49+Y49+GK49,2)+GX49 -> 36540.71 | GN49: =IF(OR(BI49=0,BI49=1),ROUND(O49+X49+Y49+GK49,2),0) -> 36540.71 | GO49: =IF(BI49=2,ROUND(O49+X49+Y49+GK49,2),0) -> 0 | GP49: =IF(BI49=4,ROUND(O49+X49+Y49+GK49,2)+GX49,0) -> 0 | GR49: 0 | GS49: 3 | GT49: 0 | GV49: =ROUND(GT49,2) -> 0 | GW49: 1 | GX49: =ROUND(GV49*GW49*I49,2) -> 0 | HA49: 0 | HB49: 0 | IK49: 0
A50: 17 | B50: 1 | C50: =ROW(SmtRes!A82) -> 82 | D50: =ROW(EtalonRes!A78) -> 78 | E50: 9 | F50: 06-01-015-05 | G50: Установка анкерных болтов при бетонировании в виде сваренных каркасов | H50: т | I50: 0.1168 | J50: 0 | O50: =ROUND(CP50,2) -> 5527.32 | P50: =ROUND(CQ50*I50,2) -> 5053.87 | Q50: =ROUND(CR50*I50,2) -> 204.28 | R50: =ROUND(CS50*I50,2) -> 27.15 | S50: =ROUND(CT50*I50,2) -> 269.17 | T50: =ROUND(CU50*I50,2) -> 0 | U50: =CV50*I50 -> 4.5238976 | V50: =CW50*I50 -> 0.33434 | W50: =ROUND(CX50*I50,2) -> 0 | X50: =ROUND(CY50,2) -> 311.14 | Y50: =ROUND(CZ50,2) -> 192.61 | AA50: 39570879 | AB50: =ROUND((AC50+AD50+AF50),2) -> 7213.86 | AC50: =ROUND((ES50),2) -> 6595.95 | AD50: =ROUND(((((ET50*1.25))-((EU50*1.25)))+AE50),2) -> 266.61 | AE50: =ROUND(((EU50*1.25)),2) -> 35.43 | AF50: =ROUND(((EV50*1.15)),2) -> 351.3 | AG50: =ROUND((AP50),2) -> 0 | AH50: =((EW50*1.15)) -> 38.732 | AI50: =((EX50*1.25)) -> 2.8625 | AJ50: =ROUND((AS50),2) -> 0 | AK50: 7114.71 | AL50: 6595.95 | AM50: 213.28 | AN50: 28.34 | AO50: 305.48 | AP50: 0 | AQ50: 33.68 | AR50: 2.29 | AS50: 0 | AT50: 105 | AU50: 65 | AV50: 1 | AW50: 1 | AZ50: 6.56 | BA50: 6.56 | BB50: 6.56 | BC50: 6.56 | BH50: 0 | BI50: 1 | BJ50: ФЕР-2001, 06-01-015-05, приказ Минстроя России №1039/пр от 30.12.2016г. | BM50: 6001 | BN50: 0 | BP50: 0 | BQ50: 2 | BR50: 0 | BS50: 6.56 | BT50: 1 | BU50: 1 | BV50: 1 | BW50: 1 | BX50: 1 | BZ50: 105 | CA50: 65 | CF50: 0 | CG50: 0 | CM50: 0 | CN50: Поправка: МДС 81-35.2004, п.4.7 Наименование: Работы, выполняемые при реконструкции зданий и сооружений работы, аналогичные технологическим процессам в новом строительстве (в том числе возведение новых конструктивных элементов) стоимость которых определена по соответствующим сборникам ФЕР, кроме сборника № 46 «Работы при реконструкции зданий и сооружений» | CO50: 0 | CP50: =(P50+Q50+S50) -> 5527.32 | CQ50: =AC50*BC50 -> 43269.432 | CR50: =AD50*BB50 -> 1748.9616 | CS50: =AE50*BS50 -> 232.4208 | CT50: =AF50*BA50 -> 2304.528 | CU50: =AG50 -> 0 | CV50: =AH50 -> 38.732 | CW50: =AI50 -> 2.8625 | CX50: =AJ50 -> 0 | CY50: =(((S50+R50)*AT50)/100) -> 311.136 | CZ50: =(((S50+R50)*AU50)/100) -> 192.608 | DE50: )*1,25 | DF50: )*1,25 | DG50: )*1,15 | DI50: )*1,15 | DJ50: )*1,25 | DN50: 0 | DO50: 0 | DP50: 1 | DQ50: 1 | DU50: 1009 | DV50: т | DW50: т | DX50: 1000 | EE50: 39174490 | EF50: 2 | EG50: Общестроительные работы | EH50: 0 | EJ50: 1 | EK50: 6001 | EL50: Монолитные бетонные и железобетонные конструкции в промышленном строительстве | EM50: ФЕР-06 | EO50: Поправка: МДС 81-35.2004, п.4.7 | EQ50: 0 | ER50: 7114.71 | ES50: 6595.95 | ET50: 213.28 | EU50: 28.34 | EV50: 305.48 | EW50: 33.68 | EX50: 2.29 | EY50: 0 | FQ50: 0 | FR50: =ROUND(IF(AND(BH50=3,BI50=3),P50,0),2) -> 0 | FS50: 0 | FX50: 105 | FY50: 65 | GD50: 0 | GF50: -939931777 | GG50: 1 | GH50: 1 | GI50: 4 | GJ50: 0 | GK50: =ROUND(R50*(R12)/100,2) -> 0 | GL50: =ROUND(IF(AND(BH50=3,BI50=3,FS50<>0),P50,0),2) -> 0 | GM50: =ROUND(O50+X50+Y50+GK50,2)+GX50 -> 6031.07 | GN50: =IF(OR(BI50=0,BI50=1),ROUND(O50+X50+Y50+GK50,2),0) -> 6031.07 | GO50: =IF(BI50=2,ROUND(O50+X50+Y50+GK50,2),0) -> 0 | GP50: =IF(BI50=4,ROUND(O50+X50+Y50+GK50,2)+GX50,0) -> 0 | GR50: 0 | GS50: 3 | GT50: 0 | GV50: =ROUND(GT50,2) -> 0 | GW50: 1 | GX50: =ROUND(GV50*GW50*I50,2) -> 0 | HA50: 0 | HB50: 0 | IK50: 0
A51: 18 | B51: 1 | C51: 78 | E51: 9,1 | F51: 07.2.07.02 | G51: Кондуктор инвентарный металлический | H51: шт. | I51: =I50*J51 -> 1 | J51: 8.5616438 | O51: =ROUND(CP51,2) -> 0 | P51: =ROUND(CQ51*I51,2) -> 0 | Q51: =ROUND(CR51*I51,2) -> 0 | R51: =ROUND(CS51*I51,2) -> 0 | S51: =ROUND(CT51*I51,2) -> 0 | T51: =ROUND(CU51*I51,2) -> 0 | U51: =CV51*I51 -> 0 | V51: =CW51*I51 -> 0 | W51: =ROUND(CX51*I51,2) -> 0 | X51: =ROUND(CY51,2) -> 0 | Y51: =ROUND(CZ51,2) -> 0 | AA51: 39570879 | AB51: =ROUND((AC51+AD51+AF51),2) -> 0 | AC51: =ROUND((ES51),2) -> 0 | AD51: =ROUND((((ET51)-(EU51))+AE51),2) -> 0 | AE51: =ROUND((EU51),2) -> 0 | AF51: =ROUND((EV51),2) -> 0 | AG51: =ROUND((AP51),2) -> 0 | AH51: =(EW51) -> 0 | AI51: =(EX51) -> 0 | AJ51: =ROUND((AS51),2) -> 0 | AK51: 0 | AL51: 0 | AM51: 0 | AN51: 0 | AO51: 0 | AP51: 0 | AQ51: 0 | AR51: 0 | AS51: 0 | AT51: 105 | AU51: 65 | AV51: 1 | AW51: 1 | AZ51: 6.56 | BA51: 1 | BB51: 1 | BC51: 6.56 | BH51: 3 | BI51: 1 | BM51: 6001 | BN51: 0 | BP51: 0 | BQ51: 2 | BR51: 0 | BS51: 1 | BT51: 1 | BU51: 1 | BV51: 1 | BW51: 1 | BX51: 1 | BZ51: 105 | CA51: 65 | CF51: 0 | CG51: 0 | CM51: 0 | CO51: 0 | CP51: =(P51+Q51+S51) -> 0 | CQ51: =AC51*BC51 -> 0 | CR51: =AD51*BB51 -> 0 | CS51: =AE51*BS51 -> 0 | CT51: =AF51*BA51 -> 0 | CU51: =AG51 -> 0 | CV51: =AH51 -> 0 | CW51: =AI51 -> 0 | CX51: =AJ51 -> 0 | CY51: =(((S51+R51)*AT51)/100) -> 0 | CZ51: =(((S51+R51)*AU51)/100) -> 0 | DN51: 0 | DO51: 0 | DP51: 1 | DQ51: 1 | DU51: 1010 | DV51: шт. | DW51: шт. | DX51: 1 | EE51: 39174490 | EF51: 2 | EG51: Общестроительные работы | EH51: 0 | EJ51: 1 | EK51: 6001 | EL51: Монолитные бетонные и железобетонные конструкции в промышленном строительстве | EM51: ФЕР-06 | EQ51: 0 | ER51: 0 | ES51: 0 | ET51: 0 | EU51: 0 | EV51: 0 | EW51: 0 | EX51: 0 | FQ51: 0 | FR51: =ROUND(IF(AND(BH51=3,BI51=3),P51,0),2) -> 0 | FS51: 0 | FX51: 105 | FY51: 65 | GD51: 0 | GF51: 1853259601 | GG51: 1 | GH51: 1 | GI51: 4 | GJ51: 0 | GK51: =ROUND(R51*(R12)/100,2) -> 0 | GL51: =ROUND(IF(AND(BH51=3,BI51=3,FS51<>0),P51,0),2) -> 0 | GM51: =ROUND(O51+X51+Y51+GK51,2)+GX51 -> 0 | GN51: =IF(OR(BI51=0,BI51=1),ROUND(O51+X51+Y51+GK51,2),0) -> 0 | GO51: =IF(BI51=2,ROUND(O51+X51+Y51+GK51,2),0) -> 0 | GP51: =IF(BI51=4,ROUND(O51+X51+Y51+GK51,2)+GX51,0) -> 0 | GR51: 0 | GS51: 3 | GT51: 0 | GV51: =ROUND(GT51,2) -> 0 | GW51: 1 | GX51: =ROUND(GV51*GW51*I51,2) -> 0 | HA51: 0 | HB51: 0 | IK51: 0
A52: 18 | B52: 1 | C52: 79 | E52: 9,2 | F52: 07.2.07.02-0001 | G52: Кондуктор инвентарный металлический | H52: шт. | I52: =I50*J52 -> 1 | J52: 8.5616438 | O52: =ROUND(CP52,2) -> 2269.76 | P52: =ROUND(CQ52*I52,2) -> 2269.76 | Q52: =ROUND(CR52*I52,2) -> 0 | R52: =ROUND(CS52*I52,2) -> 0 | S52: =ROUND(CT52*I52,2) -> 0 | T52: =ROUND(CU52*I52,2) -> 0 | U52: =CV52*I52 -> 0 | V52: =CW52*I52 -> 0 | W52: =ROUND(CX52*I52,2) -> 0 | X52: =ROUND(CY52,2) -> 0 | Y52: =ROUND(CZ52,2) -> 0 | AA52: 39570879 | AB52: =ROUND((AC52+AD52+AF52),2) -> 346 | AC52: =ROUND((ES52),2) -> 346 | AD52: =ROUND((((ET52)-(EU52))+AE52),2) -> 0 | AE52: =ROUND((EU52),2) -> 0 | AF52: =ROUND((EV52),2) -> 0 | AG52: =ROUND((AP52),2) -> 0 | AH52: =(EW52) -> 0 | AI52: =(EX52) -> 0 | AJ52: =ROUND((AS52),2) -> 0 | AK52: 346 | AL52: 346 | AM52: 0 | AN52: 0 | AO52: 0 | AP52: 0 | AQ52: 0 | AR52: 0 | AS52: 0 | AT52: 105 | AU52: 65 | AV52: 1 | AW52: 1 | AZ52: 6.56 | BA52: 1 | BB52: 1 | BC52: 6.56 | BH52: 3 | BI52: 1 | BJ52: ФССЦ-2001, 07.2.07.02-0001, приказ Минстроя России №1039/пр от 30.12.2016г. | BM52: 6001 | BN52: 0 | BP52: 0 | BQ52: 2 | BR52: 0 | BS52: 1 | BT52: 1 | BU52: 1 | BV52: 1 | BW52: 1 | BX52: 1 | BZ52: 105 | CA52: 65 | CF52: 0 | CG52: 0 | CM52: 0 | CO52: 0 | CP52: =(P52+Q52+S52) -> 2269.76 | CQ52: =AC52*BC52 -> 2269.76 | CR52: =AD52*BB52 -> 0 | CS52: =AE52*BS52 -> 0 | CT52: =AF52*BA52 -> 0 | CU52: =AG52 -> 0 | CV52: =AH52 -> 0 | CW52: =AI52 -> 0 | CX52: =AJ52 -> 0 | CY52: =(((S52+R52)*AT52)/100) -> 0 | CZ52: =(((S52+R52)*AU52)/100) -> 0 | DN52: 0 | DO52: 0 | DP52: 1 | DQ52: 1 | DU52: 1010 | DV52: шт. | DW52: шт. | DX52: 1 | EE52: 39174490 | EF52: 2 | EG52: Общестроительные работы | EH52: 0 | EJ52: 1 | EK52: 6001 | EL52: Монолитные бетонные и железобетонные конструкции в промышленном строительстве | EM52: ФЕР-06 | EQ52: 0 | ER52: 346 | ES52: 346 | ET52: 0 | EU52: 0 | EV52: 0 | EW52: 0 | EX52: 0 | FQ52: 0 | FR52: =ROUND(IF(AND(BH52=3,BI52=3),P52,0),2) -> 0 | FS52: 0 | FX52: 105 | FY52: 65 | GD52: 0 | GF52: 459441003 | GG52: 1 | GH52: 1 | GI52: 4 | GJ52: 0 | GK52: =ROUND(R52*(R12)/100,2) -> 0 | GL52: =ROUND(IF(AND(BH52=3,BI52=3,FS52<>0),P52,0),2) -> 0 | GM52: =ROUND(O52+X52+Y52+GK52,2)+GX52 -> 2269.76 | GN52: =IF(OR(BI52=0,BI52=1),ROUND(O52+X52+Y52+GK52,2),0) -> 2269.76 | GO52: =IF(BI52=2,ROUND(O52+X52+Y52+GK52,2),0) -> 0 | GP52: =IF(BI52=4,ROUND(O52+X52+Y52+GK52,2)+GX52,0) -> 0 | GR52: 0 | GS52: 3 | GT52: 0 | GV52: =ROUND(GT52,2) -> 0 | GW52: 1 | GX52: =ROUND(GV52*GW52*I52,2) -> 0 | HA52: 0 | HB52: 0 | IK52: 0
A53: 18 | B53: 1 | C53: 80 | E53: 9,3 | F53: 07.2.07.04-0001 | G53: Конструкции стальные индивидуальные листовые сварные из стали толщиной 3-10 мм массой 0,1-0,5 т | H53: т | I53: =I50*J53 -> 0.04088 | J53: 0.35 | O53: =ROUND(CP53,2) -> 2694.06 | P53: =ROUND(CQ53*I53,2) -> 2694.06 | Q53: =ROUND(CR53*I53,2) -> 0 | R53: =ROUND(CS53*I53,2) -> 0 | S53: =ROUND(CT53*I53,2) -> 0 | T53: =ROUND(CU53*I53,2) -> 0 | U53: =CV53*I53 -> 0 | V53: =CW53*I53 -> 0 | W53: =ROUND(CX53*I53,2) -> 0 | X53: =ROUND(CY53,2) -> 0 | Y53: =ROUND(CZ53,2) -> 0 | AA53: 39570879 | AB53: =ROUND((AC53+AD53+AF53),2) -> 10046 | AC53: =ROUND((ES53),2) -> 10046 | AD53: =ROUND((((ET53)-(EU53))+AE53),2) -> 0 | AE53: =ROUND((EU53),2) -> 0 | AF53: =ROUND((EV53),2) -> 0 | AG53: =ROUND((AP53),2) -> 0 | AH53: =(EW53) -> 0 | AI53: =(EX53) -> 0 | AJ53: =ROUND((AS53),2) -> 0 | AK53: 10046 | AL53: 10046 | AM53: 0 | AN53: 0 | AO53: 0 | AP53: 0 | AQ53: 0 | AR53: 0 | AS53: 0 | AT53: 105 | AU53: 65 | AV53: 1 | AW53: 1 | AZ53: 6.56 | BA53: 1 | BB53: 1 | BC53: 6.56 | BH53: 3 | BI53: 1 | BJ53: ФССЦ-2001, 07.2.07.04-0001, приказ Минстроя России №1039/пр от 30.12.2016г. | BM53: 6001 | BN53: 0 | BP53: 0 | BQ53: 2 | BR53: 0 | BS53: 1 | BT53: 1 | BU53: 1 | BV53: 1 | BW53: 1 | BX53: 1 | BZ53: 105 | CA53: 65 | CF53: 0 | CG53: 0 | CM53: 0 | CO53: 0 | CP53: =(P53+Q53+S53) -> 2694.06 | CQ53: =AC53*BC53 -> 65901.76 | CR53: =AD53*BB53 -> 0 | CS53: =AE53*BS53 -> 0 | CT53: =AF53*BA53 -> 0 | CU53: =AG53 -> 0 | CV53: =AH53 -> 0 | CW53: =AI53 -> 0 | CX53: =AJ53 -> 0 | CY53: =(((S53+R53)*AT53)/100) -> 0 | CZ53: =(((S53+R53)*AU53)/100) -> 0 | DN53: 0 | DO53: 0 | DP53: 1 | DQ53: 1 | DU53: 1009 | DV53: т | DW53: т | DX53: 1000 | EE53: 39174490 | EF53: 2 | EG53: Общестроительные работы | EH53: 0 | EJ53: 1 | EK53: 6001 | EL53: Монолитные бетонные и железобетонные конструкции в промышленном строительстве | EM53: ФЕР-06 | EQ53: 0 | ER53: 10046 | ES53: 10046 | ET53: 0 | EU53: 0 | EV53: 0 | EW53: 0 | EX53: 0 | FQ53: 0 | FR53: =ROUND(IF(AND(BH53=3,BI53=3),P53,0),2) -> 0 | FS53: 0 | FX53: 105 | FY53: 65 | GD53: 0 | GF53: -1585038080 | GG53: 1 | GH53: 1 | GI53: 4 | GJ53: 0 | GK53: =ROUND(R53*(R12)/100,2) -> 0 | GL53: =ROUND(IF(AND(BH53=3,BI53=3,FS53<>0),P53,0),2) -> 0 | GM53: =ROUND(O53+X53+Y53+GK53,2)+GX53 -> 2694.06 | GN53: =IF(OR(BI53=0,BI53=1),ROUND(O53+X53+Y53+GK53,2),0) -> 2694.06 | GO53: =IF(BI53=2,ROUND(O53+X53+Y53+GK53,2),0) -> 0 | GP53: =IF(BI53=4,ROUND(O53+X53+Y53+GK53,2)+GX53,0) -> 0 | GR53: 0 | GS53: 3 | GT53: 0 | GV53: =ROUND(GT53,2) -> 0 | GW53: 1 | GX53: =ROUND(GV53*GW53*I53,2) -> 0 | HA53: 0 | HB53: 0 | IK53: 0
A54: 18 | B54: 1 | C54: 81 | E54: 9,4 | F54: 07.2.07.13 | G54: Конструкции стальные | H54: т | I54: =I50*J54 -> 0.04088 | J54: 0.35 | O54: =ROUND(CP54,2) -> 0 | P54: =ROUND(CQ54*I54,2) -> 0 | Q54: =ROUND(CR54*I54,2) -> 0 | R54: =ROUND(CS54*I54,2) -> 0 | S54: =ROUND(CT54*I54,2) -> 0 | T54: =ROUND(CU54*I54,2) -> 0 | U54: =CV54*I54 -> 0 | V54: =CW54*I54 -> 0 | W54: =ROUND(CX54*I54,2) -> 0 | X54: =ROUND(CY54,2) -> 0 | Y54: =ROUND(CZ54,2) -> 0 | AA54: 39570879 | AB54: =ROUND((AC54+AD54+AF54),2) -> 0 | AC54: =ROUND((ES54),2) -> 0 | AD54: =ROUND((((ET54)-(EU54))+AE54),2) -> 0 | AE54: =ROUND((EU54),2) -> 0 | AF54: =ROUND((EV54),2) -> 0 | AG54: =ROUND((AP54),2) -> 0 | AH54: =(EW54) -> 0 | AI54: =(EX54) -> 0 | AJ54: =ROUND((AS54),2) -> 0 | AK54: 0 | AL54: 0 | AM54: 0 | AN54: 0 | AO54: 0 | AP54: 0 | AQ54: 0 | AR54: 0 | AS54: 0 | AT54: 105 | AU54: 65 | AV54: 1 | AW54: 1 | AZ54: 6.56 | BA54: 1 | BB54: 1 | BC54: 6.56 | BH54: 3 | BI54: 1 | BM54: 6001 | BN54: 0 | BP54: 0 | BQ54: 2 | BR54: 0 | BS54: 1 | BT54: 1 | BU54: 1 | BV54: 1 | BW54: 1 | BX54: 1 | BZ54: 105 | CA54: 65 | CF54: 0 | CG54: 0 | CM54: 0 | CO54: 0 | CP54: =(P54+Q54+S54) -> 0 | CQ54: =AC54*BC54 -> 0 | CR54: =AD54*BB54 -> 0 | CS54: =AE54*BS54 -> 0 | CT54: =AF54*BA54 -> 0 | CU54: =AG54 -> 0 | CV54: =AH54 -> 0 | CW54: =AI54 -> 0 | CX54: =AJ54 -> 0 | CY54: =(((S54+R54)*AT54)/100) -> 0 | CZ54: =(((S54+R54)*AU54)/100) -> 0 | DN54: 0 | DO54: 0 | DP54: 1 | DQ54: 1 | DU54: 1009 | DV54: т | DW54: т | DX54: 1000 | EE54: 39174490 | EF54: 2 | EG54: Общестроительные работы | EH54: 0 | EJ54: 1 | EK54: 6001 | EL54: Монолитные бетонные и железобетонные конструкции в промышленном строительстве | EM54: ФЕР-06 | EQ54: 0 | ER54: 0 | ES54: 0 | ET54: 0 | EU54: 0 | EV54: 0 | EW54: 0 | EX54: 0 | FQ54: 0 | FR54: =ROUND(IF(AND(BH54=3,BI54=3),P54,0),2) -> 0 | FS54: 0 | FX54: 105 | FY54: 65 | GD54: 0 | GF54: 748648226 | GG54: 1 | GH54: 1 | GI54: 4 | GJ54: 0 | GK54: =ROUND(R54*(R12)/100,2) -> 0 | GL54: =ROUND(IF(AND(BH54=3,BI54=3,FS54<>0),P54,0),2) -> 0 | GM54: =ROUND(O54+X54+Y54+GK54,2)+GX54 -> 0 | GN54: =IF(OR(BI54=0,BI54=1),ROUND(O54+X54+Y54+GK54,2),0) -> 0 | GO54: =IF(BI54=2,ROUND(O54+X54+Y54+GK54,2),0) -> 0 | GP54: =IF(BI54=4,ROUND(O54+X54+Y54+GK54,2)+GX54,0) -> 0 | GR54: 0 | GS54: 3 | GT54: 0 | GV54: =ROUND(GT54,2) -> 0 | GW54: 1 | GX54: =ROUND(GV54*GW54*I54,2) -> 0 | HA54: 0 | HB54: 0 | IK54: 0
A55: 17 | B55: 1 | C55: =ROW(SmtRes!A90) -> 90 | D55: =ROW(EtalonRes!A85) -> 85 | E55: 10 | F55: 11-01-002-01 | G55: Устройство подстилающих слоев песчаных | H55: м3 | I55: 15.92 | J55: 0 | O55: =ROUND(CP55,2) -> 7132.92 | P55: =ROUND(CQ55*I55,2) -> 38.64 | Q55: =ROUND(CR55*I55,2) -> 3556.02 | R55: =ROUND(CS55*I55,2) -> 392.68 | S55: =ROUND(CT55*I55,2) -> 3538.26 | T55: =ROUND(CU55*I55,2) -> 0 | U55: =CV55*I55 -> 62.43028 | V55: =CW55*I55 -> 5.97 | W55: =ROUND(CX55*I55,2) -> 0 | X55: =ROUND(CY55,2) -> 4835.06 | Y55: =ROUND(CZ55,2) -> 2948.21 | AA55: 39570879 | AB55: =ROUND((AC55+AD55+AF55),2) -> 68.3 | AC55: =ROUND((ES55),2) -> 0.37 | AD55: =ROUND(((((ET55*1.25))-((EU55*1.25)))+AE55),2) -> 34.05 | AE55: =ROUND(((EU55*1.25)),2) -> 3.76 | AF55: =ROUND(((EV55*1.15)),2) -> 33.88 | AG55: =ROUND((AP55),2) -> 0 | AH55: =((EW55*1.15)) -> 3.9215 | AI55: =((EX55*1.25)) -> 0.375 | AJ55: =ROUND((AS55),2) -> 0 | AK55: 57.07 | AL55: 0.37 | AM55: 27.24 | AN55: 3.01 | AO55: 29.46 | AP55: 0 | AQ55: 3.41 | AR55: 0.3 | AS55: 0 | AT55: 123 | AU55: 75 | AV55: 1 | AW55: 1 | AZ55: 6.56 | BA55: 6.56 | BB55: 6.56 | BC55: 6.56 | BH55: 0 | BI55: 1 | BJ55: ФЕР-2001, 11-01-002-01, приказ Минстроя России №1039/пр от 30.12.2016г. | BM55: 11001 | BN55: 0 | BP55: 0 | BQ55: 2 | BR55: 0 | BS55: 6.56 | BT55: 1 | BU55: 1 | BV55: 1 | BW55: 1 | BX55: 1 | BZ55: 123 | CA55: 75 | CF55: 0 | CG55: 0 | CM55: 0 | CN55: Поправка: МДС 81-35.2004, п.4.7 Наименование: Работы, выполняемые при реконструкции зданий и сооружений работы, аналогичные технологическим процессам в новом строительстве (в том числе возведение новых конструктивных элементов) стоимость которых определена по соответствующим сборникам ФЕР, кроме сборника № 46 «Работы при реконструкции зданий и сооружений» | CO55: 0 | CP55: =(P55+Q55+S55) -> 7132.92 | CQ55: =AC55*BC55 -> 2.4272 | CR55: =AD55*BB55 -> 223.368 | CS55: =AE55*BS55 -> 24.6656 | CT55: =AF55*BA55 -> 222.2528 | CU55: =AG55 -> 0 | CV55: =AH55 -> 3.9215 | CW55: =AI55 -> 0.375 | CX55: =AJ55 -> 0 | CY55: =(((S55+R55)*AT55)/100) -> 4835.0562 | CZ55: =(((S55+R55)*AU55)/100) -> 2948.205 | DE55: )*1,25 | DF55: )*1,25 | DG55: )*1,15 | DI55: )*1,15 | DJ55: )*1,25 | DN55: 0 | DO55: 0 | DP55: 1 | DQ55: 1 | DU55: 1007 | DV55: м3 | DW55: м3 | DX55: 1 | EE55: 39174504 | EF55: 2 | EG55: Общестроительные работы | EH55: 0 | EJ55: 1 | EK55: 11001 | EL55: Полы | EM55: ФЕР-11 | EO55: Поправка: МДС 81-35.2004, п.4.7 | EQ55: 0 | ER55: 57.07 | ES55: 0.37 | ET55: 27.24 | EU55: 3.01 | EV55: 29.46 | EW55: 3.41 | EX55: 0.3 | EY55: 0 | FQ55: 0 | FR55: =ROUND(IF(AND(BH55=3,BI55=3),P55,0),2) -> 0 | FS55: 0 | FX55: 123 | FY55: 75 | GD55: 0 | GF55: 1553042583 | GG55: 1 | GH55: 1 | GI55: 4 | GJ55: 0 | GK55: =ROUND(R55*(R12)/100,2) -> 0 | GL55: =ROUND(IF(AND(BH55=3,BI55=3,FS55<>0),P55,0),2) -> 0 | GM55: =ROUND(O55+X55+Y55+GK55,2)+GX55 -> 14916.19 | GN55: =IF(OR(BI55=0,BI55=1),ROUND(O55+X55+Y55+GK55,2),0) -> 14916.19 | GO55: =IF(BI55=2,ROUND(O55+X55+Y55+GK55,2),0) -> 0 | GP55: =IF(BI55=4,ROUND(O55+X55+Y55+GK55,2)+GX55,0) -> 0 | GR55: 0 | GS55: 3 | GT55: 0 | GV55: =ROUND(GT55,2) -> 0 | GW55: 1 | GX55: =ROUND(GV55*GW55*I55,2) -> 0 | HA55: 0 | HB55: 0 | IK55: 0
A56: 18 | B56: 1 | C56: 89 | E56: 10,1 | F56: 02.3.01.02 | G56: Песок для строительных работ природный | H56: м3 | I56: =I55*J56 -> 19.104 | J56: 1.2 | O56: =ROUND(CP56,2) -> 0 | P56: =ROUND(CQ56*I56,2) -> 0 | Q56: =ROUND(CR56*I56,2) -> 0 | R56: =ROUND(CS56*I56,2) -> 0 | S56: =ROUND(CT56*I56,2) -> 0 | T56: =ROUND(CU56*I56,2) -> 0 | U56: =CV56*I56 -> 0 | V56: =CW56*I56 -> 0 | W56: =ROUND(CX56*I56,2) -> 0 | X56: =ROUND(CY56,2) -> 0 | Y56: =ROUND(CZ56,2) -> 0 | AA56: 39570879 | AB56: =ROUND((AC56+AD56+AF56),2) -> 0 | AC56: =ROUND((ES56),2) -> 0 | AD56: =ROUND((((ET56)-(EU56))+AE56),2) -> 0 | AE56: =ROUND((EU56),2) -> 0 | AF56: =ROUND((EV56),2) -> 0 | AG56: =ROUND((AP56),2) -> 0 | AH56: =(EW56) -> 0 | AI56: =(EX56) -> 0 | AJ56: =ROUND((AS56),2) -> 0 | AK56: 0 | AL56: 0 | AM56: 0 | AN56: 0 | AO56: 0 | AP56: 0 | AQ56: 0 | AR56: 0 | AS56: 0 | AT56: 123 | AU56: 75 | AV56: 1 | AW56: 1 | AZ56: 6.56 | BA56: 1 | BB56: 1 | BC56: 6.56 | BH56: 3 | BI56: 1 | BM56: 11001 | BN56: 0 | BP56: 0 | BQ56: 2 | BR56: 0 | BS56: 1 | BT56: 1 | BU56: 1 | BV56: 1 | BW56: 1 | BX56: 1 | BZ56: 123 | CA56: 75 | CF56: 0 | CG56: 0 | CM56: 0 | CO56: 0 | CP56: =(P56+Q56+S56) -> 0 | CQ56: =AC56*BC56 -> 0 | CR56: =AD56*BB56 -> 0 | CS56: =AE56*BS56 -> 0 | CT56: =AF56*BA56 -> 0 | CU56: =AG56 -> 0 | CV56: =AH56 -> 0 | CW56: =AI56 -> 0 | CX56: =AJ56 -> 0 | CY56: =(((S56+R56)*AT56)/100) -> 0 | CZ56: =(((S56+R56)*AU56)/100) -> 0 | DN56: 0 | DO56: 0 | DP56: 1 | DQ56: 1 | DU56: 1007 | DV56: м3 | DW56: м3 | DX56: 1 | EE56: 39174504 | EF56: 2 | EG56: Общестроительные работы | EH56: 0 | EJ56: 1 | EK56: 11001 | EL56: Полы | EM56: ФЕР-11 | EQ56: 0 | ER56: 0 | ES56: 0 | ET56: 0 | EU56: 0 | EV56: 0 | EW56: 0 | EX56: 0 | FQ56: 0 | FR56: =ROUND(IF(AND(BH56=3,BI56=3),P56,0),2) -> 0 | FS56: 0 | FX56: 123 | FY56: 75 | GD56: 0 | GF56: 220090467 | GG56: 1 | GH56: 1 | GI56: 4 | GJ56: 0 | GK56: =ROUND(R56*(R12)/100,2) -> 0 | GL56: =ROUND(IF(AND(BH56=3,BI56=3,FS56<>0),P56,0),2) -> 0 | GM56: =ROUND(O56+X56+Y56+GK56,2)+GX56 -> 0 | GN56: =IF(OR(BI56=0,BI56=1),ROUND(O56+X56+Y56+GK56,2),0) -> 0 | GO56: =IF(BI56=2,ROUND(O56+X56+Y56+GK56,2),0) -> 0 | GP56: =IF(BI56=4,ROUND(O56+X56+Y56+GK56,2)+GX56,0) -> 0 | GR56: 0 | GS56: 3 | GT56: 0 | GV56: =ROUND(GT56,2) -> 0 | GW56: 1 | GX56: =ROUND(GV56*GW56*I56,2) -> 0 | HA56: 0 | HB56: 0 | IK56: 0
A57: 18 | B57: 1 | C57: 90 | E57: 10,2 | F57: 02.3.01.02-0033 | G57: Песок природный обогащенный для строительных работ средний | H57: м3 | I57: =I55*J57 -> 19.104 | J57: 1.2 | O57: =ROUND(CP57,2) -> 8847.75 | P57: =ROUND(CQ57*I57,2) -> 8847.75 | Q57: =ROUND(CR57*I57,2) -> 0 | R57: =ROUND(CS57*I57,2) -> 0 | S57: =ROUND(CT57*I57,2) -> 0 | T57: =ROUND(CU57*I57,2) -> 0 | U57: =CV57*I57 -> 0 | V57: =CW57*I57 -> 0 | W57: =ROUND(CX57*I57,2) -> 0 | X57: =ROUND(CY57,2) -> 0 | Y57: =ROUND(CZ57,2) -> 0 | AA57: 39570879 | AB57: =ROUND((AC57+AD57+AF57),2) -> 70.6 | AC57: =ROUND((ES57),2) -> 70.6 | AD57: =ROUND((((ET57)-(EU57))+AE57),2) -> 0 | AE57: =ROUND((EU57),2) -> 0 | AF57: =ROUND((EV57),2) -> 0 | AG57: =ROUND((AP57),2) -> 0 | AH57: =(EW57) -> 0 | AI57: =(EX57) -> 0 | AJ57: =ROUND((AS57),2) -> 0 | AK57: 70.6 | AL57: 70.6 | AM57: 0 | AN57: 0 | AO57: 0 | AP57: 0 | AQ57: 0 | AR57: 0 | AS57: 0 | AT57: 123 | AU57: 75 | AV57: 1 | AW57: 1 | AZ57: 6.56 | BA57: 1 | BB57: 1 | BC57: 6.56 | BH57: 3 | BI57: 1 | BJ57: ФССЦ-2001, 02.3.01.02-0033, приказ Минстроя России №1039/пр от 30.12.2016г. | BM57: 11001 | BN57: 0 | BP57: 0 | BQ57: 2 | BR57: 0 | BS57: 1 | BT57: 1 | BU57: 1 | BV57: 1 | BW57: 1 | BX57: 1 | BZ57: 123 | CA57: 75 | CF57: 0 | CG57: 0 | CM57: 0 | CO57: 0 | CP57: =(P57+Q57+S57) -> 8847.75 | CQ57: =AC57*BC57 -> 463.136 | CR57: =AD57*BB57 -> 0 | CS57: =AE57*BS57 -> 0 | CT57: =AF57*BA57 -> 0 | CU57: =AG57 -> 0 | CV57: =AH57 -> 0 | CW57: =AI57 -> 0 | CX57: =AJ57 -> 0 | CY57: =(((S57+R57)*AT57)/100) -> 0 | CZ57: =(((S57+R57)*AU57)/100) -> 0 | DN57: 0 | DO57: 0 | DP57: 1 | DQ57: 1 | DU57: 1007 | DV57: м3 | DW57: м3 | DX57: 1 | EE57: 39174504 | EF57: 2 | EG57: Общестроительные работы | EH57: 0 | EJ57: 1 | EK57: 11001 | EL57: Полы | EM57: ФЕР-11 | EQ57: 0 | ER57: 70.6 | ES57: 70.6 | ET57: 0 | EU57: 0 | EV57: 0 | EW57: 0 | EX57: 0 | FQ57: 0 | FR57: =ROUND(IF(AND(BH57=3,BI57=3),P57,0),2) -> 0 | FS57: 0 | FX57: 123 | FY57: 75 | GD57: 0 | GF57: -290270751 | GG57: 1 | GH57: 1 | GI57: 4 | GJ57: 0 | GK57: =ROUND(R57*(R12)/100,2) -> 0 | GL57: =ROUND(IF(AND(BH57=3,BI57=3,FS57<>0),P57,0),2) -> 0 | GM57: =ROUND(O57+X57+Y57+GK57,2)+GX57 -> 8847.75 | GN57: =IF(OR(BI57=0,BI57=1),ROUND(O57+X57+Y57+GK57,2),0) -> 8847.75 | GO57: =IF(BI57=2,ROUND(O57+X57+Y57+GK57,2),0) -> 0 | GP57: =IF(BI57=4,ROUND(O57+X57+Y57+GK57,2)+GX57,0) -> 0 | GR57: 0 | GS57: 3 | GT57: 0 | GV57: =ROUND(GT57,2) -> 0 | GW57: 1 | GX57: =ROUND(GV57*GW57*I57,2) -> 0 | HA57: 0 | HB57: 0 | IK57: 0
A58: 17 | B58: 1 | C58: =ROW(SmtRes!A98) -> 98 | D58: =ROW(EtalonRes!A93) -> 93 | E58: 11 | F58: 06-01-068-01 | G58: Устройство деформационных швов в емкостных сооружениях с применением резиновых прокладок | H58: 100 м | I58: =ROUND(74.9/100,9) -> 0.749 | J58: 0 | O58: =ROUND(CP58,2) -> 50990.25 | P58: =ROUND(CQ58*I58,2) -> 45856.94 | Q58: =ROUND(CR58*I58,2) -> 416.46 | R58: =ROUND(CS58*I58,2) -> 31.74 | S58: =ROUND(CT58*I58,2) -> 4716.85 | T58: =ROUND(CU58*I58,2) -> 0 | U58: =CV58*I58 -> 70.423976 | V58: =CW58*I58 -> 0.3651375 | W58: =ROUND(CX58*I58,2) -> 0 | X58: =ROUND(CY58,2) -> 4986.02 | Y58: =ROUND(CZ58,2) -> 3086.58 | AA58: 39570879 | AB58: =ROUND((AC58+AD58+AF58),2) -> 10377.71 | AC58: =ROUND((ES58),2) -> 9332.96 | AD58: =ROUND(((((ET58*1.25))-((EU58*1.25)))+AE58),2) -> 84.76 | AE58: =ROUND(((EU58*1.25)),2) -> 6.46 | AF58: =ROUND(((EV58*1.15)),2) -> 959.99 | AG58: =ROUND((AP58),2) -> 0 | AH58: =((EW58*1.15)) -> 94.024 | AI58: =((EX58*1.25)) -> 0.4875 | AJ58: =ROUND((AS58),2) -> 0 | AK58: 10235.54 | AL58: 9332.96 | AM58: 67.81 | AN58: 5.17 | AO58: 834.77 | AP58: 0 | AQ58: 81.76 | AR58: 0.39 | AS58: 0 | AT58: 105 | AU58: 65 | AV58: 1 | AW58: 1 | AZ58: 6.56 | BA58: 6.56 | BB58: 6.56 | BC58: 6.56 | BH58: 0 | BI58: 1 | BJ58: ФЕР-2001, 06-01-068-01, приказ Минстроя России №1039/пр от 30.12.2016г. | BM58: 6001 | BN58: 0 | BP58: 0 | BQ58: 2 | BR58: 0 | BS58: 6.56 | BT58: 1 | BU58: 1 | BV58: 1 | BW58: 1 | BX58: 1 | BZ58: 105 | CA58: 65 | CF58: 0 | CG58: 0 | CM58: 0 | CN58: Поправка: МДС 81-35.2004, п.4.7 Наименование: Работы, выполняемые при реконструкции зданий и сооружений работы, аналогичные технологическим процессам в новом строительстве (в том числе возведение новых конструктивных элементов) стоимость которых определена по соответствующим сборникам ФЕР, кроме сборника № 46 «Работы при реконструкции зданий и сооружений» | CO58: 0 | CP58: =(P58+Q58+S58) -> 50990.25 | CQ58: =AC58*BC58 -> 61224.218 | CR58: =AD58*BB58 -> 556.0256 | CS58: =AE58*BS58 -> 42.3776 | CT58: =AF58*BA58 -> 6297.5344 | CU58: =AG58 -> 0 | CV58: =AH58 -> 94.024 | CW58: =AI58 -> 0.4875 | CX58: =AJ58 -> 0 | CY58: =(((S58+R58)*AT58)/100) -> 4986.0195 | CZ58: =(((S58+R58)*AU58)/100) -> 3086.5835 | DE58: )*1,25 | DF58: )*1,25 | DG58: )*1,15 | DI58: )*1,15 | DJ58: )*1,25 | DN58: 0 | DO58: 0 | DP58: 1 | DQ58: 1 | DU58: 1003 | DV58: 100 м | DW58: 100 м | DX58: 100 | EE58: 39174490 | EF58: 2 | EG58: Общестроительные работы | EH58: 0 | EJ58: 1 | EK58: 6001 | EL58: Монолитные бетонные и железобетонные конструкции в промышленном строительстве | EM58: ФЕР-06 | EO58: Поправка: МДС 81-35.2004, п.4.7 | EQ58: 0 | ER58: 10235.54 | ES58: 9332.96 | ET58: 67.81 | EU58: 5.17 | EV58: 834.77 | EW58: 81.76 | EX58: 0.39 | EY58: 0 | FQ58: 0 | FR58: =ROUND(IF(AND(BH58=3,BI58=3),P58,0),2) -> 0 | FS58: 0 | FX58: 105 | FY58: 65 | GD58: 0 | GF58: 161806803 | GG58: 1 | GH58: 1 | GI58: 4 | GJ58: 0 | GK58: =ROUND(R58*(R12)/100,2) -> 0 | GL58: =ROUND(IF(AND(BH58=3,BI58=3,FS58<>0),P58,0),2) -> 0 | GM58: =ROUND(O58+X58+Y58+GK58,2)+GX58 -> 59062.85 | GN58: =IF(OR(BI58=0,BI58=1),ROUND(O58+X58+Y58+GK58,2),0) -> 59062.85 | GO58: =IF(BI58=2,ROUND(O58+X58+Y58+GK58,2),0) -> 0 | GP58: =IF(BI58=4,ROUND(O58+X58+Y58+GK58,2)+GX58,0) -> 0 | GR58: 0 | GS58: 3 | GT58: 0 | GV58: =ROUND(GT58,2) -> 0 | GW58: 1 | GX58: =ROUND(GV58*GW58*I58,2) -> 0 | HA58: 0 | HB58: 0 | IK58: 0
A59: 17 | B59: 1 | C59: =ROW(SmtRes!A107) -> 107 | D59: =ROW(EtalonRes!A101) -> 101 | E59: 12 | F59: 06-01-001-01 | G59: Устройство бетонной подготовки | H59: 100 м3 | I59: =ROUND(7.96/100,9) -> 0.0796 | J59: 0 | O59: =ROUND(CP59,2) -> 2352.29 | P59: =ROUND(CQ59*I59,2) -> 472.83 | Q59: =ROUND(CR59*I59,2) -> 1036.35 | R59: =ROUND(CS59*I59,2) -> 159.6 | S59: =ROUND(CT59*I59,2) -> 843.11 | T59: =ROUND(CU59*I59,2) -> 0 | U59: =CV59*I59 -> 16.4772 | V59: =CW59*I59 -> 1.803935 | W59: =ROUND(CX59*I59,2) -> 0 | X59: =ROUND(CY59,2) -> 1052.85 | Y59: =ROUND(CZ59,2) -> 651.76 | AA59: 39570879 | AB59: =ROUND((AC59+AD59+AF59),2) -> 4504.77 | AC59: =ROUND((ES59),2) -> 905.49 | AD59: =ROUND(((((ET59*1.25))-((EU59*1.25)))+AE59),2) -> 1984.68 | AE59: =ROUND(((EU59*1.25)),2) -> 305.64 | AF59: =ROUND(((EV59*1.15)),2) -> 1614.6 | AG59: =ROUND((AP59),2) -> 0 | AH59: =((EW59*1.15)) -> 207 | AI59: =((EX59*1.25)) -> 22.6625 | AJ59: =ROUND((AS59),2) -> 0 | AK59: 3897.23 | AL59: 905.49 | AM59: 1587.74 | AN59: 244.51 | AO59: 1404 | AP59: 0 | AQ59: 180 | AR59: 18.13 | AS59: 0 | AT59: 105 | AU59: 65 | AV59: 1 | AW59: 1 | AZ59: 6.56 | BA59: 6.56 | BB59: 6.56 | BC59: 6.56 | BH59: 0 | BI59: 1 | BJ59: ФЕР-2001, 06-01-001-01, приказ Минстроя России №1039/пр от 30.12.2016г. | BM59: 6001 | BN59: 0 | BP59: 0 | BQ59: 2 | BR59: 0 | BS59: 6.56 | BT59: 1 | BU59: 1 | BV59: 1 | BW59: 1 | BX59: 1 | BZ59: 105 | CA59: 65 | CF59: 0 | CG59: 0 | CM59: 0 | CN59: Поправка: МДС 81-35.2004, п.4.7 Наименование: Работы, выполняемые при реконструкции зданий и сооружений работы, аналогичные технологическим процессам в новом строительстве (в том числе возведение новых конструктивных элементов) стоимость которых определена по соответствующим сборникам ФЕР, кроме сборника № 46 «Работы при реконструкции зданий и сооружений» | CO59: 0 | CP59: =(P59+Q59+S59) -> 2352.29 | CQ59: =AC59*BC59 -> 5940.0144 | CR59: =AD59*BB59 -> 13019.501 | CS59: =AE59*BS59 -> 2004.9984 | CT59: =AF59*BA59 -> 10591.776 | CU59: =AG59 -> 0 | CV59: =AH59 -> 207 | CW59: =AI59 -> 22.6625 | CX59: =AJ59 -> 0 | CY59: =(((S59+R59)*AT59)/100) -> 1052.8455 | CZ59: =(((S59+R59)*AU59)/100) -> 651.7615 | DE59: )*1,25 | DF59: )*1,25 | DG59: )*1,15 | DI59: )*1,15 | DJ59: )*1,25 | DN59: 0 | DO59: 0 | DP59: 1 | DQ59: 1 | DU59: 1007 | DV59: 100 м3 | DW59: 100 м3 | DX59: 100 | EE59: 39174490 | EF59: 2 | EG59: Общестроительные работы | EH59: 0 | EJ59: 1 | EK59: 6001 | EL59: Монолитные бетонные и железобетонные конструкции в промышленном строительстве | EM59: ФЕР-06 | EO59: Поправка: МДС 81-35.2004, п.4.7 | EQ59: 0 | ER59: 3897.23 | ES59: 905.49 | ET59: 1587.74 | EU59: 244.51 | EV59: 1404 | EW59: 180 | EX59: 18.13 | EY59: 0 | FQ59: 0 | FR59: =ROUND(IF(AND(BH59=3,BI59=3),P59,0),2) -> 0 | FS59: 0 | FX59: 105 | FY59: 65 | GD59: 0 | GF59: 1120797142 | GG59: 1 | GH59: 1 | GI59: 4 | GJ59: 0 | GK59: =ROUND(R59*(R12)/100,2) -> 0 | GL59: =ROUND(IF(AND(BH59=3,BI59=3,FS59<>0),P59,0),2) -> 0 | GM59: =ROUND(O59+X59+Y59+GK59,2)+GX59 -> 4056.9 | GN59: =IF(OR(BI59=0,BI59=1),ROUND(O59+X59+Y59+GK59,2),0) -> 4056.9 | GO59: =IF(BI59=2,ROUND(O59+X59+Y59+GK59,2),0) -> 0 | GP59: =IF(BI59=4,ROUND(O59+X59+Y59+GK59,2)+GX59,0) -> 0 | GR59: 0 | GS59: 3 | GT59: 0 | GV59: =ROUND(GT59,2) -> 0 | GW59: 1 | GX59: =ROUND(GV59*GW59*I59,2) -> 0 | HA59: 0 | HB59: 0 | IK59: 0
A60: 18 | B60: 1 | C60: 106 | E60: 12,1 | F60: 04.1.02.06 | G60: Бетон | H60: м3 | I60: =I59*J60 -> 8.1192 | J60: 102 | O60: =ROUND(CP60,2) -> 0 | P60: =ROUND(CQ60*I60,2) -> 0 | Q60: =ROUND(CR60*I60,2) -> 0 | R60: =ROUND(CS60*I60,2) -> 0 | S60: =ROUND(CT60*I60,2) -> 0 | T60: =ROUND(CU60*I60,2) -> 0 | U60: =CV60*I60 -> 0 | V60: =CW60*I60 -> 0 | W60: =ROUND(CX60*I60,2) -> 0 | X60: =ROUND(CY60,2) -> 0 | Y60: =ROUND(CZ60,2) -> 0 | AA60: 39570879 | AB60: =ROUND((AC60+AD60+AF60),2) -> 0 | AC60: =ROUND((ES60),2) -> 0 | AD60: =ROUND((((ET60)-(EU60))+AE60),2) -> 0 | AE60: =ROUND((EU60),2) -> 0 | AF60: =ROUND((EV60),2) -> 0 | AG60: =ROUND((AP60),2) -> 0 | AH60: =(EW60) -> 0 | AI60: =(EX60) -> 0 | AJ60: =ROUND((AS60),2) -> 0 | AK60: 0 | AL60: 0 | AM60: 0 | AN60: 0 | AO60: 0 | AP60: 0 | AQ60: 0 | AR60: 0 | AS60: 0 | AT60: 105 | AU60: 65 | AV60: 1 | AW60: 1 | AZ60: 6.56 | BA60: 1 | BB60: 1 | BC60: 6.56 | BH60: 3 | BI60: 1 | BM60: 6001 | BN60: 0 | BP60: 0 | BQ60: 2 | BR60: 0 | BS60: 1 | BT60: 1 | BU60: 1 | BV60: 1 | BW60: 1 | BX60: 1 | BZ60: 105 | CA60: 65 | CF60: 0 | CG60: 0 | CM60: 0 | CO60: 0 | CP60: =(P60+Q60+S60) -> 0 | CQ60: =AC60*BC60 -> 0 | CR60: =AD60*BB60 -> 0 | CS60: =AE60*BS60 -> 0 | CT60: =AF60*BA60 -> 0 | CU60: =AG60 -> 0 | CV60: =AH60 -> 0 | CW60: =AI60 -> 0 | CX60: =AJ60 -> 0 | CY60: =(((S60+R60)*AT60)/100) -> 0 | CZ60: =(((S60+R60)*AU60)/100) -> 0 | DN60: 0 | DO60: 0 | DP60: 1 | DQ60: 1 | DU60: 1007 | DV60: м3 | DW60: м3 | DX60: 1 | EE60: 39174490 | EF60: 2 | EG60: Общестроительные работы | EH60: 0 | EJ60: 1 | EK60: 6001 | EL60: Монолитные бетонные и железобетонные конструкции в промышленном строительстве | EM60: ФЕР-06 | EQ60: 0 | ER60: 0 | ES60: 0 | ET60: 0 | EU60: 0 | EV60: 0 | EW60: 0 | EX60: 0 | FQ60: 0 | FR60: =ROUND(IF(AND(BH60=3,BI60=3),P60,0),2) -> 0 | FS60: 0 | FX60: 105 | FY60: 65 | GD60: 0 | GF60: -1646172050 | GG60: 1 | GH60: 1 | GI60: 4 | GJ60: 0 | GK60: =ROUND(R60*(R12)/100,2) -> 0 | GL60: =ROUND(IF(AND(BH60=3,BI60=3,FS60<>0),P60,0),2) -> 0 | GM60: =ROUND(O60+X60+Y60+GK60,2)+GX60 -> 0 | GN60: =IF(OR(BI60=0,BI60=1),ROUND(O60+X60+Y60+GK60,2),0) -> 0 | GO60: =IF(BI60=2,ROUND(O60+X60+Y60+GK60,2),0) -> 0 | GP60: =IF(BI60=4,ROUND(O60+X60+Y60+GK60,2)+GX60,0) -> 0 | GR60: 0 | GS60: 3 | GT60: 0 | GV60: =ROUND(GT60,2) -> 0 | GW60: 1 | GX60: =ROUND(GV60*GW60*I60,2) -> 0 | HA60: 0 | HB60: 0 | IK60: 0
A61: 18 | B61: 1 | C61: 107 | E61: 12,2 | F61: 04.3.02.04-0145 | G61: Смеси бетонные, БСГ, тяжелого бетона на гранитном щебне, фракция 5-20 мм, класс В15 (М200), П1, F100, W2 | H61: м3 | I61: =I59*J61 -> 8.1192 | J61: 102 | O61: =ROUND(CP61,2) -> 36891.36 | P61: =ROUND(CQ61*I61,2) -> 36891.36 | Q61: =ROUND(CR61*I61,2) -> 0 | R61: =ROUND(CS61*I61,2) -> 0 | S61: =ROUND(CT61*I61,2) -> 0 | T61: =ROUND(CU61*I61,2) -> 0 | U61: =CV61*I61 -> 0 | V61: =CW61*I61 -> 0 | W61: =ROUND(CX61*I61,2) -> 0 | X61: =ROUND(CY61,2) -> 0 | Y61: =ROUND(CZ61,2) -> 0 | AA61: 39570879 | AB61: =ROUND((AC61+AD61+AF61),2) -> 692.64 | AC61: =ROUND((ES61),2) -> 692.64 | AD61: =ROUND((((ET61)-(EU61))+AE61),2) -> 0 | AE61: =ROUND((EU61),2) -> 0 | AF61: =ROUND((EV61),2) -> 0 | AG61: =ROUND((AP61),2) -> 0 | AH61: =(EW61) -> 0 | AI61: =(EX61) -> 0 | AJ61: =ROUND((AS61),2) -> 0 | AK61: 692.64 | AL61: 692.64 | AM61: 0 | AN61: 0 | AO61: 0 | AP61: 0 | AQ61: 0 | AR61: 0 | AS61: 0 | AT61: 105 | AU61: 65 | AV61: 1 | AW61: 1 | AZ61: 6.56 | BA61: 1 | BB61: 1 | BC61: 6.56 | BH61: 3 | BI61: 1 | BJ61: ФССЦ-2001, 04.3.02.04-0145, приказ Минстроя России №1039/пр от 30.12.2016г. | BM61: 6001 | BN61: 0 | BP61: 0 | BQ61: 2 | BR61: 0 | BS61: 1 | BT61: 1 | BU61: 1 | BV61: 1 | BW61: 1 | BX61: 1 | BZ61: 105 | CA61: 65 | CF61: 0 | CG61: 0 | CM61: 0 | CO61: 0 | CP61: =(P61+Q61+S61) -> 36891.36 | CQ61: =AC61*BC61 -> 4543.7184 | CR61: =AD61*BB61 -> 0 | CS61: =AE61*BS61 -> 0 | CT61: =AF61*BA61 -> 0 | CU61: =AG61 -> 0 | CV61: =AH61 -> 0 | CW61: =AI61 -> 0 | CX61: =AJ61 -> 0 | CY61: =(((S61+R61)*AT61)/100) -> 0 | CZ61: =(((S61+R61)*AU61)/100) -> 0 | DN61: 0 | DO61: 0 | DP61: 1 | DQ61: 1 | DU61: 1007 | DV61: м3 | DW61: м3 | DX61: 1 | EE61: 39174490 | EF61: 2 | EG61: Общестроительные работы | EH61: 0 | EJ61: 1 | EK61: 6001 | EL61: Монолитные бетонные и железобетонные конструкции в промышленном строительстве | EM61: ФЕР-06 | EQ61: 0 | ER61: 692.64 | ES61: 692.64 | ET61: 0 | EU61: 0 | EV61: 0 | EW61: 0 | EX61: 0 | FQ61: 0 | FR61: =ROUND(IF(AND(BH61=3,BI61=3),P61,0),2) -> 0 | FS61: 0 | FX61: 105 | FY61: 65 | GD61: 0 | GF61: 1629746556 | GG61: 1 | GH61: 1 | GI61: 4 | GJ61: 0 | GK61: =ROUND(R61*(R12)/100,2) -> 0 | GL61: =ROUND(IF(AND(BH61=3,BI61=3,FS61<>0),P61,0),2) -> 0 | GM61: =ROUND(O61+X61+Y61+GK61,2)+GX61 -> 36891.36 | GN61: =IF(OR(BI61=0,BI61=1),ROUND(O61+X61+Y61+GK61,2),0) -> 36891.36 | GO61: =IF(BI61=2,ROUND(O61+X61+Y61+GK61,2),0) -> 0 | GP61: =IF(BI61=4,ROUND(O61+X61+Y61+GK61,2)+GX61,0) -> 0 | GR61: 0 | GS61: 3 | GT61: 0 | GV61: =ROUND(GT61,2) -> 0 | GW61: 1 | GX61: =ROUND(GV61*GW61*I61,2) -> 0 | HA61: 0 | HB61: 0 | IK61: 0
A62: 17 | B62: 1 | C62: =ROW(SmtRes!A128) -> 128 | D62: =ROW(EtalonRes!A119) -> 119 | E62: 13 | F62: 06-01-001-16 | G62: Устройство фундаментных плит железобетонных плоских | H62: 100 м3 | I62: =ROUND(31.84/100,9) -> 0.3184 | J62: 0 | O62: =ROUND(CP62,2) -> 12166.14 | P62: =ROUND(CQ62*I62,2) -> 1020.16 | Q62: =ROUND(CR62*I62,2) -> 6624.85 | R62: =ROUND(CS62*I62,2) -> 1004.69 | S62: =ROUND(CT62*I62,2) -> 4521.13 | T62: =ROUND(CU62*I62,2) -> 0 | U62: =CV62*I62 -> 80.796866 | V62: =CW62*I62 -> 11.45444 | W62: =ROUND(CX62*I62,2) -> 0 | X62: =ROUND(CY62,2) -> 5802.11 | Y62: =ROUND(CZ62,2) -> 3591.78 | AA62: 39570879 | AB62: =ROUND((AC62+AD62+AF62),2) -> 5824.73 | AC62: =ROUND((ES62),2) -> 488.42 | AD62: =ROUND(((((ET62*1.25))-((EU62*1.25)))+AE62),2) -> 3171.75 | AE62: =ROUND(((EU62*1.25)),2) -> 481.01 | AF62: =ROUND(((EV62*1.15)),2) -> 2164.56 | AG62: =ROUND((AP62),2) -> 0 | AH62: =((EW62*1.15)) -> 253.759 | AI62: =((EX62*1.25)) -> 35.975 | AJ62: =ROUND((AS62),2) -> 0 | AK62: 4908.05 | AL62: 488.42 | AM62: 2537.4 | AN62: 384.81 | AO62: 1882.23 | AP62: 0 | AQ62: 220.66 | AR62: 28.78 | AS62: 0 | AT62: 105 | AU62: 65 | AV62: 1 | AW62: 1 | AZ62: 6.56 | BA62: 6.56 | BB62: 6.56 | BC62: 6.56 | BH62: 0 | BI62: 1 | BJ62: ФЕР-2001, 06-01-001-16, приказ Минстроя России №1039/пр от 30.12.2016г. | BM62: 6001 | BN62: 0 | BP62: 0 | BQ62: 2 | BR62: 0 | BS62: 6.56 | BT62: 1 | BU62: 1 | BV62: 1 | BW62: 1 | BX62: 1 | BZ62: 105 | CA62: 65 | CF62: 0 | CG62: 0 | CM62: 0 | CN62: Поправка: МДС 81-35.2004, п.4.7 Наименование: Работы, выполняемые при реконструкции зданий и сооружений работы, аналогичные технологическим процессам в новом строительстве (в том числе возведение новых конструктивных элементов) стоимость которых определена по соответствующим сборникам ФЕР, кроме сборника № 46 «Работы при реконструкции зданий и сооружений» | CO62: 0 | CP62: =(P62+Q62+S62) -> 12166.14 | CQ62: =AC62*BC62 -> 3204.0352 | CR62: =AD62*BB62 -> 20806.68 | CS62: =AE62*BS62 -> 3155.4256 | CT62: =AF62*BA62 -> 14199.514 | CU62: =AG62 -> 0 | CV62: =AH62 -> 253.759 | CW62: =AI62 -> 35.975 | CX62: =AJ62 -> 0 | CY62: =(((S62+R62)*AT62)/100) -> 5802.111 | CZ62: =(((S62+R62)*AU62)/100) -> 3591.783 | DE62: )*1,25 | DF62: )*1,25 | DG62: )*1,15 | DI62: )*1,15 | DJ62: )*1,25 | DN62: 0 | DO62: 0 | DP62: 1 | DQ62: 1 | DU62: 1007 | DV62: 100 м3 | DW62: 100 м3 | DX62: 100 | EE62: 39174490 | EF62: 2 | EG62: Общестроительные работы | EH62: 0 | EJ62: 1 | EK62: 6001 | EL62: Монолитные бетонные и железобетонные конструкции в промышленном строительстве | EM62: ФЕР-06 | EO62: Поправка: МДС 81-35.2004, п.4.7 | EQ62: 0 | ER62: 4908.05 | ES62: 488.42 | ET62: 2537.4 | EU62: 384.81 | EV62: 1882.23 | EW62: 220.66 | EX62: 28.78 | EY62: 0 | FQ62: 0 | FR62: =ROUND(IF(AND(BH62=3,BI62=3),P62,0),2) -> 0 | FS62: 0 | FX62: 105 | FY62: 65 | GD62: 0 | GF62: -716259204 | GG62: 1 | GH62: 1 | GI62: 4 | GJ62: 0 | GK62: =ROUND(R62*(R12)/100,2) -> 0 | GL62: =ROUND(IF(AND(BH62=3,BI62=3,FS62<>0),P62,0),2) -> 0 | GM62: =ROUND(O62+X62+Y62+GK62,2)+GX62 -> 21560.03 | GN62: =IF(OR(BI62=0,BI62=1),ROUND(O62+X62+Y62+GK62,2),0) -> 21560.03 | GO62: =IF(BI62=2,ROUND(O62+X62+Y62+GK62,2),0) -> 0 | GP62: =IF(BI62=4,ROUND(O62+X62+Y62+GK62,2)+GX62,0) -> 0 | GR62: 0 | GS62: 3 | GT62: 0 | GV62: =ROUND(GT62,2) -> 0 | GW62: 1 | GX62: =ROUND(GV62*GW62*I62,2) -> 0 | HA62: 0 | HB62: 0 | IK62: 0
A63: 18 | B63: 1 | C63: 121 | E63: 13,1 | F63: 04.1.02.06 | G63: Бетон | H63: м3 | I63: =I62*J63 -> 32.3176 | J63: 101.5 | O63: =ROUND(CP63,2) -> 0 | P63: =ROUND(CQ63*I63,2) -> 0 | Q63: =ROUND(CR63*I63,2) -> 0 | R63: =ROUND(CS63*I63,2) -> 0 | S63: =ROUND(CT63*I63,2) -> 0 | T63: =ROUND(CU63*I63,2) -> 0 | U63: =CV63*I63 -> 0 | V63: =CW63*I63 -> 0 | W63: =ROUND(CX63*I63,2) -> 0 | X63: =ROUND(CY63,2) -> 0 | Y63: =ROUND(CZ63,2) -> 0 | AA63: 39570879 | AB63: =ROUND((AC63+AD63+AF63),2) -> 0 | AC63: =ROUND((ES63),2) -> 0 | AD63: =ROUND((((ET63)-(EU63))+AE63),2) -> 0 | AE63: =ROUND((EU63),2) -> 0 | AF63: =ROUND((EV63),2) -> 0 | AG63: =ROUND((AP63),2) -> 0 | AH63: =(EW63) -> 0 | AI63: =(EX63) -> 0 | AJ63: =ROUND((AS63),2) -> 0 | AK63: 0 | AL63: 0 | AM63: 0 | AN63: 0 | AO63: 0 | AP63: 0 | AQ63: 0 | AR63: 0 | AS63: 0 | AT63: 105 | AU63: 65 | AV63: 1 | AW63: 1 | AZ63: 6.56 | BA63: 1 | BB63: 1 | BC63: 6.56 | BH63: 3 | BI63: 1 | BM63: 6001 | BN63: 0 | BP63: 0 | BQ63: 2 | BR63: 0 | BS63: 1 | BT63: 1 | BU63: 1 | BV63: 1 | BW63: 1 | BX63: 1 | BZ63: 105 | CA63: 65 | CF63: 0 | CG63: 0 | CM63: 0 | CO63: 0 | CP63: =(P63+Q63+S63) -> 0 | CQ63: =AC63*BC63 -> 0 | CR63: =AD63*BB63 -> 0 | CS63: =AE63*BS63 -> 0 | CT63: =AF63*BA63 -> 0 | CU63: =AG63 -> 0 | CV63: =AH63 -> 0 | CW63: =AI63 -> 0 | CX63: =AJ63 -> 0 | CY63: =(((S63+R63)*AT63)/100) -> 0 | CZ63: =(((S63+R63)*AU63)/100) -> 0 | DN63: 0 | DO63: 0 | DP63: 1 | DQ63: 1 | DU63: 1007 | DV63: м3 | DW63: м3 | DX63: 1 | EE63: 39174490 | EF63: 2 | EG63: Общестроительные работы | EH63: 0 | EJ63: 1 | EK63: 6001 | EL63: Монолитные бетонные и железобетонные конструкции в промышленном строительстве | EM63: ФЕР-06 | EQ63: 0 | ER63: 0 | ES63: 0 | ET63: 0 | EU63: 0 | EV63: 0 | EW63: 0 | EX63: 0 | FQ63: 0 | FR63: =ROUND(IF(AND(BH63=3,BI63=3),P63,0),2) -> 0 | FS63: 0 | FX63: 105 | FY63: 65 | GD63: 0 | GF63: -1646172050 | GG63: 1 | GH63: 1 | GI63: 4 | GJ63: 0 | GK63: =ROUND(R63*(R12)/100,2) -> 0 | GL63: =ROUND(IF(AND(BH63=3,BI63=3,FS63<>0),P63,0),2) -> 0 | GM63: =ROUND(O63+X63+Y63+GK63,2)+GX63 -> 0 | GN63: =IF(OR(BI63=0,BI63=1),ROUND(O63+X63+Y63+GK63,2),0) -> 0 | GO63: =IF(BI63=2,ROUND(O63+X63+Y63+GK63,2),0) -> 0 | GP63: =IF(BI63=4,ROUND(O63+X63+Y63+GK63,2)+GX63,0) -> 0 | GR63: 0 | GS63: 3 | GT63: 0 | GV63: =ROUND(GT63,2) -> 0 | GW63: 1 | GX63: =ROUND(GV63*GW63*I63,2) -> 0 | HA63: 0 | HB63: 0 | IK63: 0
A64: 18 | B64: 1 | C64: 122 | E64: 13,2 | F64: 04.3.02.04-0160 | G64: Смеси бетонные, БСГ, тяжелого бетона на гранитном щебне, фракция 5-20 мм, класс В45 (М600), П3, F300, W14 | H64: м3 | I64: =I62*J64 -> 32.3176 | J64: 101.5 | O64: =ROUND(CP64,2) -> 180425.54 | P64: =ROUND(CQ64*I64,2) -> 180425.54 | Q64: =ROUND(CR64*I64,2) -> 0 | R64: =ROUND(CS64*I64,2) -> 0 | S64: =ROUND(CT64*I64,2) -> 0 | T64: =ROUND(CU64*I64,2) -> 0 | U64: =CV64*I64 -> 0 | V64: =CW64*I64 -> 0 | W64: =ROUND(CX64*I64,2) -> 0 | X64: =ROUND(CY64,2) -> 0 | Y64: =ROUND(CZ64,2) -> 0 | AA64: 39570879 | AB64: =ROUND((AC64+AD64+AF64),2) -> 851.05 | AC64: =ROUND((ES64),2) -> 851.05 | AD64: =ROUND((((ET64)-(EU64))+AE64),2) -> 0 | AE64: =ROUND((EU64),2) -> 0 | AF64: =ROUND((EV64),2) -> 0 | AG64: =ROUND((AP64),2) -> 0 | AH64: =(EW64) -> 0 | AI64: =(EX64) -> 0 | AJ64: =ROUND((AS64),2) -> 0 | AK64: 851.05 | AL64: 851.05 | AM64: 0 | AN64: 0 | AO64: 0 | AP64: 0 | AQ64: 0 | AR64: 0 | AS64: 0 | AT64: 105 | AU64: 65 | AV64: 1 | AW64: 1 | AZ64: 6.56 | BA64: 1 | BB64: 1 | BC64: 6.56 | BH64: 3 | BI64: 1 | BJ64: ФССЦ-2001, 04.3.02.04-0160, приказ Минстроя России №1039/пр от 30.12.2016г. | BM64: 6001 | BN64: 0 | BP64: 0 | BQ64: 2 | BR64: 0 | BS64: 1 | BT64: 1 | BU64: 1 | BV64: 1 | BW64: 1 | BX64: 1 | BZ64: 105 | CA64: 65 | CF64: 0 | CG64: 0 | CM64: 0 | CO64: 0 | CP64: =(P64+Q64+S64) -> 180425.54 | CQ64: =AC64*BC64 -> 5582.888 | CR64: =AD64*BB64 -> 0 | CS64: =AE64*BS64 -> 0 | CT64: =AF64*BA64 -> 0 | CU64: =AG64 -> 0 | CV64: =AH64 -> 0 | CW64: =AI64 -> 0 | CX64: =AJ64 -> 0 | CY64: =(((S64+R64)*AT64)/100) -> 0 | CZ64: =(((S64+R64)*AU64)/100) -> 0 | DN64: 0 | DO64: 0 | DP64: 1 | DQ64: 1 | DU64: 1007 | DV64: м3 | DW64: м3 | DX64: 1 | EE64: 39174490 | EF64: 2 | EG64: Общестроительные работы | EH64: 0 | EJ64: 1 | EK64: 6001 | EL64: Монолитные бетонные и железобетонные конструкции в промышленном строительстве | EM64: ФЕР-06 | EQ64: 0 | ER64: 851.05 | ES64: 851.05 | ET64: 0 | EU64: 0 | EV64: 0 | EW64: 0 | EX64: 0 | FQ64: 0 | FR64: =ROUND(IF(AND(BH64=3,BI64=3),P64,0),2) -> 0 | FS64: 0 | FX64: 105 | FY64: 65 | GD64: 0 | GF64: -1748808758 | GG64: 1 | GH64: 1 | GI64: 4 | GJ64: 0 | GK64: =ROUND(R64*(R12)/100,2) -> 0 | GL64: =ROUND(IF(AND(BH64=3,BI64=3,FS64<>0),P64,0),2) -> 0 | GM64: =ROUND(O64+X64+Y64+GK64,2)+GX64 -> 180425.54 | GN64: =IF(OR(BI64=0,BI64=1),ROUND(O64+X64+Y64+GK64,2),0) -> 180425.54 | GO64: =IF(BI64=2,ROUND(O64+X64+Y64+GK64,2),0) -> 0 | GP64: =IF(BI64=4,ROUND(O64+X64+Y64+GK64,2)+GX64,0) -> 0 | GR64: 0 | GS64: 3 | GT64: 0 | GV64: =ROUND(GT64,2) -> 0 | GW64: 1 | GX64: =ROUND(GV64*GW64*I64,2) -> 0 | HA64: 0 | HB64: 0 | IK64: 0
A65: 18 | B65: 1 | C65: 126 | E65: 13,3 | F65: 08.4.03.04 | G65: Арматура | H65: т | I65: =I62*J65 -> 2.57904 | J65: 8.1 | O65: =ROUND(CP65,2) -> 0 | P65: =ROUND(CQ65*I65,2) -> 0 | Q65: =ROUND(CR65*I65,2) -> 0 | R65: =ROUND(CS65*I65,2) -> 0 | S65: =ROUND(CT65*I65,2) -> 0 | T65: =ROUND(CU65*I65,2) -> 0 | U65: =CV65*I65 -> 0 | V65: =CW65*I65 -> 0 | W65: =ROUND(CX65*I65,2) -> 0 | X65: =ROUND(CY65,2) -> 0 | Y65: =ROUND(CZ65,2) -> 0 | AA65: 39570879 | AB65: =ROUND((AC65+AD65+AF65),2) -> 0 | AC65: =ROUND((ES65),2) -> 0 | AD65: =ROUND((((ET65)-(EU65))+AE65),2) -> 0 | AE65: =ROUND((EU65),2) -> 0 | AF65: =ROUND((EV65),2) -> 0 | AG65: =ROUND((AP65),2) -> 0 | AH65: =(EW65) -> 0 | AI65: =(EX65) -> 0 | AJ65: =ROUND((AS65),2) -> 0 | AK65: 0 | AL65: 0 | AM65: 0 | AN65: 0 | AO65: 0 | AP65: 0 | AQ65: 0 | AR65: 0 | AS65: 0 | AT65: 105 | AU65: 65 | AV65: 1 | AW65: 1 | AZ65: 6.56 | BA65: 1 | BB65: 1 | BC65: 6.56 | BH65: 3 | BI65: 1 | BM65: 6001 | BN65: 0 | BP65: 0 | BQ65: 2 | BR65: 0 | BS65: 1 | BT65: 1 | BU65: 1 | BV65: 1 | BW65: 1 | BX65: 1 | BZ65: 105 | CA65: 65 | CF65: 0 | CG65: 0 | CM65: 0 | CO65: 0 | CP65: =(P65+Q65+S65) -> 0 | CQ65: =AC65*BC65 -> 0 | CR65: =AD65*BB65 -> 0 | CS65: =AE65*BS65 -> 0 | CT65: =AF65*BA65 -> 0 | CU65: =AG65 -> 0 | CV65: =AH65 -> 0 | CW65: =AI65 -> 0 | CX65: =AJ65 -> 0 | CY65: =(((S65+R65)*AT65)/100) -> 0 | CZ65: =(((S65+R65)*AU65)/100) -> 0 | DN65: 0 | DO65: 0 | DP65: 1 | DQ65: 1 | DU65: 1009 | DV65: т | DW65: т | DX65: 1000 | EE65: 39174490 | EF65: 2 | EG65: Общестроительные работы | EH65: 0 | EJ65: 1 | EK65: 6001 | EL65: Монолитные бетонные и железобетонные конструкции в промышленном строительстве | EM65: ФЕР-06 | EQ65: 0 | ER65: 0 | ES65: 0 | ET65: 0 | EU65: 0 | EV65: 0 | EW65: 0 | EX65: 0 | FQ65: 0 | FR65: =ROUND(IF(AND(BH65=3,BI65=3),P65,0),2) -> 0 | FS65: 0 | FX65: 105 | FY65: 65 | GD65: 0 | GF65: 1999180854 | GG65: 1 | GH65: 1 | GI65: 4 | GJ65: 0 | GK65: =ROUND(R65*(R12)/100,2) -> 0 | GL65: =ROUND(IF(AND(BH65=3,BI65=3,FS65<>0),P65,0),2) -> 0 | GM65: =ROUND(O65+X65+Y65+GK65,2)+GX65 -> 0 | GN65: =IF(OR(BI65=0,BI65=1),ROUND(O65+X65+Y65+GK65,2),0) -> 0 | GO65: =IF(BI65=2,ROUND(O65+X65+Y65+GK65,2),0) -> 0 | GP65: =IF(BI65=4,ROUND(O65+X65+Y65+GK65,2)+GX65,0) -> 0 | GR65: 0 | GS65: 3 | GT65: 0 | GV65: =ROUND(GT65,2) -> 0 | GW65: 1 | GX65: =ROUND(GV65*GW65*I65,2) -> 0 | HA65: 0 | HB65: 0 | IK65: 0
A66: 18 | B66: 1 | C66: 125 | E66: 13,4 | F66: 08.4.03.03-0032 | G66: Горячекатаная арматурная сталь периодического профиля класса А-III, диаметром 12 мм | H66: т | I66: =I62*J66 -> 1.4404 | J66: 4.5238693 | O66: =ROUND(CP66,2) -> 75566.02 | P66: =ROUND(CQ66*I66,2) -> 75566.02 | Q66: =ROUND(CR66*I66,2) -> 0 | R66: =ROUND(CS66*I66,2) -> 0 | S66: =ROUND(CT66*I66,2) -> 0 | T66: =ROUND(CU66*I66,2) -> 0 | U66: =CV66*I66 -> 0 | V66: =CW66*I66 -> 0 | W66: =ROUND(CX66*I66,2) -> 0 | X66: =ROUND(CY66,2) -> 0 | Y66: =ROUND(CZ66,2) -> 0 | AA66: 39570879 | AB66: =ROUND((AC66+AD66+AF66),2) -> 7997.23 | AC66: =ROUND((ES66),2) -> 7997.23 | AD66: =ROUND((((ET66)-(EU66))+AE66),2) -> 0 | AE66: =ROUND((EU66),2) -> 0 | AF66: =ROUND((EV66),2) -> 0 | AG66: =ROUND((AP66),2) -> 0 | AH66: =(EW66) -> 0 | AI66: =(EX66) -> 0 | AJ66: =ROUND((AS66),2) -> 0 | AK66: 7997.23 | AL66: 7997.23 | AM66: 0 | AN66: 0 | AO66: 0 | AP66: 0 | AQ66: 0 | AR66: 0 | AS66: 0 | AT66: 105 | AU66: 65 | AV66: 1 | AW66: 1 | AZ66: 6.56 | BA66: 1 | BB66: 1 | BC66: 6.56 | BH66: 3 | BI66: 1 | BJ66: ФССЦ-2001, 08.4.03.03-0032, приказ Минстроя России №1039/пр от 30.12.2016г. | BM66: 6001 | BN66: 0 | BP66: 0 | BQ66: 2 | BR66: 0 | BS66: 1 | BT66: 1 | BU66: 1 | BV66: 1 | BW66: 1 | BX66: 1 | BZ66: 105 | CA66: 65 | CF66: 0 | CG66: 0 | CM66: 0 | CO66: 0 | CP66: =(P66+Q66+S66) -> 75566.02 | CQ66: =AC66*BC66 -> 52461.829 | CR66: =AD66*BB66 -> 0 | CS66: =AE66*BS66 -> 0 | CT66: =AF66*BA66 -> 0 | CU66: =AG66 -> 0 | CV66: =AH66 -> 0 | CW66: =AI66 -> 0 | CX66: =AJ66 -> 0 | CY66: =(((S66+R66)*AT66)/100) -> 0 | CZ66: =(((S66+R66)*AU66)/100) -> 0 | DN66: 0 | DO66: 0 | DP66: 1 | DQ66: 1 | DU66: 1009 | DV66: т | DW66: т | DX66: 1000 | EE66: 39174490 | EF66: 2 | EG66: Общестроительные работы | EH66: 0 | EJ66: 1 | EK66: 6001 | EL66: Монолитные бетонные и железобетонные конструкции в промышленном строительстве | EM66: ФЕР-06 | EQ66: 0 | ER66: 7997.23 | ES66: 7997.23 | ET66: 0 | EU66: 0 | EV66: 0 | EW66: 0 | EX66: 0 | FQ66: 0 | FR66: =ROUND(IF(AND(BH66=3,BI66=3),P66,0),2) -> 0 | FS66: 0 | FX66: 105 | FY66: 65 | GD66: 0 | GF66: -1715848456 | GG66: 1 | GH66: 1 | GI66: 4 | GJ66: 0 | GK66: =ROUND(R66*(R12)/100,2) -> 0 | GL66: =ROUND(IF(AND(BH66=3,BI66=3,FS66<>0),P66,0),2) -> 0 | GM66: =ROUND(O66+X66+Y66+GK66,2)+GX66 -> 75566.02 | GN66: =IF(OR(BI66=0,BI66=1),ROUND(O66+X66+Y66+GK66,2),0) -> 75566.02 | GO66: =IF(BI66=2,ROUND(O66+X66+Y66+GK66,2),0) -> 0 | GP66: =IF(BI66=4,ROUND(O66+X66+Y66+GK66,2)+GX66,0) -> 0 | GR66: 0 | GS66: 3 | GT66: 0 | GV66: =ROUND(GT66,2) -> 0 | GW66: 1 | GX66: =ROUND(GV66*GW66*I66,2) -> 0 | HA66: 0 | HB66: 0 | IK66: 0
A67: 18 | B67: 1 | C67: 124 | E67: 13,5 | F67: 08.4.03.02-0003 | G67: Горячекатаная арматурная сталь гладкая класса А-I, диаметром 10 мм | H67: т | I67: =I62*J67 -> 0.14808 | J67: 0.46507538 | O67: =ROUND(CP67,2) -> 6533.84 | P67: =ROUND(CQ67*I67,2) -> 6533.84 | Q67: =ROUND(CR67*I67,2) -> 0 | R67: =ROUND(CS67*I67,2) -> 0 | S67: =ROUND(CT67*I67,2) -> 0 | T67: =ROUND(CU67*I67,2) -> 0 | U67: =CV67*I67 -> 0 | V67: =CW67*I67 -> 0 | W67: =ROUND(CX67*I67,2) -> 0 | X67: =ROUND(CY67,2) -> 0 | Y67: =ROUND(CZ67,2) -> 0 | AA67: 39570879 | AB67: =ROUND((AC67+AD67+AF67),2) -> 6726.18 | AC67: =ROUND((ES67),2) -> 6726.18 | AD67: =ROUND((((ET67)-(EU67))+AE67),2) -> 0 | AE67: =ROUND((EU67),2) -> 0 | AF67: =ROUND((EV67),2) -> 0 | AG67: =ROUND((AP67),2) -> 0 | AH67: =(EW67) -> 0 | AI67: =(EX67) -> 0 | AJ67: =ROUND((AS67),2) -> 0 | AK67: 6726.18 | AL67: 6726.18 | AM67: 0 | AN67: 0 | AO67: 0 | AP67: 0 | AQ67: 0 | AR67: 0 | AS67: 0 | AT67: 105 | AU67: 65 | AV67: 1 | AW67: 1 | AZ67: 6.56 | BA67: 1 | BB67: 1 | BC67: 6.56 | BH67: 3 | BI67: 1 | BJ67: ФССЦ-2001, 08.4.03.02-0003, приказ Минстроя России №1039/пр от 30.12.2016г. | BM67: 6001 | BN67: 0 | BP67: 0 | BQ67: 2 | BR67: 0 | BS67: 1 | BT67: 1 | BU67: 1 | BV67: 1 | BW67: 1 | BX67: 1 | BZ67: 105 | CA67: 65 | CF67: 0 | CG67: 0 | CM67: 0 | CO67: 0 | CP67: =(P67+Q67+S67) -> 6533.84 | CQ67: =AC67*BC67 -> 44123.741 | CR67: =AD67*BB67 -> 0 | CS67: =AE67*BS67 -> 0 | CT67: =AF67*BA67 -> 0 | CU67: =AG67 -> 0 | CV67: =AH67 -> 0 | CW67: =AI67 -> 0 | CX67: =AJ67 -> 0 | CY67: =(((S67+R67)*AT67)/100) -> 0 | CZ67: =(((S67+R67)*AU67)/100) -> 0 | DN67: 0 | DO67: 0 | DP67: 1 | DQ67: 1 | DU67: 1009 | DV67: т | DW67: т | DX67: 1000 | EE67: 39174490 | EF67: 2 | EG67: Общестроительные работы | EH67: 0 | EJ67: 1 | EK67: 6001 | EL67: Монолитные бетонные и железобетонные конструкции в промышленном строительстве | EM67: ФЕР-06 | EQ67: 0 | ER67: 6726.18 | ES67: 6726.18 | ET67: 0 | EU67: 0 | EV67: 0 | EW67: 0 | EX67: 0 | FQ67: 0 | FR67: =ROUND(IF(AND(BH67=3,BI67=3),P67,0),2) -> 0 | FS67: 0 | FX67: 105 | FY67: 65 | GD67: 0 | GF67: 468402022 | GG67: 1 | GH67: 1 | GI67: 4 | GJ67: 0 | GK67: =ROUND(R67*(R12)/100,2) -> 0 | GL67: =ROUND(IF(AND(BH67=3,BI67=3,FS67<>0),P67,0),2) -> 0 | GM67: =ROUND(O67+X67+Y67+GK67,2)+GX67 -> 6533.84 | GN67: =IF(OR(BI67=0,BI67=1),ROUND(O67+X67+Y67+GK67,2),0) -> 6533.84 | GO67: =IF(BI67=2,ROUND(O67+X67+Y67+GK67,2),0) -> 0 | GP67: =IF(BI67=4,ROUND(O67+X67+Y67+GK67,2)+GX67,0) -> 0 | GR67: 0 | GS67: 3 | GT67: 0 | GV67: =ROUND(GT67,2) -> 0 | GW67: 1 | GX67: =ROUND(GV67*GW67*I67,2) -> 0 | HA67: 0 | HB67: 0 | IK67: 0
A68: 17 | B68: 1 | C68: =ROW(SmtRes!A139) -> 139 | D68: =ROW(EtalonRes!A128) -> 128 | E68: 14 | F68: 06-01-015-05 | G68: Установка анкерных болтов при бетонировании в виде сваренных каркасов | H68: т | I68: 0.0123 | J68: 0 | O68: =ROUND(CP68,2) -> 582.07 | P68: =ROUND(CQ68*I68,2) -> 532.21 | Q68: =ROUND(CR68*I68,2) -> 21.51 | R68: =ROUND(CS68*I68,2) -> 2.86 | S68: =ROUND(CT68*I68,2) -> 28.35 | T68: =ROUND(CU68*I68,2) -> 0 | U68: =CV68*I68 -> 0.4764036 | V68: =CW68*I68 -> 0.03520875 | W68: =ROUND(CX68*I68,2) -> 0 | X68: =ROUND(CY68,2) -> 32.77 | Y68: =ROUND(CZ68,2) -> 20.29 | AA68: 39570879 | AB68: =ROUND((AC68+AD68+AF68),2) -> 7213.86 | AC68: =ROUND((ES68),2) -> 6595.95 | AD68: =ROUND(((((ET68*1.25))-((EU68*1.25)))+AE68),2) -> 266.61 | AE68: =ROUND(((EU68*1.25)),2) -> 35.43 | AF68: =ROUND(((EV68*1.15)),2) -> 351.3 | AG68: =ROUND((AP68),2) -> 0 | AH68: =((EW68*1.15)) -> 38.732 | AI68: =((EX68*1.25)) -> 2.8625 | AJ68: =ROUND((AS68),2) -> 0 | AK68: 7114.71 | AL68: 6595.95 | AM68: 213.28 | AN68: 28.34 | AO68: 305.48 | AP68: 0 | AQ68: 33.68 | AR68: 2.29 | AS68: 0 | AT68: 105 | AU68: 65 | AV68: 1 | AW68: 1 | AZ68: 6.56 | BA68: 6.56 | BB68: 6.56 | BC68: 6.56 | BH68: 0 | BI68: 1 | BJ68: ФЕР-2001, 06-01-015-05, приказ Минстроя России №1039/пр от 30.12.2016г. | BM68: 6001 | BN68: 0 | BP68: 0 | BQ68: 2 | BR68: 0 | BS68: 6.56 | BT68: 1 | BU68: 1 | BV68: 1 | BW68: 1 | BX68: 1 | BZ68: 105 | CA68: 65 | CF68: 0 | CG68: 0 | CM68: 0 | CN68: Поправка: МДС 81-35.2004, п.4.7 Наименование: Работы, выполняемые при реконструкции зданий и сооружений работы, аналогичные технологическим процессам в новом строительстве (в том числе возведение новых конструктивных элементов) стоимость которых определена по соответствующим сборникам ФЕР, кроме сборника № 46 «Работы при реконструкции зданий и сооружений» | CO68: 0 | CP68: =(P68+Q68+S68) -> 582.07 | CQ68: =AC68*BC68 -> 43269.432 | CR68: =AD68*BB68 -> 1748.9616 | CS68: =AE68*BS68 -> 232.4208 | CT68: =AF68*BA68 -> 2304.528 | CU68: =AG68 -> 0 | CV68: =AH68 -> 38.732 | CW68: =AI68 -> 2.8625 | CX68: =AJ68 -> 0 | CY68: =(((S68+R68)*AT68)/100) -> 32.7705 | CZ68: =(((S68+R68)*AU68)/100) -> 20.2865 | DE68: )*1,25 | DF68: )*1,25 | DG68: )*1,15 | DI68: )*1,15 | DJ68: )*1,25 | DN68: 0 | DO68: 0 | DP68: 1 | DQ68: 1 | DU68: 1009 | DV68: т | DW68: т | DX68: 1000 | EE68: 39174490 | EF68: 2 | EG68: Общестроительные работы | EH68: 0 | EJ68: 1 | EK68: 6001 | EL68: Монолитные бетонные и железобетонные конструкции в промышленном строительстве | EM68: ФЕР-06 | EO68: Поправка: МДС 81-35.2004, п.4.7 | EQ68: 0 | ER68: 7114.71 | ES68: 6595.95 | ET68: 213.28 | EU68: 28.34 | EV68: 305.48 | EW68: 33.68 | EX68: 2.29 | EY68: 0 | FQ68: 0 | FR68: =ROUND(IF(AND(BH68=3,BI68=3),P68,0),2) -> 0 | FS68: 0 | FX68: 105 | FY68: 65 | GD68: 0 | GF68: -939931777 | GG68: 1 | GH68: 1 | GI68: 4 | GJ68: 0 | GK68: =ROUND(R68*(R12)/100,2) -> 0 | GL68: =ROUND(IF(AND(BH68=3,BI68=3,FS68<>0),P68,0),2) -> 0 | GM68: =ROUND(O68+X68+Y68+GK68,2)+GX68 -> 635.13 | GN68: =IF(OR(BI68=0,BI68=1),ROUND(O68+X68+Y68+GK68,2),0) -> 635.13 | GO68: =IF(BI68=2,ROUND(O68+X68+Y68+GK68,2),0) -> 0 | GP68: =IF(BI68=4,ROUND(O68+X68+Y68+GK68,2)+GX68,0) -> 0 | GR68: 0 | GS68: 3 | GT68: 0 | GV68: =ROUND(GT68,2) -> 0 | GW68: 1 | GX68: =ROUND(GV68*GW68*I68,2) -> 0 | HA68: 0 | HB68: 0 | IK68: 0
A69: 18 | B69: 1 | C69: 135 | E69: 14,1 | F69: 07.2.07.02 | G69: Кондуктор инвентарный металлический | H69: шт. | I69: =I68*J69 -> 1 | J69: 81.300813 | O69: =ROUND(CP69,2) -> 0 | P69: =ROUND(CQ69*I69,2) -> 0 | Q69: =ROUND(CR69*I69,2) -> 0 | R69: =ROUND(CS69*I69,2) -> 0 | S69: =ROUND(CT69*I69,2) -> 0 | T69: =ROUND(CU69*I69,2) -> 0 | U69: =CV69*I69 -> 0 | V69: =CW69*I69 -> 0 | W69: =ROUND(CX69*I69,2) -> 0 | X69: =ROUND(CY69,2) -> 0 | Y69: =ROUND(CZ69,2) -> 0 | AA69: 39570879 | AB69: =ROUND((AC69+AD69+AF69),2) -> 0 | AC69: =ROUND((ES69),2) -> 0 | AD69: =ROUND((((ET69)-(EU69))+AE69),2) -> 0 | AE69: =ROUND((EU69),2) -> 0 | AF69: =ROUND((EV69),2) -> 0 | AG69: =ROUND((AP69),2) -> 0 | AH69: =(EW69) -> 0 | AI69: =(EX69) -> 0 | AJ69: =ROUND((AS69),2) -> 0 | AK69: 0 | AL69: 0 | AM69: 0 | AN69: 0 | AO69: 0 | AP69: 0 | AQ69: 0 | AR69: 0 | AS69: 0 | AT69: 105 | AU69: 65 | AV69: 1 | AW69: 1 | AZ69: 6.56 | BA69: 1 | BB69: 1 | BC69: 6.56 | BH69: 3 | BI69: 1 | BM69: 6001 | BN69: 0 | BP69: 0 | BQ69: 2 | BR69: 0 | BS69: 1 | BT69: 1 | BU69: 1 | BV69: 1 | BW69: 1 | BX69: 1 | BZ69: 105 | CA69: 65 | CF69: 0 | CG69: 0 | CM69: 0 | CO69: 0 | CP69: =(P69+Q69+S69) -> 0 | CQ69: =AC69*BC69 -> 0 | CR69: =AD69*BB69 -> 0 | CS69: =AE69*BS69 -> 0 | CT69: =AF69*BA69 -> 0 | CU69: =AG69 -> 0 | CV69: =AH69 -> 0 | CW69: =AI69 -> 0 | CX69: =AJ69 -> 0 | CY69: =(((S69+R69)*AT69)/100) -> 0 | CZ69: =(((S69+R69)*AU69)/100) -> 0 | DN69: 0 | DO69: 0 | DP69: 1 | DQ69: 1 | DU69: 1010 | DV69: шт. | DW69: шт. | DX69: 1 | EE69: 39174490 | EF69: 2 | EG69: Общестроительные работы | EH69: 0 | EJ69: 1 | EK69: 6001 | EL69: Монолитные бетонные и железобетонные конструкции в промышленном строительстве | EM69: ФЕР-06 | EQ69: 0 | ER69: 0 | ES69: 0 | ET69: 0 | EU69: 0 | EV69: 0 | EW69: 0 | EX69: 0 | FQ69: 0 | FR69: =ROUND(IF(AND(BH69=3,BI69=3),P69,0),2) -> 0 | FS69: 0 | FX69: 105 | FY69: 65 | GD69: 0 | GF69: 1853259601 | GG69: 1 | GH69: 1 | GI69: 4 | GJ69: 0 | GK69: =ROUND(R69*(R12)/100,2) -> 0 | GL69: =ROUND(IF(AND(BH69=3,BI69=3,FS69<>0),P69,0),2) -> 0 | GM69: =ROUND(O69+X69+Y69+GK69,2)+GX69 -> 0 | GN69: =IF(OR(BI69=0,BI69=1),ROUND(O69+X69+Y69+GK69,2),0) -> 0 | GO69: =IF(BI69=2,ROUND(O69+X69+Y69+GK69,2),0) -> 0 | GP69: =IF(BI69=4,ROUND(O69+X69+Y69+GK69,2)+GX69,0) -> 0 | GR69: 0 | GS69: 3 | GT69: 0 | GV69: =ROUND(GT69,2) -> 0 | GW69: 1 | GX69: =ROUND(GV69*GW69*I69,2) -> 0 | HA69: 0 | HB69: 0 | IK69: 0
A70: 18 | B70: 1 | C70: 136 | E70: 14,2 | F70: 07.2.07.02-0001 | G70: Кондуктор инвентарный металлический | H70: шт. | I70: =I68*J70 -> 1 | J70: 81.300813 | O70: =ROUND(CP70,2) -> 2269.76 | P70: =ROUND(CQ70*I70,2) -> 2269.76 | Q70: =ROUND(CR70*I70,2) -> 0 | R70: =ROUND(CS70*I70,2) -> 0 | S70: =ROUND(CT70*I70,2) -> 0 | T70: =ROUND(CU70*I70,2) -> 0 | U70: =CV70*I70 -> 0 | V70: =CW70*I70 -> 0 | W70: =ROUND(CX70*I70,2) -> 0 | X70: =ROUND(CY70,2) -> 0 | Y70: =ROUND(CZ70,2) -> 0 | AA70: 39570879 | AB70: =ROUND((AC70+AD70+AF70),2) -> 346 | AC70: =ROUND((ES70),2) -> 346 | AD70: =ROUND((((ET70)-(EU70))+AE70),2) -> 0 | AE70: =ROUND((EU70),2) -> 0 | AF70: =ROUND((EV70),2) -> 0 | AG70: =ROUND((AP70),2) -> 0 | AH70: =(EW70) -> 0 | AI70: =(EX70) -> 0 | AJ70: =ROUND((AS70),2) -> 0 | AK70: 346 | AL70: 346 | AM70: 0 | AN70: 0 | AO70: 0 | AP70: 0 | AQ70: 0 | AR70: 0 | AS70: 0 | AT70: 105 | AU70: 65 | AV70: 1 | AW70: 1 | AZ70: 6.56 | BA70: 1 | BB70: 1 | BC70: 6.56 | BH70: 3 | BI70: 1 | BJ70: ФССЦ-2001, 07.2.07.02-0001, приказ Минстроя России №1039/пр от 30.12.2016г. | BM70: 6001 | BN70: 0 | BP70: 0 | BQ70: 2 | BR70: 0 | BS70: 1 | BT70: 1 | BU70: 1 | BV70: 1 | BW70: 1 | BX70: 1 | BZ70: 105 | CA70: 65 | CF70: 0 | CG70: 0 | CM70: 0 | CO70: 0 | CP70: =(P70+Q70+S70) -> 2269.76 | CQ70: =AC70*BC70 -> 2269.76 | CR70: =AD70*BB70 -> 0 | CS70: =AE70*BS70 -> 0 | CT70: =AF70*BA70 -> 0 | CU70: =AG70 -> 0 | CV70: =AH70 -> 0 | CW70: =AI70 -> 0 | CX70: =AJ70 -> 0 | CY70: =(((S70+R70)*AT70)/100) -> 0 | CZ70: =(((S70+R70)*AU70)/100) -> 0 | DN70: 0 | DO70: 0 | DP70: 1 | DQ70: 1 | DU70: 1010 | DV70: шт. | DW70: шт. | DX70: 1 | EE70: 39174490 | EF70: 2 | EG70: Общестроительные работы | EH70: 0 | EJ70: 1 | EK70: 6001 | EL70: Монолитные бетонные и железобетонные конструкции в промышленном строительстве | EM70: ФЕР-06 | EQ70: 0 | ER70: 346 | ES70: 346 | ET70: 0 | EU70: 0 | EV70: 0 | EW70: 0 | EX70: 0 | FQ70: 0 | FR70: =ROUND(IF(AND(BH70=3,BI70=3),P70,0),2) -> 0 | FS70: 0 | FX70: 105 | FY70: 65 | GD70: 0 | GF70: 459441003 | GG70: 1 | GH70: 1 | GI70: 4 | GJ70: 0 | GK70: =ROUND(R70*(R12)/100,2) -> 0 | GL70: =ROUND(IF(AND(BH70=3,BI70=3,FS70<>0),P70,0),2) -> 0 | GM70: =ROUND(O70+X70+Y70+GK70,2)+GX70 -> 2269.76 | GN70: =IF(OR(BI70=0,BI70=1),ROUND(O70+X70+Y70+GK70,2),0) -> 2269.76 | GO70: =IF(BI70=2,ROUND(O70+X70+Y70+GK70,2),0) -> 0 | GP70: =IF(BI70=4,ROUND(O70+X70+Y70+GK70,2)+GX70,0) -> 0 | GR70: 0 | GS70: 3 | GT70: 0 | GV70: =ROUND(GT70,2) -> 0 | GW70: 1 | GX70: =ROUND(GV70*GW70*I70,2) -> 0 | HA70: 0 | HB70: 0 | IK70: 0
A71: 18 | B71: 1 | C71: 138 | E71: 14,3 | F71: 07.2.07.13 | G71: Конструкции стальные | H71: т | I71: =I68*J71 -> 0.004305 | J71: 0.35 | O71: =ROUND(CP71,2) -> 0 | P71: =ROUND(CQ71*I71,2) -> 0 | Q71: =ROUND(CR71*I71,2) -> 0 | R71: =ROUND(CS71*I71,2) -> 0 | S71: =ROUND(CT71*I71,2) -> 0 | T71: =ROUND(CU71*I71,2) -> 0 | U71: =CV71*I71 -> 0 | V71: =CW71*I71 -> 0 | W71: =ROUND(CX71*I71,2) -> 0 | X71: =ROUND(CY71,2) -> 0 | Y71: =ROUND(CZ71,2) -> 0 | AA71: 39570879 | AB71: =ROUND((AC71+AD71+AF71),2) -> 0 | AC71: =ROUND((ES71),2) -> 0 | AD71: =ROUND((((ET71)-(EU71))+AE71),2) -> 0 | AE71: =ROUND((EU71),2) -> 0 | AF71: =ROUND((EV71),2) -> 0 | AG71: =ROUND((AP71),2) -> 0 | AH71: =(EW71) -> 0 | AI71: =(EX71) -> 0 | AJ71: =ROUND((AS71),2) -> 0 | AK71: 0 | AL71: 0 | AM71: 0 | AN71: 0 | AO71: 0 | AP71: 0 | AQ71: 0 | AR71: 0 | AS71: 0 | AT71: 105 | AU71: 65 | AV71: 1 | AW71: 1 | AZ71: 6.56 | BA71: 1 | BB71: 1 | BC71: 6.56 | BH71: 3 | BI71: 1 | BM71: 6001 | BN71: 0 | BP71: 0 | BQ71: 2 | BR71: 0 | BS71: 1 | BT71: 1 | BU71: 1 | BV71: 1 | BW71: 1 | BX71: 1 | BZ71: 105 | CA71: 65 | CF71: 0 | CG71: 0 | CM71: 0 | CO71: 0 | CP71: =(P71+Q71+S71) -> 0 | CQ71: =AC71*BC71 -> 0 | CR71: =AD71*BB71 -> 0 | CS71: =AE71*BS71 -> 0 | CT71: =AF71*BA71 -> 0 | CU71: =AG71 -> 0 | CV71: =AH71 -> 0 | CW71: =AI71 -> 0 | CX71: =AJ71 -> 0 | CY71: =(((S71+R71)*AT71)/100) -> 0 | CZ71: =(((S71+R71)*AU71)/100) -> 0 | DN71: 0 | DO71: 0 | DP71: 1 | DQ71: 1 | DU71: 1009 | DV71: т | DW71: т | DX71: 1000 | EE71: 39174490 | EF71: 2 | EG71: Общестроительные работы | EH71: 0 | EJ71: 1 | EK71: 6001 | EL71: Монолитные бетонные и железобетонные конструкции в промышленном строительстве | EM71: ФЕР-06 | EQ71: 0 | ER71: 0 | ES71: 0 | ET71: 0 | EU71: 0 | EV71: 0 | EW71: 0 | EX71: 0 | FQ71: 0 | FR71: =ROUND(IF(AND(BH71=3,BI71=3),P71,0),2) -> 0 | FS71: 0 | FX71: 105 | FY71: 65 | GD71: 0 | GF71: 748648226 | GG71: 1 | GH71: 1 | GI71: 4 | GJ71: 0 | GK71: =ROUND(R71*(R12)/100,2) -> 0 | GL71: =ROUND(IF(AND(BH71=3,BI71=3,FS71<>0),P71,0),2) -> 0 | GM71: =ROUND(O71+X71+Y71+GK71,2)+GX71 -> 0 | GN71: =IF(OR(BI71=0,BI71=1),ROUND(O71+X71+Y71+GK71,2),0) -> 0 | GO71: =IF(BI71=2,ROUND(O71+X71+Y71+GK71,2),0) -> 0 | GP71: =IF(BI71=4,ROUND(O71+X71+Y71+GK71,2)+GX71,0) -> 0 | GR71: 0 | GS71: 3 | GT71: 0 | GV71: =ROUND(GT71,2) -> 0 | GW71: 1 | GX71: =ROUND(GV71*GW71*I71,2) -> 0 | HA71: 0 | HB71: 0 | IK71: 0
A72: 18 | B72: 1 | C72: 137 | E72: 14,4 | F72: 07.2.07.04-0001 | G72: Конструкции стальные индивидуальные листовые сварные из стали толщиной 3-10 мм массой 0,1-0,5 т | H72: т | I72: =I68*J72 -> 0.004305 | J72: 0.35 | O72: =ROUND(CP72,2) -> 283.71 | P72: =ROUND(CQ72*I72,2) -> 283.71 | Q72: =ROUND(CR72*I72,2) -> 0 | R72: =ROUND(CS72*I72,2) -> 0 | S72: =ROUND(CT72*I72,2) -> 0 | T72: =ROUND(CU72*I72,2) -> 0 | U72: =CV72*I72 -> 0 | V72: =CW72*I72 -> 0 | W72: =ROUND(CX72*I72,2) -> 0 | X72: =ROUND(CY72,2) -> 0 | Y72: =ROUND(CZ72,2) -> 0 | AA72: 39570879 | AB72: =ROUND((AC72+AD72+AF72),2) -> 10046 | AC72: =ROUND((ES72),2) -> 10046 | AD72: =ROUND((((ET72)-(EU72))+AE72),2) -> 0 | AE72: =ROUND((EU72),2) -> 0 | AF72: =ROUND((EV72),2) -> 0 | AG72: =ROUND((AP72),2) -> 0 | AH72: =(EW72) -> 0 | AI72: =(EX72) -> 0 | AJ72: =ROUND((AS72),2) -> 0 | AK72: 10046 | AL72: 10046 | AM72: 0 | AN72: 0 | AO72: 0 | AP72: 0 | AQ72: 0 | AR72: 0 | AS72: 0 | AT72: 105 | AU72: 65 | AV72: 1 | AW72: 1 | AZ72: 6.56 | BA72: 1 | BB72: 1 | BC72: 6.56 | BH72: 3 | BI72: 1 | BJ72: ФССЦ-2001, 07.2.07.04-0001, приказ Минстроя России №1039/пр от 30.12.2016г. | BM72: 6001 | BN72: 0 | BP72: 0 | BQ72: 2 | BR72: 0 | BS72: 1 | BT72: 1 | BU72: 1 | BV72: 1 | BW72: 1 | BX72: 1 | BZ72: 105 | CA72: 65 | CF72: 0 | CG72: 0 | CM72: 0 | CO72: 0 | CP72: =(P72+Q72+S72) -> 283.71 | CQ72: =AC72*BC72 -> 65901.76 | CR72: =AD72*BB72 -> 0 | CS72: =AE72*BS72 -> 0 | CT72: =AF72*BA72 -> 0 | CU72: =AG72 -> 0 | CV72: =AH72 -> 0 | CW72: =AI72 -> 0 | CX72: =AJ72 -> 0 | CY72: =(((S72+R72)*AT72)/100) -> 0 | CZ72: =(((S72+R72)*AU72)/100) -> 0 | DN72: 0 | DO72: 0 | DP72: 1 | DQ72: 1 | DU72: 1009 | DV72: т | DW72: т | DX72: 1000 | EE72: 39174490 | EF72: 2 | EG72: Общестроительные работы | EH72: 0 | EJ72: 1 | EK72: 6001 | EL72: Монолитные бетонные и железобетонные конструкции в промышленном строительстве | EM72: ФЕР-06 | EQ72: 0 | ER72: 10046 | ES72: 10046 | ET72: 0 | EU72: 0 | EV72: 0 | EW72: 0 | EX72: 0 | FQ72: 0 | FR72: =ROUND(IF(AND(BH72=3,BI72=3),P72,0),2) -> 0 | FS72: 0 | FX72: 105 | FY72: 65 | GD72: 0 | GF72: -1585038080 | GG72: 1 | GH72: 1 | GI72: 4 | GJ72: 0 | GK72: =ROUND(R72*(R12)/100,2) -> 0 | GL72: =ROUND(IF(AND(BH72=3,BI72=3,FS72<>0),P72,0),2) -> 0 | GM72: =ROUND(O72+X72+Y72+GK72,2)+GX72 -> 283.71 | GN72: =IF(OR(BI72=0,BI72=1),ROUND(O72+X72+Y72+GK72,2),0) -> 283.71 | GO72: =IF(BI72=2,ROUND(O72+X72+Y72+GK72,2),0) -> 0 | GP72: =IF(BI72=4,ROUND(O72+X72+Y72+GK72,2)+GX72,0) -> 0 | GR72: 0 | GS72: 3 | GT72: 0 | GV72: =ROUND(GT72,2) -> 0 | GW72: 1 | GX72: =ROUND(GV72*GW72*I72,2) -> 0 | HA72: 0 | HB72: 0 | IK72: 0
A73: 17 | B73: 1 | C73: =ROW(SmtRes!A148) -> 148 | D73: =ROW(EtalonRes!A136) -> 136 | E73: 15 | F73: 26-01-022-02 прим. | G73: Изоляция плоских и криволинейных поверхностей штучными изделиями из пенополиуретана (плитами) | H73: м3 | I73: 7.85 | J73: 0 | O73: =ROUND(CP73,2) -> 47940.71 | P73: =ROUND(CQ73*I73,2) -> 34910.68 | Q73: =ROUND(CR73*I73,2) -> 1773.52 | R73: =ROUND(CS73*I73,2) -> 298.68 | S73: =ROUND(CT73*I73,2) -> 11256.51 | T73: =ROUND(CU73*I73,2) -> 0 | U73: =CV73*I73 -> 198.605 | V73: =CW73*I73 -> 3.925 | W73: =ROUND(CX73*I73,2) -> 0 | X73: =ROUND(CY73,2) -> 11555.19 | Y73: =ROUND(CZ73,2) -> 8088.63 | AA73: 39570879 | AB73: =ROUND((AC73+AD73+AF73),2) -> 930.96 | AC73: =ROUND((ES73),2) -> 677.93 | AD73: =ROUND(((((ET73*1.25))-((EU73*1.25)))+AE73),2) -> 34.44 | AE73: =ROUND(((EU73*1.25)),2) -> 5.8 | AF73: =ROUND(((EV73*1.15)),2) -> 218.59 | AG73: =ROUND((AP73),2) -> 0 | AH73: =((EW73*1.15)) -> 25.3 | AI73: =((EX73*1.25)) -> 0.5 | AJ73: =ROUND((AS73),2) -> 0 | AK73: 895.56 | AL73: 677.93 | AM73: 27.55 | AN73: 4.64 | AO73: 190.08 | AP73: 0 | AQ73: 22 | AR73: 0.4 | AS73: 0 | AT73: 100 | AU73: 70 | AV73: 1 | AW73: 1 | AZ73: 6.56 | BA73: 6.56 | BB73: 6.56 | BC73: 6.56 | BH73: 0 | BI73: 1 | BJ73: ФЕР-2001, 26-01-022-02, приказ Минстроя России №1039/пр от 30.12.2016г. | BM73: 26001 | BN73: 0 | BP73: 0 | BQ73: 2 | BR73: 0 | BS73: 6.56 | BT73: 1 | BU73: 1 | BV73: 1 | BW73: 1 | BX73: 1 | BZ73: 100 | CA73: 70 | CF73: 0 | CG73: 0 | CM73: 0 | CN73: Поправка: МДС 81-35.2004, п.4.7 Наименование: Работы, выполняемые при реконструкции зданий и сооружений работы, аналогичные технологическим процессам в новом строительстве (в том числе возведение новых конструктивных элементов) стоимость которых определена по соответствующим сборникам ФЕР, кроме сборника № 46 «Работы при реконструкции зданий и сооружений» | CO73: 0 | CP73: =(P73+Q73+S73) -> 47940.71 | CQ73: =AC73*BC73 -> 4447.2208 | CR73: =AD73*BB73 -> 225.9264 | CS73: =AE73*BS73 -> 38.048 | CT73: =AF73*BA73 -> 1433.9504 | CU73: =AG73 -> 0 | CV73: =AH73 -> 25.3 | CW73: =AI73 -> 0.5 | CX73: =AJ73 -> 0 | CY73: =(((S73+R73)*AT73)/100) -> 11555.19 | CZ73: =(((S73+R73)*AU73)/100) -> 8088.633 | DE73: )*1,25 | DF73: )*1,25 | DG73: )*1,15 | DI73: )*1,15 | DJ73: )*1,25 | DN73: 0 | DO73: 0 | DP73: 1 | DQ73: 1 | DU73: 1007 | DV73: м3 | DW73: м3 | DX73: 1 | EE73: 39174543 | EF73: 2 | EG73: Общестроительные работы | EH73: 0 | EJ73: 1 | EK73: 26001 | EL73: Теплоизоляционные работы | EM73: ФЕР-26 | EO73: Поправка: МДС 81-35.2004, п.4.7 | EQ73: 0 | ER73: 895.56 | ES73: 677.93 | ET73: 27.55 | EU73: 4.64 | EV73: 190.08 | EW73: 22 | EX73: 0.4 | EY73: 0 | FQ73: 0 | FR73: =ROUND(IF(AND(BH73=3,BI73=3),P73,0),2) -> 0 | FS73: 0 | FX73: 100 | FY73: 70 | GD73: 0 | GF73: 1652809329 | GG73: 1 | GH73: 1 | GI73: 4 | GJ73: 0 | GK73: =ROUND(R73*(R12)/100,2) -> 0 | GL73: =ROUND(IF(AND(BH73=3,BI73=3,FS73<>0),P73,0),2) -> 0 | GM73: =ROUND(O73+X73+Y73+GK73,2)+GX73 -> 67584.53 | GN73: =IF(OR(BI73=0,BI73=1),ROUND(O73+X73+Y73+GK73,2),0) -> 67584.53 | GO73: =IF(BI73=2,ROUND(O73+X73+Y73+GK73,2),0) -> 0 | GP73: =IF(BI73=4,ROUND(O73+X73+Y73+GK73,2)+GX73,0) -> 0 | GR73: 0 | GS73: 3 | GT73: 0 | GV73: =ROUND(GT73,2) -> 0 | GW73: 1 | GX73: =ROUND(GV73*GW73*I73,2) -> 0 | HA73: 0 | HB73: 0 | IK73: 0
A74: 18 | B74: 1 | C74: 146 | E74: 15,1 | F74: 12.2.01.09 | G74: Изделия теплоизоляционные из пенополиуретана | H74: м3 | I74: =I73*J74 -> 8.2425 | J74: 1.05 | O74: =ROUND(CP74,2) -> 0 | P74: =ROUND(CQ74*I74,2) -> 0 | Q74: =ROUND(CR74*I74,2) -> 0 | R74: =ROUND(CS74*I74,2) -> 0 | S74: =ROUND(CT74*I74,2) -> 0 | T74: =ROUND(CU74*I74,2) -> 0 | U74: =CV74*I74 -> 0 | V74: =CW74*I74 -> 0 | W74: =ROUND(CX74*I74,2) -> 0 | X74: =ROUND(CY74,2) -> 0 | Y74: =ROUND(CZ74,2) -> 0 | AA74: 39570879 | AB74: =ROUND((AC74+AD74+AF74),2) -> 0 | AC74: =ROUND((ES74),2) -> 0 | AD74: =ROUND((((ET74)-(EU74))+AE74),2) -> 0 | AE74: =ROUND((EU74),2) -> 0 | AF74: =ROUND((EV74),2) -> 0 | AG74: =ROUND((AP74),2) -> 0 | AH74: =(EW74) -> 0 | AI74: =(EX74) -> 0 | AJ74: =ROUND((AS74),2) -> 0 | AK74: 0 | AL74: 0 | AM74: 0 | AN74: 0 | AO74: 0 | AP74: 0 | AQ74: 0 | AR74: 0 | AS74: 0 | AT74: 100 | AU74: 70 | AV74: 1 | AW74: 1 | AZ74: 6.56 | BA74: 1 | BB74: 1 | BC74: 6.56 | BH74: 3 | BI74: 1 | BM74: 26001 | BN74: 0 | BP74: 0 | BQ74: 2 | BR74: 0 | BS74: 1 | BT74: 1 | BU74: 1 | BV74: 1 | BW74: 1 | BX74: 1 | BZ74: 100 | CA74: 70 | CF74: 0 | CG74: 0 | CM74: 0 | CO74: 0 | CP74: =(P74+Q74+S74) -> 0 | CQ74: =AC74*BC74 -> 0 | CR74: =AD74*BB74 -> 0 | CS74: =AE74*BS74 -> 0 | CT74: =AF74*BA74 -> 0 | CU74: =AG74 -> 0 | CV74: =AH74 -> 0 | CW74: =AI74 -> 0 | CX74: =AJ74 -> 0 | CY74: =(((S74+R74)*AT74)/100) -> 0 | CZ74: =(((S74+R74)*AU74)/100) -> 0 | DN74: 0 | DO74: 0 | DP74: 1 | DQ74: 1 | DU74: 1007 | DV74: м3 | DW74: м3 | DX74: 1 | EE74: 39174543 | EF74: 2 | EG74: Общестроительные работы | EH74: 0 | EJ74: 1 | EK74: 26001 | EL74: Теплоизоляционные работы | EM74: ФЕР-26 | EQ74: 0 | ER74: 0 | ES74: 0 | ET74: 0 | EU74: 0 | EV74: 0 | EW74: 0 | EX74: 0 | FQ74: 0 | FR74: =ROUND(IF(AND(BH74=3,BI74=3),P74,0),2) -> 0 | FS74: 0 | FX74: 100 | FY74: 70 | GD74: 0 | GF74: 720604148 | GG74: 1 | GH74: 1 | GI74: 4 | GJ74: 0 | GK74: =ROUND(R74*(R12)/100,2) -> 0 | GL74: =ROUND(IF(AND(BH74=3,BI74=3,FS74<>0),P74,0),2) -> 0 | GM74: =ROUND(O74+X74+Y74+GK74,2)+GX74 -> 0 | GN74: =IF(OR(BI74=0,BI74=1),ROUND(O74+X74+Y74+GK74,2),0) -> 0 | GO74: =IF(BI74=2,ROUND(O74+X74+Y74+GK74,2),0) -> 0 | GP74: =IF(BI74=4,ROUND(O74+X74+Y74+GK74,2)+GX74,0) -> 0 | GR74: 0 | GS74: 3 | GT74: 0 | GV74: =ROUND(GT74,2) -> 0 | GW74: 1 | GX74: =ROUND(GV74*GW74*I74,2) -> 0 | HA74: 0 | HB74: 0 | IK74: 0
A75: 18 | B75: 1 | C75: 147 | E75: 15,2 | F75: 12.2.05.09-0008 | G75: Пенополистирол экструдированный ТЕХНОНИКОЛЬ XPS CARBON 30-280 Стандарт | H75: м3 | I75: =I73*J75 -> 8.2425 | J75: 1.05 | O75: =ROUND(CP75,2) -> 80946.15 | P75: =ROUND(CQ75*I75,2) -> 80946.15 | Q75: =ROUND(CR75*I75,2) -> 0 | R75: =ROUND(CS75*I75,2) -> 0 | S75: =ROUND(CT75*I75,2) -> 0 | T75: =ROUND(CU75*I75,2) -> 0 | U75: =CV75*I75 -> 0 | V75: =CW75*I75 -> 0 | W75: =ROUND(CX75*I75,2) -> 0 | X75: =ROUND(CY75,2) -> 0 | Y75: =ROUND(CZ75,2) -> 0 | AA75: 39570879 | AB75: =ROUND((AC75+AD75+AF75),2) -> 1497.04 | AC75: =ROUND((ES75),2) -> 1497.04 | AD75: =ROUND((((ET75)-(EU75))+AE75),2) -> 0 | AE75: =ROUND((EU75),2) -> 0 | AF75: =ROUND((EV75),2) -> 0 | AG75: =ROUND((AP75),2) -> 0 | AH75: =(EW75) -> 0 | AI75: =(EX75) -> 0 | AJ75: =ROUND((AS75),2) -> 0 | AK75: 1497.04 | AL75: 1497.04 | AM75: 0 | AN75: 0 | AO75: 0 | AP75: 0 | AQ75: 0 | AR75: 0 | AS75: 0 | AT75: 100 | AU75: 70 | AV75: 1 | AW75: 1 | AZ75: 6.56 | BA75: 1 | BB75: 1 | BC75: 6.56 | BH75: 3 | BI75: 1 | BJ75: ФССЦ-2001, 12.2.05.09-0008, приказ Минстроя России №1039/пр от 30.12.2016г. | BM75: 26001 | BN75: 0 | BP75: 0 | BQ75: 2 | BR75: 0 | BS75: 1 | BT75: 1 | BU75: 1 | BV75: 1 | BW75: 1 | BX75: 1 | BZ75: 100 | CA75: 70 | CF75: 0 | CG75: 0 | CM75: 0 | CO75: 0 | CP75: =(P75+Q75+S75) -> 80946.15 | CQ75: =AC75*BC75 -> 9820.5824 | CR75: =AD75*BB75 -> 0 | CS75: =AE75*BS75 -> 0 | CT75: =AF75*BA75 -> 0 | CU75: =AG75 -> 0 | CV75: =AH75 -> 0 | CW75: =AI75 -> 0 | CX75: =AJ75 -> 0 | CY75: =(((S75+R75)*AT75)/100) -> 0 | CZ75: =(((S75+R75)*AU75)/100) -> 0 | DN75: 0 | DO75: 0 | DP75: 1 | DQ75: 1 | DU75: 1007 | DV75: м3 | DW75: м3 | DX75: 1 | EE75: 39174543 | EF75: 2 | EG75: Общестроительные работы | EH75: 0 | EJ75: 1 | EK75: 26001 | EL75: Теплоизоляционные работы | EM75: ФЕР-26 | EQ75: 0 | ER75: 1497.04 | ES75: 1497.04 | ET75: 0 | EU75: 0 | EV75: 0 | EW75: 0 | EX75: 0 | FQ75: 0 | FR75: =ROUND(IF(AND(BH75=3,BI75=3),P75,0),2) -> 0 | FS75: 0 | FX75: 100 | FY75: 70 | GD75: 0 | GF75: 1864268680 | GG75: 1 | GH75: 1 | GI75: 4 | GJ75: 0 | GK75: =ROUND(R75*(R12)/100,2) -> 0 | GL75: =ROUND(IF(AND(BH75=3,BI75=3,FS75<>0),P75,0),2) -> 0 | GM75: =ROUND(O75+X75+Y75+GK75,2)+GX75 -> 80946.15 | GN75: =IF(OR(BI75=0,BI75=1),ROUND(O75+X75+Y75+GK75,2),0) -> 80946.15 | GO75: =IF(BI75=2,ROUND(O75+X75+Y75+GK75,2),0) -> 0 | GP75: =IF(BI75=4,ROUND(O75+X75+Y75+GK75,2)+GX75,0) -> 0 | GR75: 0 | GS75: 3 | GT75: 0 | GV75: =ROUND(GT75,2) -> 0 | GW75: 1 | GX75: =ROUND(GV75*GW75*I75,2) -> 0 | HA75: 0 | HB75: 0 | IK75: 0
A76: 17 | B76: 1 | C76: =ROW(SmtRes!A169) -> 169 | D76: =ROW(EtalonRes!A154) -> 154 | E76: 16 | F76: 06-01-031-02 | G76: Устройство железобетонных стен и перегородок высотой до 3 м, толщиной 150 мм | H76: 100 м3 | I76: =ROUND(9.9/100,9) -> 0.099 | J76: 0 | O76: =ROUND(CP76,2) -> 36540.98 | P76: =ROUND(CQ76*I76,2) -> 12911.34 | Q76: =ROUND(CR76*I76,2) -> 9570.01 | R76: =ROUND(CS76*I76,2) -> 1321.48 | S76: =ROUND(CT76*I76,2) -> 14059.63 | T76: =ROUND(CU76*I76,2) -> 0 | U76: =CV76*I76 -> 245.22152 | V76: =CW76*I76 -> 14.95395 | W76: =ROUND(CX76*I76,2) -> 0 | X76: =ROUND(CY76,2) -> 16150.17 | Y76: =ROUND(CZ76,2) -> 9997.72 | AA76: 39570879 | AB76: =ROUND((AC76+AD76+AF76),2) -> 56265.37 | AC76: =ROUND((ES76),2) -> 19880.73 | AD76: =ROUND(((((ET76*1.25))-((EU76*1.25)))+AE76),2) -> 14735.79 | AE76: =ROUND(((EU76*1.25)),2) -> 2034.8 | AF76: =ROUND(((EV76*1.15)),2) -> 21648.85 | AG76: =ROUND((AP76),2) -> 0 | AH76: =((EW76*1.15)) -> 2476.985 | AI76: =((EX76*1.25)) -> 151.05 | AJ76: =ROUND((AS76),2) -> 0 | AK76: 50494.45 | AL76: 19880.73 | AM76: 11788.63 | AN76: 1627.84 | AO76: 18825.09 | AP76: 0 | AQ76: 2153.9 | AR76: 120.84 | AS76: 0 | AT76: 105 | AU76: 65 | AV76: 1 | AW76: 1 | AZ76: 6.56 | BA76: 6.56 | BB76: 6.56 | BC76: 6.56 | BH76: 0 | BI76: 1 | BJ76: ФЕР-2001, 06-01-031-02, приказ Минстроя России №1039/пр от 30.12.2016г. | BM76: 6001 | BN76: 0 | BP76: 0 | BQ76: 2 | BR76: 0 | BS76: 6.56 | BT76: 1 | BU76: 1 | BV76: 1 | BW76: 1 | BX76: 1 | BZ76: 105 | CA76: 65 | CF76: 0 | CG76: 0 | CM76: 0 | CN76: Поправка: МДС 81-35.2004, п.4.7 Наименование: Работы, выполняемые при реконструкции зданий и сооружений работы, аналогичные технологическим процессам в новом строительстве (в том числе возведение новых конструктивных элементов) стоимость которых определена по соответствующим сборникам ФЕР, кроме сборника № 46 «Работы при реконструкции зданий и сооружений» | CO76: 0 | CP76: =(P76+Q76+S76) -> 36540.98 | CQ76: =AC76*BC76 -> 130417.59 | CR76: =AD76*BB76 -> 96666.782 | CS76: =AE76*BS76 -> 13348.288 | CT76: =AF76*BA76 -> 142016.46 | CU76: =AG76 -> 0 | CV76: =AH76 -> 2476.985 | CW76: =AI76 -> 151.05 | CX76: =AJ76 -> 0 | CY76: =(((S76+R76)*AT76)/100) -> 16150.165 | CZ76: =(((S76+R76)*AU76)/100) -> 9997.7215 | DE76: )*1,25 | DF76: )*1,25 | DG76: )*1,15 | DI76: )*1,15 | DJ76: )*1,25 | DN76: 0 | DO76: 0 | DP76: 1 | DQ76: 1 | DU76: 1007 | DV76: 100 м3 | DW76: 100 м3 | DX76: 100 | EE76: 39174490 | EF76: 2 | EG76: Общестроительные работы | EH76: 0 | EJ76: 1 | EK76: 6001 | EL76: Монолитные бетонные и железобетонные конструкции в промышленном строительстве | EM76: ФЕР-06 | EO76: Поправка: МДС 81-35.2004, п.4.7 | EQ76: 0 | ER76: 50494.45 | ES76: 19880.73 | ET76: 11788.63 | EU76: 1627.84 | EV76: 18825.09 | EW76: 2153.9 | EX76: 120.84 | EY76: 0 | FQ76: 0 | FR76: =ROUND(IF(AND(BH76=3,BI76=3),P76,0),2) -> 0 | FS76: 0 | FX76: 105 | FY76: 65 | GD76: 0 | GF76: -1113346261 | GG76: 1 | GH76: 1 | GI76: 4 | GJ76: 0 | GK76: =ROUND(R76*(R12)/100,2) -> 0 | GL76: =ROUND(IF(AND(BH76=3,BI76=3,FS76<>0),P76,0),2) -> 0 | GM76: =ROUND(O76+X76+Y76+GK76,2)+GX76 -> 62688.87 | GN76: =IF(OR(BI76=0,BI76=1),ROUND(O76+X76+Y76+GK76,2),0) -> 62688.87 | GO76: =IF(BI76=2,ROUND(O76+X76+Y76+GK76,2),0) -> 0 | GP76: =IF(BI76=4,ROUND(O76+X76+Y76+GK76,2)+GX76,0) -> 0 | GR76: 0 | GS76: 3 | GT76: 0 | GV76: =ROUND(GT76,2) -> 0 | GW76: 1 | GX76: =ROUND(GV76*GW76*I76,2) -> 0 | HA76: 0 | HB76: 0 | IK76: 0
A77: 18 | B77: 1 | C77: 162 | E77: 16,1 | F77: 04.1.02.06 | G77: Бетон | H77: м3 | I77: =I76*J77 -> 10.0485 | J77: 101.5 | O77: =ROUND(CP77,2) -> 0 | P77: =ROUND(CQ77*I77,2) -> 0 | Q77: =ROUND(CR77*I77,2) -> 0 | R77: =ROUND(CS77*I77,2) -> 0 | S77: =ROUND(CT77*I77,2) -> 0 | T77: =ROUND(CU77*I77,2) -> 0 | U77: =CV77*I77 -> 0 | V77: =CW77*I77 -> 0 | W77: =ROUND(CX77*I77,2) -> 0 | X77: =ROUND(CY77,2) -> 0 | Y77: =ROUND(CZ77,2) -> 0 | AA77: 39570879 | AB77: =ROUND((AC77+AD77+AF77),2) -> 0 | AC77: =ROUND((ES77),2) -> 0 | AD77: =ROUND((((ET77)-(EU77))+AE77),2) -> 0 | AE77: =ROUND((EU77),2) -> 0 | AF77: =ROUND((EV77),2) -> 0 | AG77: =ROUND((AP77),2) -> 0 | AH77: =(EW77) -> 0 | AI77: =(EX77) -> 0 | AJ77: =ROUND((AS77),2) -> 0 | AK77: 0 | AL77: 0 | AM77: 0 | AN77: 0 | AO77: 0 | AP77: 0 | AQ77: 0 | AR77: 0 | AS77: 0 | AT77: 105 | AU77: 65 | AV77: 1 | AW77: 1 | AZ77: 6.56 | BA77: 1 | BB77: 1 | BC77: 6.56 | BH77: 3 | BI77: 1 | BM77: 6001 | BN77: 0 | BP77: 0 | BQ77: 2 | BR77: 0 | BS77: 1 | BT77: 1 | BU77: 1 | BV77: 1 | BW77: 1 | BX77: 1 | BZ77: 105 | CA77: 65 | CF77: 0 | CG77: 0 | CM77: 0 | CO77: 0 | CP77: =(P77+Q77+S77) -> 0 | CQ77: =AC77*BC77 -> 0 | CR77: =AD77*BB77 -> 0 | CS77: =AE77*BS77 -> 0 | CT77: =AF77*BA77 -> 0 | CU77: =AG77 -> 0 | CV77: =AH77 -> 0 | CW77: =AI77 -> 0 | CX77: =AJ77 -> 0 | CY77: =(((S77+R77)*AT77)/100) -> 0 | CZ77: =(((S77+R77)*AU77)/100) -> 0 | DN77: 0 | DO77: 0 | DP77: 1 | DQ77: 1 | DU77: 1007 | DV77: м3 | DW77: м3 | DX77: 1 | EE77: 39174490 | EF77: 2 | EG77: Общестроительные работы | EH77: 0 | EJ77: 1 | EK77: 6001 | EL77: Монолитные бетонные и железобетонные конструкции в промышленном строительстве | EM77: ФЕР-06 | EQ77: 0 | ER77: 0 | ES77: 0 | ET77: 0 | EU77: 0 | EV77: 0 | EW77: 0 | EX77: 0 | FQ77: 0 | FR77: =ROUND(IF(AND(BH77=3,BI77=3),P77,0),2) -> 0 | FS77: 0 | FX77: 105 | FY77: 65 | GD77: 0 | GF77: -1646172050 | GG77: 1 | GH77: 1 | GI77: 4 | GJ77: 0 | GK77: =ROUND(R77*(R12)/100,2) -> 0 | GL77: =ROUND(IF(AND(BH77=3,BI77=3,FS77<>0),P77,0),2) -> 0 | GM77: =ROUND(O77+X77+Y77+GK77,2)+GX77 -> 0 | GN77: =IF(OR(BI77=0,BI77=1),ROUND(O77+X77+Y77+GK77,2),0) -> 0 | GO77: =IF(BI77=2,ROUND(O77+X77+Y77+GK77,2),0) -> 0 | GP77: =IF(BI77=4,ROUND(O77+X77+Y77+GK77,2)+GX77,0) -> 0 | GR77: 0 | GS77: 3 | GT77: 0 | GV77: =ROUND(GT77,2) -> 0 | GW77: 1 | GX77: =ROUND(GV77*GW77*I77,2) -> 0 | HA77: 0 | HB77: 0 | IK77: 0
A78: 18 | B78: 1 | C78: 163 | E78: 16,2 | F78: 04.3.02.04-0154 | G78: Смеси бетонные, БСГ, тяжелого бетона на гранитном щебне, фракция 5-20 мм, класс В25 (М350), П3, F150, W6 | H78: м3 | I78: =I76*J78 -> 10.0485 | J78: 101.5 | O78: =ROUND(CP78,2) -> 49124.85 | P78: =ROUND(CQ78*I78,2) -> 49124.85 | Q78: =ROUND(CR78*I78,2) -> 0 | R78: =ROUND(CS78*I78,2) -> 0 | S78: =ROUND(CT78*I78,2) -> 0 | T78: =ROUND(CU78*I78,2) -> 0 | U78: =CV78*I78 -> 0 | V78: =CW78*I78 -> 0 | W78: =ROUND(CX78*I78,2) -> 0 | X78: =ROUND(CY78,2) -> 0 | Y78: =ROUND(CZ78,2) -> 0 | AA78: 39570879 | AB78: =ROUND((AC78+AD78+AF78),2) -> 745.24 | AC78: =ROUND((ES78),2) -> 745.24 | AD78: =ROUND((((ET78)-(EU78))+AE78),2) -> 0 | AE78: =ROUND((EU78),2) -> 0 | AF78: =ROUND((EV78),2) -> 0 | AG78: =ROUND((AP78),2) -> 0 | AH78: =(EW78) -> 0 | AI78: =(EX78) -> 0 | AJ78: =ROUND((AS78),2) -> 0 | AK78: 745.24 | AL78: 745.24 | AM78: 0 | AN78: 0 | AO78: 0 | AP78: 0 | AQ78: 0 | AR78: 0 | AS78: 0 | AT78: 105 | AU78: 65 | AV78: 1 | AW78: 1 | AZ78: 6.56 | BA78: 1 | BB78: 1 | BC78: 6.56 | BH78: 3 | BI78: 1 | BJ78: ФССЦ-2001, 04.3.02.04-0154, приказ Минстроя России №1039/пр от 30.12.2016г. | BM78: 6001 | BN78: 0 | BP78: 0 | BQ78: 2 | BR78: 0 | BS78: 1 | BT78: 1 | BU78: 1 | BV78: 1 | BW78: 1 | BX78: 1 | BZ78: 105 | CA78: 65 | CF78: 0 | CG78: 0 | CM78: 0 | CO78: 0 | CP78: =(P78+Q78+S78) -> 49124.85 | CQ78: =AC78*BC78 -> 4888.7744 | CR78: =AD78*BB78 -> 0 | CS78: =AE78*BS78 -> 0 | CT78: =AF78*BA78 -> 0 | CU78: =AG78 -> 0 | CV78: =AH78 -> 0 | CW78: =AI78 -> 0 | CX78: =AJ78 -> 0 | CY78: =(((S78+R78)*AT78)/100) -> 0 | CZ78: =(((S78+R78)*AU78)/100) -> 0 | DN78: 0 | DO78: 0 | DP78: 1 | DQ78: 1 | DU78: 1007 | DV78: м3 | DW78: м3 | DX78: 1 | EE78: 39174490 | EF78: 2 | EG78: Общестроительные работы | EH78: 0 | EJ78: 1 | EK78: 6001 | EL78: Монолитные бетонные и железобетонные конструкции в промышленном строительстве | EM78: ФЕР-06 | EQ78: 0 | ER78: 745.24 | ES78: 745.24 | ET78: 0 | EU78: 0 | EV78: 0 | EW78: 0 | EX78: 0 | FQ78: 0 | FR78: =ROUND(IF(AND(BH78=3,BI78=3),P78,0),2) -> 0 | FS78: 0 | FX78: 105 | FY78: 65 | GD78: 0 | GF78: -1144518642 | GG78: 1 | GH78: 1 | GI78: 4 | GJ78: 0 | GK78: =ROUND(R78*(R12)/100,2) -> 0 | GL78: =ROUND(IF(AND(BH78=3,BI78=3,FS78<>0),P78,0),2) -> 0 | GM78: =ROUND(O78+X78+Y78+GK78,2)+GX78 -> 49124.85 | GN78: =IF(OR(BI78=0,BI78=1),ROUND(O78+X78+Y78+GK78,2),0) -> 49124.85 | GO78: =IF(BI78=2,ROUND(O78+X78+Y78+GK78,2),0) -> 0 | GP78: =IF(BI78=4,ROUND(O78+X78+Y78+GK78,2)+GX78,0) -> 0 | GR78: 0 | GS78: 3 | GT78: 0 | GV78: =ROUND(GT78,2) -> 0 | GW78: 1 | GX78: =ROUND(GV78*GW78*I78,2) -> 0 | HA78: 0 | HB78: 0 | IK78: 0
A79: 18 | B79: 1 | C79: 166 | E79: 16,3 | F79: 08.4.03.04 | G79: Арматура | H79: т | I79: =I76*J79 -> 0.8415 | J79: 8.5 | O79: =ROUND(CP79,2) -> 0 | P79: =ROUND(CQ79*I79,2) -> 0 | Q79: =ROUND(CR79*I79,2) -> 0 | R79: =ROUND(CS79*I79,2) -> 0 | S79: =ROUND(CT79*I79,2) -> 0 | T79: =ROUND(CU79*I79,2) -> 0 | U79: =CV79*I79 -> 0 | V79: =CW79*I79 -> 0 | W79: =ROUND(CX79*I79,2) -> 0 | X79: =ROUND(CY79,2) -> 0 | Y79: =ROUND(CZ79,2) -> 0 | AA79: 39570879 | AB79: =ROUND((AC79+AD79+AF79),2) -> 0 | AC79: =ROUND((ES79),2) -> 0 | AD79: =ROUND((((ET79)-(EU79))+AE79),2) -> 0 | AE79: =ROUND((EU79),2) -> 0 | AF79: =ROUND((EV79),2) -> 0 | AG79: =ROUND((AP79),2) -> 0 | AH79: =(EW79) -> 0 | AI79: =(EX79) -> 0 | AJ79: =ROUND((AS79),2) -> 0 | AK79: 0 | AL79: 0 | AM79: 0 | AN79: 0 | AO79: 0 | AP79: 0 | AQ79: 0 | AR79: 0 | AS79: 0 | AT79: 105 | AU79: 65 | AV79: 1 | AW79: 1 | AZ79: 6.56 | BA79: 1 | BB79: 1 | BC79: 6.56 | BH79: 3 | BI79: 1 | BM79: 6001 | BN79: 0 | BP79: 0 | BQ79: 2 | BR79: 0 | BS79: 1 | BT79: 1 | BU79: 1 | BV79: 1 | BW79: 1 | BX79: 1 | BZ79: 105 | CA79: 65 | CF79: 0 | CG79: 0 | CM79: 0 | CO79: 0 | CP79: =(P79+Q79+S79) -> 0 | CQ79: =AC79*BC79 -> 0 | CR79: =AD79*BB79 -> 0 | CS79: =AE79*BS79 -> 0 | CT79: =AF79*BA79 -> 0 | CU79: =AG79 -> 0 | CV79: =AH79 -> 0 | CW79: =AI79 -> 0 | CX79: =AJ79 -> 0 | CY79: =(((S79+R79)*AT79)/100) -> 0 | CZ79: =(((S79+R79)*AU79)/100) -> 0 | DN79: 0 | DO79: 0 | DP79: 1 | DQ79: 1 | DU79: 1009 | DV79: т | DW79: т | DX79: 1000 | EE79: 39174490 | EF79: 2 | EG79: Общестроительные работы | EH79: 0 | EJ79: 1 | EK79: 6001 | EL79: Монолитные бетонные и железобетонные конструкции в промышленном строительстве | EM79: ФЕР-06 | EQ79: 0 | ER79: 0 | ES79: 0 | ET79: 0 | EU79: 0 | EV79: 0 | EW79: 0 | EX79: 0 | FQ79: 0 | FR79: =ROUND(IF(AND(BH79=3,BI79=3),P79,0),2) -> 0 | FS79: 0 | FX79: 105 | FY79: 65 | GD79: 0 | GF79: 1999180854 | GG79: 1 | GH79: 1 | GI79: 4 | GJ79: 0 | GK79: =ROUND(R79*(R12)/100,2) -> 0 | GL79: =ROUND(IF(AND(BH79=3,BI79=3,FS79<>0),P79,0),2) -> 0 | GM79: =ROUND(O79+X79+Y79+GK79,2)+GX79 -> 0 | GN79: =IF(OR(BI79=0,BI79=1),ROUND(O79+X79+Y79+GK79,2),0) -> 0 | GO79: =IF(BI79=2,ROUND(O79+X79+Y79+GK79,2),0) -> 0 | GP79: =IF(BI79=4,ROUND(O79+X79+Y79+GK79,2)+GX79,0) -> 0 | GR79: 0 | GS79: 3 | GT79: 0 | GV79: =ROUND(GT79,2) -> 0 | GW79: 1 | GX79: =ROUND(GV79*GW79*I79,2) -> 0 | HA79: 0 | HB79: 0 | IK79: 0
A80: 18 | B80: 1 | C80: 165 | E80: 16,4 | F80: 08.4.03.03-0032 | G80: Горячекатаная арматурная сталь периодического профиля класса А-III, диаметром 12 мм (по проекту) | H80: т | I80: =I76*J80 -> 1.30162 | J80: 13.147677 | O80: =ROUND(CP80,2) -> 68285.37 | P80: =ROUND(CQ80*I80,2) -> 68285.37 | Q80: =ROUND(CR80*I80,2) -> 0 | R80: =ROUND(CS80*I80,2) -> 0 | S80: =ROUND(CT80*I80,2) -> 0 | T80: =ROUND(CU80*I80,2) -> 0 | U80: =CV80*I80 -> 0 | V80: =CW80*I80 -> 0 | W80: =ROUND(CX80*I80,2) -> 0 | X80: =ROUND(CY80,2) -> 0 | Y80: =ROUND(CZ80,2) -> 0 | AA80: 39570879 | AB80: =ROUND((AC80+AD80+AF80),2) -> 7997.23 | AC80: =ROUND((ES80),2) -> 7997.23 | AD80: =ROUND((((ET80)-(EU80))+AE80),2) -> 0 | AE80: =ROUND((EU80),2) -> 0 | AF80: =ROUND((EV80),2) -> 0 | AG80: =ROUND((AP80),2) -> 0 | AH80: =(EW80) -> 0 | AI80: =(EX80) -> 0 | AJ80: =ROUND((AS80),2) -> 0 | AK80: 7997.23 | AL80: 7997.23 | AM80: 0 | AN80: 0 | AO80: 0 | AP80: 0 | AQ80: 0 | AR80: 0 | AS80: 0 | AT80: 105 | AU80: 65 | AV80: 1 | AW80: 1 | AZ80: 6.56 | BA80: 1 | BB80: 1 | BC80: 6.56 | BH80: 3 | BI80: 1 | BJ80: ФССЦ-2001, 08.4.03.03-0032, приказ Минстроя России №1039/пр от 30.12.2016г. | BM80: 6001 | BN80: 0 | BP80: 0 | BQ80: 2 | BR80: 0 | BS80: 1 | BT80: 1 | BU80: 1 | BV80: 1 | BW80: 1 | BX80: 1 | BZ80: 105 | CA80: 65 | CF80: 0 | CG80: 0 | CM80: 0 | CO80: 0 | CP80: =(P80+Q80+S80) -> 68285.37 | CQ80: =AC80*BC80 -> 52461.829 | CR80: =AD80*BB80 -> 0 | CS80: =AE80*BS80 -> 0 | CT80: =AF80*BA80 -> 0 | CU80: =AG80 -> 0 | CV80: =AH80 -> 0 | CW80: =AI80 -> 0 | CX80: =AJ80 -> 0 | CY80: =(((S80+R80)*AT80)/100) -> 0 | CZ80: =(((S80+R80)*AU80)/100) -> 0 | DN80: 0 | DO80: 0 | DP80: 1 | DQ80: 1 | DU80: 1009 | DV80: т | DW80: т | DX80: 1000 | EE80: 39174490 | EF80: 2 | EG80: Общестроительные работы | EH80: 0 | EJ80: 1 | EK80: 6001 | EL80: Монолитные бетонные и железобетонные конструкции в промышленном строительстве | EM80: ФЕР-06 | EQ80: 0 | ER80: 7997.23 | ES80: 7997.23 | ET80: 0 | EU80: 0 | EV80: 0 | EW80: 0 | EX80: 0 | FQ80: 0 | FR80: =ROUND(IF(AND(BH80=3,BI80=3),P80,0),2) -> 0 | FS80: 0 | FX80: 105 | FY80: 65 | GD80: 0 | GF80: -996019172 | GG80: 1 | GH80: 1 | GI80: 4 | GJ80: 0 | GK80: =ROUND(R80*(R12)/100,2) -> 0 | GL80: =ROUND(IF(AND(BH80=3,BI80=3,FS80<>0),P80,0),2) -> 0 | GM80: =ROUND(O80+X80+Y80+GK80,2)+GX80 -> 68285.37 | GN80: =IF(OR(BI80=0,BI80=1),ROUND(O80+X80+Y80+GK80,2),0) -> 68285.37 | GO80: =IF(BI80=2,ROUND(O80+X80+Y80+GK80,2),0) -> 0 | GP80: =IF(BI80=4,ROUND(O80+X80+Y80+GK80,2)+GX80,0) -> 0 | GR80: 0 | GS80: 3 | GT80: 0 | GV80: =ROUND(GT80,2) -> 0 | GW80: 1 | GX80: =ROUND(GV80*GW80*I80,2) -> 0 | HA80: 0 | HB80: 0 | IK80: 0
A81: 18 | B81: 1 | C81: 164 | E81: 16,5 | F81: 08.4.03.02-0003 | G81: Горячекатаная арматурная сталь гладкая класса А-I, диаметром 10 мм | H81: т | I81: =I76*J81 -> 0.02875 | J81: 0.29040404 | O81: =ROUND(CP81,2) -> 1268.56 | P81: =ROUND(CQ81*I81,2) -> 1268.56 | Q81: =ROUND(CR81*I81,2) -> 0 | R81: =ROUND(CS81*I81,2) -> 0 | S81: =ROUND(CT81*I81,2) -> 0 | T81: =ROUND(CU81*I81,2) -> 0 | U81: =CV81*I81 -> 0 | V81: =CW81*I81 -> 0 | W81: =ROUND(CX81*I81,2) -> 0 | X81: =ROUND(CY81,2) -> 0 | Y81: =ROUND(CZ81,2) -> 0 | AA81: 39570879 | AB81: =ROUND((AC81+AD81+AF81),2) -> 6726.18 | AC81: =ROUND((ES81),2) -> 6726.18 | AD81: =ROUND((((ET81)-(EU81))+AE81),2) -> 0 | AE81: =ROUND((EU81),2) -> 0 | AF81: =ROUND((EV81),2) -> 0 | AG81: =ROUND((AP81),2) -> 0 | AH81: =(EW81) -> 0 | AI81: =(EX81) -> 0 | AJ81: =ROUND((AS81),2) -> 0 | AK81: 6726.18 | AL81: 6726.18 | AM81: 0 | AN81: 0 | AO81: 0 | AP81: 0 | AQ81: 0 | AR81: 0 | AS81: 0 | AT81: 105 | AU81: 65 | AV81: 1 | AW81: 1 | AZ81: 6.56 | BA81: 1 | BB81: 1 | BC81: 6.56 | BH81: 3 | BI81: 1 | BJ81: ФССЦ-2001, 08.4.03.02-0003, приказ Минстроя России №1039/пр от 30.12.2016г. | BM81: 6001 | BN81: 0 | BP81: 0 | BQ81: 2 | BR81: 0 | BS81: 1 | BT81: 1 | BU81: 1 | BV81: 1 | BW81: 1 | BX81: 1 | BZ81: 105 | CA81: 65 | CF81: 0 | CG81: 0 | CM81: 0 | CO81: 0 | CP81: =(P81+Q81+S81) -> 1268.56 | CQ81: =AC81*BC81 -> 44123.741 | CR81: =AD81*BB81 -> 0 | CS81: =AE81*BS81 -> 0 | CT81: =AF81*BA81 -> 0 | CU81: =AG81 -> 0 | CV81: =AH81 -> 0 | CW81: =AI81 -> 0 | CX81: =AJ81 -> 0 | CY81: =(((S81+R81)*AT81)/100) -> 0 | CZ81: =(((S81+R81)*AU81)/100) -> 0 | DN81: 0 | DO81: 0 | DP81: 1 | DQ81: 1 | DU81: 1009 | DV81: т | DW81: т | DX81: 1000 | EE81: 39174490 | EF81: 2 | EG81: Общестроительные работы | EH81: 0 | EJ81: 1 | EK81: 6001 | EL81: Монолитные бетонные и железобетонные конструкции в промышленном строительстве | EM81: ФЕР-06 | EQ81: 0 | ER81: 6726.18 | ES81: 6726.18 | ET81: 0 | EU81: 0 | EV81: 0 | EW81: 0 | EX81: 0 | FQ81: 0 | FR81: =ROUND(IF(AND(BH81=3,BI81=3),P81,0),2) -> 0 | FS81: 0 | FX81: 105 | FY81: 65 | GD81: 0 | GF81: 468402022 | GG81: 1 | GH81: 1 | GI81: 4 | GJ81: 0 | GK81: =ROUND(R81*(R12)/100,2) -> 0 | GL81: =ROUND(IF(AND(BH81=3,BI81=3,FS81<>0),P81,0),2) -> 0 | GM81: =ROUND(O81+X81+Y81+GK81,2)+GX81 -> 1268.56 | GN81: =IF(OR(BI81=0,BI81=1),ROUND(O81+X81+Y81+GK81,2),0) -> 1268.56 | GO81: =IF(BI81=2,ROUND(O81+X81+Y81+GK81,2),0) -> 0 | GP81: =IF(BI81=4,ROUND(O81+X81+Y81+GK81,2)+GX81,0) -> 0 | GR81: 0 | GS81: 3 | GT81: 0 | GV81: =ROUND(GT81,2) -> 0 | GW81: 1 | GX81: =ROUND(GV81*GW81*I81,2) -> 0 | HA81: 0 | HB81: 0 | IK81: 0
A82: 17 | B82: 1 | C82: =ROW(SmtRes!A185) -> 185 | D82: =ROW(EtalonRes!A169) -> 169 | E82: 17 | F82: 06-01-030-01 | G82: Устройство стен и перегородок бетонных высотой до 3 м, толщиной до 100 мм (50мм) | H82: 100 м3 | I82: =ROUND(3.3/100,9) -> 0.033 | J82: 0 | O82: =ROUND(CP82,2) -> 16601.11 | P82: =ROUND(CQ82*I82,2) -> 6932.92 | Q82: =ROUND(CR82*I82,2) -> 3320.32 | R82: =ROUND(CS82*I82,2) -> 506.24 | S82: =ROUND(CT82*I82,2) -> 6347.87 | T82: =ROUND(CU82*I82,2) -> 0 | U82: =CV82*I82 -> 111.99804 | V82: =CW82*I82 -> 5.7259125 | W82: =ROUND(CX82*I82,2) -> 0 | X82: =ROUND(CY82,2) -> 7196.82 | Y82: =ROUND(CZ82,2) -> 4455.17 | AA82: 39570879 | AB82: =ROUND((AC82+AD82+AF82),2) -> 76686.59 | AC82: =ROUND((ES82),2) -> 32025.69 | AD82: =ROUND(((((ET82*1.25))-((EU82*1.25)))+AE82),2) -> 15337.77 | AE82: =ROUND(((EU82*1.25)),2) -> 2338.53 | AF82: =ROUND(((EV82*1.15)),2) -> 29323.13 | AG82: =ROUND((AP82),2) -> 0 | AH82: =((EW82*1.15)) -> 3393.88 | AI82: =((EX82*1.25)) -> 173.5125 | AJ82: =ROUND((AS82),2) -> 0 | AK82: 69794.27 | AL82: 32025.69 | AM82: 12270.21 | AN82: 1870.82 | AO82: 25498.37 | AP82: 0 | AQ82: 2951.2 | AR82: 138.81 | AS82: 0 | AT82: 105 | AU82: 65 | AV82: 1 | AW82: 1 | AZ82: 6.56 | BA82: 6.56 | BB82: 6.56 | BC82: 6.56 | BH82: 0 | BI82: 1 | BJ82: ФЕР-2001, 06-01-030-01, приказ Минстроя России №1039/пр от 30.12.2016г. | BM82: 6001 | BN82: 0 | BP82: 0 | BQ82: 2 | BR82: 0 | BS82: 6.56 | BT82: 1 | BU82: 1 | BV82: 1 | BW82: 1 | BX82: 1 | BZ82: 105 | CA82: 65 | CF82: 0 | CG82: 0 | CM82: 0 | CN82: Поправка: МДС 81-35.2004, п.4.7 Наименование: Работы, выполняемые при реконструкции зданий и сооружений работы, аналогичные технологическим процессам в новом строительстве (в том числе возведение новых конструктивных элементов) стоимость которых определена по соответствующим сборникам ФЕР, кроме сборника № 46 «Работы при реконструкции зданий и сооружений» | CO82: 0 | CP82: =(P82+Q82+S82) -> 16601.11 | CQ82: =AC82*BC82 -> 210088.53 | CR82: =AD82*BB82 -> 100615.77 | CS82: =AE82*BS82 -> 15340.757 | CT82: =AF82*BA82 -> 192359.73 | CU82: =AG82 -> 0 | CV82: =AH82 -> 3393.88 | CW82: =AI82 -> 173.5125 | CX82: =AJ82 -> 0 | CY82: =(((S82+R82)*AT82)/100) -> 7196.8155 | CZ82: =(((S82+R82)*AU82)/100) -> 4455.1715 | DE82: )*1,25 | DF82: )*1,25 | DG82: )*1,15 | DI82: )*1,15 | DJ82: )*1,25 | DN82: 0 | DO82: 0 | DP82: 1 | DQ82: 1 | DU82: 1007 | DV82: 100 м3 | DW82: 100 м3 | DX82: 100 | EE82: 39174490 | EF82: 2 | EG82: Общестроительные работы | EH82: 0 | EJ82: 1 | EK82: 6001 | EL82: Монолитные бетонные и железобетонные конструкции в промышленном строительстве | EM82: ФЕР-06 | EO82: Поправка: МДС 81-35.2004, п.4.7 | EQ82: 0 | ER82: 69794.27 | ES82: 32025.69 | ET82: 12270.21 | EU82: 1870.82 | EV82: 25498.37 | EW82: 2951.2 | EX82: 138.81 | EY82: 0 | FQ82: 0 | FR82: =ROUND(IF(AND(BH82=3,BI82=3),P82,0),2) -> 0 | FS82: 0 | FX82: 105 | FY82: 65 | GD82: 0 | GF82: -1738356497 | GG82: 1 | GH82: 1 | GI82: 4 | GJ82: 0 | GK82: =ROUND(R82*(R12)/100,2) -> 0 | GL82: =ROUND(IF(AND(BH82=3,BI82=3,FS82<>0),P82,0),2) -> 0 | GM82: =ROUND(O82+X82+Y82+GK82,2)+GX82 -> 28253.1 | GN82: =IF(OR(BI82=0,BI82=1),ROUND(O82+X82+Y82+GK82,2),0) -> 28253.1 | GO82: =IF(BI82=2,ROUND(O82+X82+Y82+GK82,2),0) -> 0 | GP82: =IF(BI82=4,ROUND(O82+X82+Y82+GK82,2)+GX82,0) -> 0 | GR82: 0 | GS82: 3 | GT82: 0 | GV82: =ROUND(GT82,2) -> 0 | GW82: 1 | GX82: =ROUND(GV82*GW82*I82,2) -> 0 | HA82: 0 | HB82: 0 | IK82: 0
A83: 18 | B83: 1 | C83: 182 | E83: 17,1 | F83: 08.4.02.03-0021 | G83: Каркасы и сетки арматурные плоские, собранные и сваренные (связанные) в арматурные изделия, класс BP-I, диаметр 4 мм | H83: т | I83: =I82*J83 -> 0.3003 | J83: 9.1 | O83: =ROUND(CP83,2) -> 17369.54 | P83: =ROUND(CQ83*I83,2) -> 17369.54 | Q83: =ROUND(CR83*I83,2) -> 0 | R83: =ROUND(CS83*I83,2) -> 0 | S83: =ROUND(CT83*I83,2) -> 0 | T83: =ROUND(CU83*I83,2) -> 0 | U83: =CV83*I83 -> 0 | V83: =CW83*I83 -> 0 | W83: =ROUND(CX83*I83,2) -> 0 | X83: =ROUND(CY83,2) -> 0 | Y83: =ROUND(CZ83,2) -> 0 | AA83: 39570879 | AB83: =ROUND((AC83+AD83+AF83),2) -> 8817.17 | AC83: =ROUND((ES83),2) -> 8817.17 | AD83: =ROUND((((ET83)-(EU83))+AE83),2) -> 0 | AE83: =ROUND((EU83),2) -> 0 | AF83: =ROUND((EV83),2) -> 0 | AG83: =ROUND((AP83),2) -> 0 | AH83: =(EW83) -> 0 | AI83: =(EX83) -> 0 | AJ83: =ROUND((AS83),2) -> 0 | AK83: 8817.17 | AL83: 8817.17 | AM83: 0 | AN83: 0 | AO83: 0 | AP83: 0 | AQ83: 0 | AR83: 0 | AS83: 0 | AT83: 105 | AU83: 65 | AV83: 1 | AW83: 1 | AZ83: 6.56 | BA83: 1 | BB83: 1 | BC83: 6.56 | BH83: 3 | BI83: 1 | BJ83: ФССЦ-2001, 08.4.02.03-0021, приказ Минстроя России №1039/пр от 30.12.2016г. | BM83: 6001 | BN83: 0 | BP83: 0 | BQ83: 2 | BR83: 0 | BS83: 1 | BT83: 1 | BU83: 1 | BV83: 1 | BW83: 1 | BX83: 1 | BZ83: 105 | CA83: 65 | CF83: 0 | CG83: 0 | CM83: 0 | CO83: 0 | CP83: =(P83+Q83+S83) -> 17369.54 | CQ83: =AC83*BC83 -> 57840.635 | CR83: =AD83*BB83 -> 0 | CS83: =AE83*BS83 -> 0 | CT83: =AF83*BA83 -> 0 | CU83: =AG83 -> 0 | CV83: =AH83 -> 0 | CW83: =AI83 -> 0 | CX83: =AJ83 -> 0 | CY83: =(((S83+R83)*AT83)/100) -> 0 | CZ83: =(((S83+R83)*AU83)/100) -> 0 | DN83: 0 | DO83: 0 | DP83: 1 | DQ83: 1 | DU83: 1009 | DV83: т | DW83: т | DX83: 1000 | EE83: 39174490 | EF83: 2 | EG83: Общестроительные работы | EH83: 0 | EJ83: 1 | EK83: 6001 | EL83: Монолитные бетонные и железобетонные конструкции в промышленном строительстве | EM83: ФЕР-06 | EQ83: 0 | ER83: 8817.17 | ES83: 8817.17 | ET83: 0 | EU83: 0 | EV83: 0 | EW83: 0 | EX83: 0 | FQ83: 0 | FR83: =ROUND(IF(AND(BH83=3,BI83=3),P83,0),2) -> 0 | FS83: 0 | FX83: 105 | FY83: 65 | GD83: 0 | GF83: -286972150 | GG83: 1 | GH83: 1 | GI83: 4 | GJ83: 0 | GK83: =ROUND(R83*(R12)/100,2) -> 0 | GL83: =ROUND(IF(AND(BH83=3,BI83=3,FS83<>0),P83,0),2) -> 0 | GM83: =ROUND(O83+X83+Y83+GK83,2)+GX83 -> 17369.54 | GN83: =IF(OR(BI83=0,BI83=1),ROUND(O83+X83+Y83+GK83,2),0) -> 17369.54 | GO83: =IF(BI83=2,ROUND(O83+X83+Y83+GK83,2),0) -> 0 | GP83: =IF(BI83=4,ROUND(O83+X83+Y83+GK83,2)+GX83,0) -> 0 | GR83: 0 | GS83: 3 | GT83: 0 | GV83: =ROUND(GT83,2) -> 0 | GW83: 1 | GX83: =ROUND(GV83*GW83*I83,2) -> 0 | HA83: 0 | HB83: 0 | IK83: 0
A84: 18 | B84: 1 | C84: 181 | E84: 17,2 | F84: 04.3.02.04-0154 | G84: Смеси бетонные, БСГ, тяжелого бетона на гранитном щебне, фракция 5-20 мм, класс В25 (М350), П3, F150, W6 | H84: м3 | I84: =I82*J84 -> 0.2105 | J84: 6.3787879 | O84: =ROUND(CP84,2) -> 1029.09 | P84: =ROUND(CQ84*I84,2) -> 1029.09 | Q84: =ROUND(CR84*I84,2) -> 0 | R84: =ROUND(CS84*I84,2) -> 0 | S84: =ROUND(CT84*I84,2) -> 0 | T84: =ROUND(CU84*I84,2) -> 0 | U84: =CV84*I84 -> 0 | V84: =CW84*I84 -> 0 | W84: =ROUND(CX84*I84,2) -> 0 | X84: =ROUND(CY84,2) -> 0 | Y84: =ROUND(CZ84,2) -> 0 | AA84: 39570879 | AB84: =ROUND((AC84+AD84+AF84),2) -> 745.24 | AC84: =ROUND((ES84),2) -> 745.24 | AD84: =ROUND((((ET84)-(EU84))+AE84),2) -> 0 | AE84: =ROUND((EU84),2) -> 0 | AF84: =ROUND((EV84),2) -> 0 | AG84: =ROUND((AP84),2) -> 0 | AH84: =(EW84) -> 0 | AI84: =(EX84) -> 0 | AJ84: =ROUND((AS84),2) -> 0 | AK84: 745.24 | AL84: 745.24 | AM84: 0 | AN84: 0 | AO84: 0 | AP84: 0 | AQ84: 0 | AR84: 0 | AS84: 0 | AT84: 105 | AU84: 65 | AV84: 1 | AW84: 1 | AZ84: 6.56 | BA84: 1 | BB84: 1 | BC84: 6.56 | BH84: 3 | BI84: 1 | BJ84: ФССЦ-2001, 04.3.02.04-0154, приказ Минстроя России №1039/пр от 30.12.2016г. | BM84: 6001 | BN84: 0 | BP84: 0 | BQ84: 2 | BR84: 0 | BS84: 1 | BT84: 1 | BU84: 1 | BV84: 1 | BW84: 1 | BX84: 1 | BZ84: 105 | CA84: 65 | CF84: 0 | CG84: 0 | CM84: 0 | CO84: 0 | CP84: =(P84+Q84+S84) -> 1029.09 | CQ84: =AC84*BC84 -> 4888.7744 | CR84: =AD84*BB84 -> 0 | CS84: =AE84*BS84 -> 0 | CT84: =AF84*BA84 -> 0 | CU84: =AG84 -> 0 | CV84: =AH84 -> 0 | CW84: =AI84 -> 0 | CX84: =AJ84 -> 0 | CY84: =(((S84+R84)*AT84)/100) -> 0 | CZ84: =(((S84+R84)*AU84)/100) -> 0 | DN84: 0 | DO84: 0 | DP84: 1 | DQ84: 1 | DU84: 1007 | DV84: м3 | DW84: м3 | DX84: 1 | EE84: 39174490 | EF84: 2 | EG84: Общестроительные работы | EH84: 0 | EJ84: 1 | EK84: 6001 | EL84: Монолитные бетонные и железобетонные конструкции в промышленном строительстве | EM84: ФЕР-06 | EQ84: 0 | ER84: 745.24 | ES84: 745.24 | ET84: 0 | EU84: 0 | EV84: 0 | EW84: 0 | EX84: 0 | FQ84: 0 | FR84: =ROUND(IF(AND(BH84=3,BI84=3),P84,0),2) -> 0 | FS84: 0 | FX84: 105 | FY84: 65 | GD84: 0 | GF84: -1144518642 | GG84: 1 | GH84: 1 | GI84: 4 | GJ84: 0 | GK84: =ROUND(R84*(R12)/100,2) -> 0 | GL84: =ROUND(IF(AND(BH84=3,BI84=3,FS84<>0),P84,0),2) -> 0 | GM84: =ROUND(O84+X84+Y84+GK84,2)+GX84 -> 1029.09 | GN84: =IF(OR(BI84=0,BI84=1),ROUND(O84+X84+Y84+GK84,2),0) -> 1029.09 | GO84: =IF(BI84=2,ROUND(O84+X84+Y84+GK84,2),0) -> 0 | GP84: =IF(BI84=4,ROUND(O84+X84+Y84+GK84,2)+GX84,0) -> 0 | GR84: 0 | GS84: 3 | GT84: 0 | GV84: =ROUND(GT84,2) -> 0 | GW84: 1 | GX84: =ROUND(GV84*GW84*I84,2) -> 0 | HA84: 0 | HB84: 0 | IK84: 0
A85: 17 | B85: 1 | C85: =ROW(SmtRes!A194) -> 194 | D85: =ROW(EtalonRes!A177) -> 177 | E85: 18 | F85: 26-01-022-02 прим. | G85: Изоляция плоских и криволинейных поверхностей штучными изделиями из пенополиуретана (плитами) | H85: м3 | I85: 6.6 | J85: 0 | O85: =ROUND(CP85,2) -> 40306.84 | P85: =ROUND(CQ85*I85,2) -> 29351.66 | Q85: =ROUND(CR85*I85,2) -> 1491.11 | R85: =ROUND(CS85*I85,2) -> 251.12 | S85: =ROUND(CT85*I85,2) -> 9464.07 | T85: =ROUND(CU85*I85,2) -> 0 | U85: =CV85*I85 -> 166.98 | V85: =CW85*I85 -> 3.3 | W85: =ROUND(CX85*I85,2) -> 0 | X85: =ROUND(CY85,2) -> 9715.19 | Y85: =ROUND(CZ85,2) -> 6800.63 | AA85: 39570879 | AB85: =ROUND((AC85+AD85+AF85),2) -> 930.96 | AC85: =ROUND((ES85),2) -> 677.93 | AD85: =ROUND(((((ET85*1.25))-((EU85*1.25)))+AE85),2) -> 34.44 | AE85: =ROUND(((EU85*1.25)),2) -> 5.8 | AF85: =ROUND(((EV85*1.15)),2) -> 218.59 | AG85: =ROUND((AP85),2) -> 0 | AH85: =((EW85*1.15)) -> 25.3 | AI85: =((EX85*1.25)) -> 0.5 | AJ85: =ROUND((AS85),2) -> 0 | AK85: 895.56 | AL85: 677.93 | AM85: 27.55 | AN85: 4.64 | AO85: 190.08 | AP85: 0 | AQ85: 22 | AR85: 0.4 | AS85: 0 | AT85: 100 | AU85: 70 | AV85: 1 | AW85: 1 | AZ85: 6.56 | BA85: 6.56 | BB85: 6.56 | BC85: 6.56 | BH85: 0 | BI85: 1 | BJ85: ФЕР-2001, 26-01-022-02, приказ Минстроя России №1039/пр от 30.12.2016г. | BM85: 26001 | BN85: 0 | BP85: 0 | BQ85: 2 | BR85: 0 | BS85: 6.56 | BT85: 1 | BU85: 1 | BV85: 1 | BW85: 1 | BX85: 1 | BZ85: 100 | CA85: 70 | CF85: 0 | CG85: 0 | CM85: 0 | CN85: Поправка: МДС 81-35.2004, п.4.7 Наименование: Работы, выполняемые при реконструкции зданий и сооружений работы, аналогичные технологическим процессам в новом строительстве (в том числе возведение новых конструктивных элементов) стоимость которых определена по соответствующим сборникам ФЕР, кроме сборника № 46 «Работы при реконструкции зданий и сооружений» | CO85: 0 | CP85: =(P85+Q85+S85) -> 40306.84 | CQ85: =AC85*BC85 -> 4447.2208 | CR85: =AD85*BB85 -> 225.9264 | CS85: =AE85*BS85 -> 38.048 | CT85: =AF85*BA85 -> 1433.9504 | CU85: =AG85 -> 0 | CV85: =AH85 -> 25.3 | CW85: =AI85 -> 0.5 | CX85: =AJ85 -> 0 | CY85: =(((S85+R85)*AT85)/100) -> 9715.19 | CZ85: =(((S85+R85)*AU85)/100) -> 6800.633 | DE85: )*1,25 | DF85: )*1,25 | DG85: )*1,15 | DI85: )*1,15 | DJ85: )*1,25 | DN85: 0 | DO85: 0 | DP85: 1 | DQ85: 1 | DU85: 1007 | DV85: м3 | DW85: м3 | DX85: 1 | EE85: 39174543 | EF85: 2 | EG85: Общестроительные работы | EH85: 0 | EJ85: 1 | EK85: 26001 | EL85: Теплоизоляционные работы | EM85: ФЕР-26 | EO85: Поправка: МДС 81-35.2004, п.4.7 | EQ85: 0 | ER85: 895.56 | ES85: 677.93 | ET85: 27.55 | EU85: 4.64 | EV85: 190.08 | EW85: 22 | EX85: 0.4 | EY85: 0 | FQ85: 0 | FR85: =ROUND(IF(AND(BH85=3,BI85=3),P85,0),2) -> 0 | FS85: 0 | FX85: 100 | FY85: 70 | GD85: 0 | GF85: 1652809329 | GG85: 1 | GH85: 1 | GI85: 4 | GJ85: 0 | GK85: =ROUND(R85*(R12)/100,2) -> 0 | GL85: =ROUND(IF(AND(BH85=3,BI85=3,FS85<>0),P85,0),2) -> 0 | GM85: =ROUND(O85+X85+Y85+GK85,2)+GX85 -> 56822.66 | GN85: =IF(OR(BI85=0,BI85=1),ROUND(O85+X85+Y85+GK85,2),0) -> 56822.66 | GO85: =IF(BI85=2,ROUND(O85+X85+Y85+GK85,2),0) -> 0 | GP85: =IF(BI85=4,ROUND(O85+X85+Y85+GK85,2)+GX85,0) -> 0 | GR85: 0 | GS85: 3 | GT85: 0 | GV85: =ROUND(GT85,2) -> 0 | GW85: 1 | GX85: =ROUND(GV85*GW85*I85,2) -> 0 | HA85: 0 | HB85: 0 | IK85: 0
A86: 18 | B86: 1 | C86: 193 | E86: 18,1 | F86: 12.2.05.09-0008 | G86: Пенополистирол экструдированный ТЕХНОНИКОЛЬ XPS CARBON 30-280 Стандарт | H86: м3 | I86: =I85*J86 -> 6.93 | J86: 1.05 | O86: =ROUND(CP86,2) -> 68056.64 | P86: =ROUND(CQ86*I86,2) -> 68056.64 | Q86: =ROUND(CR86*I86,2) -> 0 | R86: =ROUND(CS86*I86,2) -> 0 | S86: =ROUND(CT86*I86,2) -> 0 | T86: =ROUND(CU86*I86,2) -> 0 | U86: =CV86*I86 -> 0 | V86: =CW86*I86 -> 0 | W86: =ROUND(CX86*I86,2) -> 0 | X86: =ROUND(CY86,2) -> 0 | Y86: =ROUND(CZ86,2) -> 0 | AA86: 39570879 | AB86: =ROUND((AC86+AD86+AF86),2) -> 1497.04 | AC86: =ROUND((ES86),2) -> 1497.04 | AD86: =ROUND((((ET86)-(EU86))+AE86),2) -> 0 | AE86: =ROUND((EU86),2) -> 0 | AF86: =ROUND((EV86),2) -> 0 | AG86: =ROUND((AP86),2) -> 0 | AH86: =(EW86) -> 0 | AI86: =(EX86) -> 0 | AJ86: =ROUND((AS86),2) -> 0 | AK86: 1497.04 | AL86: 1497.04 | AM86: 0 | AN86: 0 | AO86: 0 | AP86: 0 | AQ86: 0 | AR86: 0 | AS86: 0 | AT86: 100 | AU86: 70 | AV86: 1 | AW86: 1 | AZ86: 6.56 | BA86: 1 | BB86: 1 | BC86: 6.56 | BH86: 3 | BI86: 1 | BJ86: ФССЦ-2001, 12.2.05.09-0008, приказ Минстроя России №1039/пр от 30.12.2016г. | BM86: 26001 | BN86: 0 | BP86: 0 | BQ86: 2 | BR86: 0 | BS86: 1 | BT86: 1 | BU86: 1 | BV86: 1 | BW86: 1 | BX86: 1 | BZ86: 100 | CA86: 70 | CF86: 0 | CG86: 0 | CM86: 0 | CO86: 0 | CP86: =(P86+Q86+S86) -> 68056.64 | CQ86: =AC86*BC86 -> 9820.5824 | CR86: =AD86*BB86 -> 0 | CS86: =AE86*BS86 -> 0 | CT86: =AF86*BA86 -> 0 | CU86: =AG86 -> 0 | CV86: =AH86 -> 0 | CW86: =AI86 -> 0 | CX86: =AJ86 -> 0 | CY86: =(((S86+R86)*AT86)/100) -> 0 | CZ86: =(((S86+R86)*AU86)/100) -> 0 | DN86: 0 | DO86: 0 | DP86: 1 | DQ86: 1 | DU86: 1007 | DV86: м3 | DW86: м3 | DX86: 1 | EE86: 39174543 | EF86: 2 | EG86: Общестроительные работы | EH86: 0 | EJ86: 1 | EK86: 26001 | EL86: Теплоизоляционные работы | EM86: ФЕР-26 | EQ86: 0 | ER86: 1497.04 | ES86: 1497.04 | ET86: 0 | EU86: 0 | EV86: 0 | EW86: 0 | EX86: 0 | FQ86: 0 | FR86: =ROUND(IF(AND(BH86=3,BI86=3),P86,0),2) -> 0 | FS86: 0 | FX86: 100 | FY86: 70 | GD86: 0 | GF86: 1864268680 | GG86: 1 | GH86: 1 | GI86: 4 | GJ86: 0 | GK86: =ROUND(R86*(R12)/100,2) -> 0 | GL86: =ROUND(IF(AND(BH86=3,BI86=3,FS86<>0),P86,0),2) -> 0 | GM86: =ROUND(O86+X86+Y86+GK86,2)+GX86 -> 68056.64 | GN86: =IF(OR(BI86=0,BI86=1),ROUND(O86+X86+Y86+GK86,2),0) -> 68056.64 | GO86: =IF(BI86=2,ROUND(O86+X86+Y86+GK86,2),0) -> 0 | GP86: =IF(BI86=4,ROUND(O86+X86+Y86+GK86,2)+GX86,0) -> 0 | GR86: 0 | GS86: 3 | GT86: 0 | GV86: =ROUND(GT86,2) -> 0 | GW86: 1 | GX86: =ROUND(GV86*GW86*I86,2) -> 0 | HA86: 0 | HB86: 0 | IK86: 0
A87: 18 | B87: 1 | C87: 192 | E87: 18,2 | F87: 12.2.01.09 | G87: Изделия теплоизоляционные из пенополиуретана | H87: м3 | I87: =I85*J87 -> 6.93 | J87: 1.05 | O87: =ROUND(CP87,2) -> 0 | P87: =ROUND(CQ87*I87,2) -> 0 | Q87: =ROUND(CR87*I87,2) -> 0 | R87: =ROUND(CS87*I87,2) -> 0 | S87: =ROUND(CT87*I87,2) -> 0 | T87: =ROUND(CU87*I87,2) -> 0 | U87: =CV87*I87 -> 0 | V87: =CW87*I87 -> 0 | W87: =ROUND(CX87*I87,2) -> 0 | X87: =ROUND(CY87,2) -> 0 | Y87: =ROUND(CZ87,2) -> 0 | AA87: 39570879 | AB87: =ROUND((AC87+AD87+AF87),2) -> 0 | AC87: =ROUND((ES87),2) -> 0 | AD87: =ROUND((((ET87)-(EU87))+AE87),2) -> 0 | AE87: =ROUND((EU87),2) -> 0 | AF87: =ROUND((EV87),2) -> 0 | AG87: =ROUND((AP87),2) -> 0 | AH87: =(EW87) -> 0 | AI87: =(EX87) -> 0 | AJ87: =ROUND((AS87),2) -> 0 | AK87: 0 | AL87: 0 | AM87: 0 | AN87: 0 | AO87: 0 | AP87: 0 | AQ87: 0 | AR87: 0 | AS87: 0 | AT87: 100 | AU87: 70 | AV87: 1 | AW87: 1 | AZ87: 6.56 | BA87: 1 | BB87: 1 | BC87: 6.56 | BH87: 3 | BI87: 1 | BM87: 26001 | BN87: 0 | BP87: 0 | BQ87: 2 | BR87: 0 | BS87: 1 | BT87: 1 | BU87: 1 | BV87: 1 | BW87: 1 | BX87: 1 | BZ87: 100 | CA87: 70 | CF87: 0 | CG87: 0 | CM87: 0 | CO87: 0 | CP87: =(P87+Q87+S87) -> 0 | CQ87: =AC87*BC87 -> 0 | CR87: =AD87*BB87 -> 0 | CS87: =AE87*BS87 -> 0 | CT87: =AF87*BA87 -> 0 | CU87: =AG87 -> 0 | CV87: =AH87 -> 0 | CW87: =AI87 -> 0 | CX87: =AJ87 -> 0 | CY87: =(((S87+R87)*AT87)/100) -> 0 | CZ87: =(((S87+R87)*AU87)/100) -> 0 | DN87: 0 | DO87: 0 | DP87: 1 | DQ87: 1 | DU87: 1007 | DV87: м3 | DW87: м3 | DX87: 1 | EE87: 39174543 | EF87: 2 | EG87: Общестроительные работы | EH87: 0 | EJ87: 1 | EK87: 26001 | EL87: Теплоизоляционные работы | EM87: ФЕР-26 | EQ87: 0 | ER87: 0 | ES87: 0 | ET87: 0 | EU87: 0 | EV87: 0 | EW87: 0 | EX87: 0 | FQ87: 0 | FR87: =ROUND(IF(AND(BH87=3,BI87=3),P87,0),2) -> 0 | FS87: 0 | FX87: 100 | FY87: 70 | GD87: 0 | GF87: 720604148 | GG87: 1 | GH87: 1 | GI87: 4 | GJ87: 0 | GK87: =ROUND(R87*(R12)/100,2) -> 0 | GL87: =ROUND(IF(AND(BH87=3,BI87=3,FS87<>0),P87,0),2) -> 0 | GM87: =ROUND(O87+X87+Y87+GK87,2)+GX87 -> 0 | GN87: =IF(OR(BI87=0,BI87=1),ROUND(O87+X87+Y87+GK87,2),0) -> 0 | GO87: =IF(BI87=2,ROUND(O87+X87+Y87+GK87,2),0) -> 0 | GP87: =IF(BI87=4,ROUND(O87+X87+Y87+GK87,2)+GX87,0) -> 0 | GR87: 0 | GS87: 3 | GT87: 0 | GV87: =ROUND(GT87,2) -> 0 | GW87: 1 | GX87: =ROUND(GV87*GW87*I87,2) -> 0 | HA87: 0 | HB87: 0 | IK87: 0
A88: 17 | B88: 1 | C88: =ROW(SmtRes!A200) -> 200 | D88: =ROW(EtalonRes!A183) -> 183 | E88: 19 | F88: 15-02-001-01 | G88: Улучшенная штукатурка фасадов цементно-известковым раствором по камню стен | H88: 100 м2 | I88: =ROUND(66/100,9) -> 0.66 | J88: 0 | O88: =ROUND(CP88,2) -> 7916.94 | P88: =ROUND(CQ88*I88,2) -> 4241.71 | Q88: =ROUND(CR88*I88,2) -> 280.17 | R88: =ROUND(CS88*I88,2) -> 134.04 | S88: =ROUND(CT88*I88,2) -> 3395.06 | T88: =ROUND(CU88*I88,2) -> 0 | U88: =CV88*I88 -> 53.79792 | V88: =CW88*I88 -> 2.2935 | W88: =ROUND(CX88*I88,2) -> 0 | X88: =ROUND(CY88,2) -> 3705.56 | Y88: =ROUND(CZ88,2) -> 1941.01 | AA88: 39570879 | AB88: =ROUND((AC88+AD88+AF88),2) -> 1828.56 | AC88: =ROUND((ES88),2) -> 979.7 | AD88: =ROUND(((((ET88*1.25))-((EU88*1.25)))+AE88),2) -> 64.71 | AE88: =ROUND(((EU88*1.25)),2) -> 30.96 | AF88: =ROUND(((EV88*1.15)),2) -> 784.15 | AG88: =ROUND((AP88),2) -> 0 | AH88: =((EW88*1.15)) -> 81.512 | AI88: =((EX88*1.25)) -> 3.475 | AJ88: =ROUND((AS88),2) -> 0 | AK88: 1713.34 | AL88: 979.7 | AM88: 51.77 | AN88: 24.77 | AO88: 681.87 | AP88: 0 | AQ88: 70.88 | AR88: 2.78 | AS88: 0 | AT88: 105 | AU88: 55 | AV88: 1 | AW88: 1 | AZ88: 6.56 | BA88: 6.56 | BB88: 6.56 | BC88: 6.56 | BH88: 0 | BI88: 1 | BJ88: ФЕР-2001, 15-02-001-01, приказ Минстроя России №1039/пр от 30.12.2016г. | BM88: 15001 | BN88: 0 | BP88: 0 | BQ88: 2 | BR88: 0 | BS88: 6.56 | BT88: 1 | BU88: 1 | BV88: 1 | BW88: 1 | BX88: 1 | BZ88: 105 | CA88: 55 | CF88: 0 | CG88: 0 | CM88: 0 | CN88: Поправка: МДС 81-35.2004, п.4.7 Наименование: Работы, выполняемые при реконструкции зданий и сооружений работы, аналогичные технологическим процессам в новом строительстве (в том числе возведение новых конструктивных элементов) стоимость которых определена по соответствующим сборникам ФЕР, кроме сборника № 46 «Работы при реконструкции зданий и сооружений» | CO88: 0 | CP88: =(P88+Q88+S88) -> 7916.94 | CQ88: =AC88*BC88 -> 6426.832 | CR88: =AD88*BB88 -> 424.4976 | CS88: =AE88*BS88 -> 203.0976 | CT88: =AF88*BA88 -> 5144.024 | CU88: =AG88 -> 0 | CV88: =AH88 -> 81.512 | CW88: =AI88 -> 3.475 | CX88: =AJ88 -> 0 | CY88: =(((S88+R88)*AT88)/100) -> 3705.555 | CZ88: =(((S88+R88)*AU88)/100) -> 1941.005 | DE88: )*1,25 | DF88: )*1,25 | DG88: )*1,15 | DI88: )*1,15 | DJ88: )*1,25 | DN88: 0 | DO88: 0 | DP88: 1 | DQ88: 1 | DU88: 1005 | DV88: 100 м2 | DW88: 100 м2 | DX88: 100 | EE88: 39174529 | EF88: 2 | EG88: Общестроительные работы | EH88: 0 | EJ88: 1 | EK88: 15001 | EL88: Отделочные работы | EM88: ФЕР-15 | EO88: Поправка: МДС 81-35.2004, п.4.7 | EQ88: 0 | ER88: 1713.34 | ES88: 979.7 | ET88: 51.77 | EU88: 24.77 | EV88: 681.87 | EW88: 70.88 | EX88: 2.78 | EY88: 0 | FQ88: 0 | FR88: =ROUND(IF(AND(BH88=3,BI88=3),P88,0),2) -> 0 | FS88: 0 | FX88: 105 | FY88: 55 | GD88: 0 | GF88: -1553779397 | GG88: 1 | GH88: 1 | GI88: 4 | GJ88: 0 | GK88: =ROUND(R88*(R12)/100,2) -> 0 | GL88: =ROUND(IF(AND(BH88=3,BI88=3,FS88<>0),P88,0),2) -> 0 | GM88: =ROUND(O88+X88+Y88+GK88,2)+GX88 -> 13563.51 | GN88: =IF(OR(BI88=0,BI88=1),ROUND(O88+X88+Y88+GK88,2),0) -> 13563.51 | GO88: =IF(BI88=2,ROUND(O88+X88+Y88+GK88,2),0) -> 0 | GP88: =IF(BI88=4,ROUND(O88+X88+Y88+GK88,2)+GX88,0) -> 0 | GR88: 0 | GS88: 3 | GT88: 0 | GV88: =ROUND(GT88,2) -> 0 | GW88: 1 | GX88: =ROUND(GV88*GW88*I88,2) -> 0 | HA88: 0 | HB88: 0 | IK88: 0
A89: 17 | B89: 1 | C89: =ROW(SmtRes!A207) -> 207 | D89: =ROW(EtalonRes!A189) -> 189 | E89: 20 | F89: 11-01-011-03 | G89: Устройство стяжек бетонных толщиной 20 мм | H89: 100 м2 | I89: =ROUND(74.8/100,9) -> 0.748 | J89: 0 | O89: =ROUND(CP89,2) -> 1804.05 | P89: =ROUND(CQ89*I89,2) -> 41.9 | Q89: =ROUND(CR89*I89,2) -> 206.33 | R89: =ROUND(CS89*I89,2) -> 84.15 | S89: =ROUND(CT89*I89,2) -> 1555.82 | T89: =ROUND(CU89*I89,2) -> 0 | U89: =CV89*I89 -> 30.4062 | V89: =CW89*I89 -> 0.94996 | W89: =ROUND(CX89*I89,2) -> 0 | X89: =ROUND(CY89,2) -> 2017.16 | Y89: =ROUND(CZ89,2) -> 1229.98 | AA89: 39570879 | AB89: =ROUND((AC89+AD89+AF89),2) -> 367.66 | AC89: =ROUND((ES89),2) -> 8.54 | AD89: =ROUND((((ET89)-(EU89))+AE89),2) -> 42.05 | AE89: =ROUND((EU89),2) -> 17.15 | AF89: =ROUND((EV89),2) -> 317.07 | AG89: =ROUND((AP89),2) -> 0 | AH89: =(EW89) -> 40.65 | AI89: =(EX89) -> 1.27 | AJ89: =ROUND((AS89),2) -> 0 | AK89: 367.66 | AL89: 8.54 | AM89: 42.05 | AN89: 17.15 | AO89: 317.07 | AP89: 0 | AQ89: 40.65 | AR89: 1.27 | AS89: 0 | AT89: 123 | AU89: 75 | AV89: 1 | AW89: 1 | AZ89: 6.56 | BA89: 6.56 | BB89: 6.56 | BC89: 6.56 | BH89: 0 | BI89: 1 | BJ89: ФЕР-2001, 11-01-011-03, приказ Минстроя России №1039/пр от 30.12.2016г. | BM89: 11001 | BN89: 0 | BP89: 0 | BQ89: 2 | BR89: 0 | BS89: 6.56 | BT89: 1 | BU89: 1 | BV89: 1 | BW89: 1 | BX89: 1 | BZ89: 123 | CA89: 75 | CF89: 0 | CG89: 0 | CM89: 0 | CO89: 0 | CP89: =(P89+Q89+S89) -> 1804.05 | CQ89: =AC89*BC89 -> 56.0224 | CR89: =AD89*BB89 -> 275.848 | CS89: =AE89*BS89 -> 112.504 | CT89: =AF89*BA89 -> 2079.9792 | CU89: =AG89 -> 0 | CV89: =AH89 -> 40.65 | CW89: =AI89 -> 1.27 | CX89: =AJ89 -> 0 | CY89: =(((S89+R89)*AT89)/100) -> 2017.1631 | CZ89: =(((S89+R89)*AU89)/100) -> 1229.9775 | DN89: 0 | DO89: 0 | DP89: 1 | DQ89: 1 | DU89: 1005 | DV89: 100 м2 | DW89: 100 м2 | DX89: 100 | EE89: 39174504 | EF89: 2 | EG89: Общестроительные работы | EH89: 0 | EJ89: 1 | EK89: 11001 | EL89: Полы | EM89: ФЕР-11 | EQ89: 0 | ER89: 367.66 | ES89: 8.54 | ET89: 42.05 | EU89: 17.15 | EV89: 317.07 | EW89: 40.65 | EX89: 1.27 | EY89: 0 | FQ89: 0 | FR89: =ROUND(IF(AND(BH89=3,BI89=3),P89,0),2) -> 0 | FS89: 0 | FX89: 123 | FY89: 75 | GD89: 0 | GF89: 1315376555 | GG89: 1 | GH89: 1 | GI89: 4 | GJ89: 0 | GK89: =ROUND(R89*(R12)/100,2) -> 0 | GL89: =ROUND(IF(AND(BH89=3,BI89=3,FS89<>0),P89,0),2) -> 0 | GM89: =ROUND(O89+X89+Y89+GK89,2)+GX89 -> 5051.19 | GN89: =IF(OR(BI89=0,BI89=1),ROUND(O89+X89+Y89+GK89,2),0) -> 5051.19 | GO89: =IF(BI89=2,ROUND(O89+X89+Y89+GK89,2),0) -> 0 | GP89: =IF(BI89=4,ROUND(O89+X89+Y89+GK89,2)+GX89,0) -> 0 | GR89: 0 | GS89: 3 | GT89: 0 | GV89: =ROUND(GT89,2) -> 0 | GW89: 1 | GX89: =ROUND(GV89*GW89*I89,2) -> 0 | HA89: 0 | HB89: 0 | IK89: 0
